Workbook
Name OLE_LINK1: Instructivo!$B$19

Sheet Instructivo
B1: PROCESO PROTECCIÓN FORMATO DE SEGUIMIENTO FINANCIERO MODALIDADES DE PROTECCIÓN | I1: F2.G28.P | J1: 45428
I2: Versión 4 | J2: Página 1 de 1
I3: Clasificación de la Información: Pública
A5: INSTRUCCIONES DE DILIGENCIAMIENTO
A6: Tener en cuenta: Ninguna de la casillas de este formato puede tener cifras negativas, por favor verificar antes de que sea firmado por las partes.
A7: PRESUPUESTO E INFORME DE INGRESOS Y GASTOS
A8: Este formato está diseñado para la realización del seguimiento financiero durante la vigencia del contrato de aportes.
A10: PRESUPUESTO
A11: FORMATO EN COP-PESOS COLOMBIANOS
A12: ASPECTOS A TENER EN CUENTA AL MOMENTO DE DILIGENCIAR EL PRESUPUESTO INICIAL
A14: Para diligenciar el archivo de presupuesto se realiza una proyección de los recursos que se ejecutarán en cada rubro, ya sea por histórico (en el caso en que la modalidad, medida o sanción ya lleve más de un periodo contractual) o por proyección, según la cantidad de cupos contratados y los gastos para el funcionamiento mensual. Este presupuesto debe cumplir con las orientaciones establecidas por el ICBF y la normatividad vigente. Se debe reportar el detalle de los rubros que se requieran para dar claridad a la distribución de los recursos que se utilizarán en la vigencia del contrato.
A19: PRESUPUESTO | B19: El presupuesto debe ser firmado por el contador y/o revisor fiscal (cuando esté obligado a tenerlo) y el representante legal. Debe presentarse durante el primer mes de ejecución del contrato para la aprobación por parte del supervisor.
B21: Es una herramienta flexible que permite ser ajustado durante la ejecución del contrato, dependiendo de la gestión administrativa; en este sentido, en las hojas de seguimiento se encuentran las columnas de adición (2) y disminución (3) del presupuesto.
B24: El presupuesto de ingresos y gastos debe evidenciar la correspondencia entre los dineros que ingresan a la entidad y los gastos efectuados de manera mensual, de acuerdo con lo establecido en los lineamientos correspondientes a la modalidad o modalidades contratadas.
A27: ALISTAMIENTO | B27: Recurso asignado para la prestación del servicio mes a mes, únicamente en los gastos definidos en los clasificadores de costo, exceptuando los que realizan por adición al contrato. Consiste en un giro por el valor total de los cupos contratados, al iniciar el contrato, el cual se mantiene durante toda la vigencia del contrato y permite a los operadores cubrir los gastos generados durante la prestación del primer mes de servicio, sin que tengan que ejecutarlo con recursos propios. El giro de alistamiento equivale al valor máximo de ejecución mensual contratado.
A33: DEFINICIÓN DE LOS RUBROS CONTENIDOS EN EL PRESUPUESTO | B33: Los recursos financieros establecidos en el contrato de aporte suscrito con el operador para el desarrollo de las diferentes modalidades, se invertirán en su totalidad para dar respuesta al objeto y obligaciones contratadas, teniendo en cuenta el cumplimiento de los aspectos siguientes:
B37: 1. En el presupuesto de ingresos se incluyen los ítems "Objeto del ingreso", en los cuales se consignan todas las fuentes de ingreso con las que cuente el contratista para el desarrollo de las modalidades, medidas o sanciones.
B39: 2. En el presupuesto de gastos se discriminan ítems "Objeto del gasto" definidos por el ICBF, para ejecutarse con los recursos del contrato. Adicionalmente, se incluyen recursos propios o recursos entregados por otra entidad pública o privada (cuando se cuente con ellos) para el desarrollo de las modalidades, medidas o sanciones. Este objeto de gasto esta distribuido de la manera siguiente:
B43: 1. Talento Humano
B44: 2. Gastos Niñas, Niños y Adolecentes
B45: 3. Gastos Generales y Administrativos
B46: Tanto los ingresos como los gastos cuentan con rubros específicos en los cuales se registran los recursos con los que cuenta el operador y sus respectivas salidas, destinadas a la prestación del servicio. Estas se definen de la manera siguiente:
A49: ESTRUCTURA DEL PRESUPUESTO INICIAL
A50: ENCABEZADO
A51: Regional: | B51: Registre la región o centro zonal al que se refiere el contrato | G51: Entidad contratista: | H51: Registre la Razón Social del Operador o contratista
A52: Centro Zonal: | G52: NIT. | H52: Registre el Número de Idenificacion Tributaria
A53: Municipio: | B53: Registre la ciudad o municipio al cual se refiere este contrato | G53: Contrato No. | H53: Registre el número de contrato
A54: VALOR POR MODALIDAD | G54: VALOR POR ALISTAMIENTO
A55: Valor cupo mes según modalidad Vigencia 2.02_ | G55: Período o mes a girar de alistamiento según minuta : | I55: Digite el mes o período según corresponda
A56: Modalidadad | B56: Registre el valor del cupo de acuerdo al valor establecido en los Lineamientos de programación y a la vigencia contractual de acuerdo a la modalidad (es), tener presente que si el valor esta con decimales estos deben ser registrados dentro del formato. El formato tiene capacidad para registrar 6 modalidades las cuales van en las casillas del (1) al ( 6) | G56: Valor del Alistamiento VIGENCIA : | I56: No registrar, el sistema calculara automáticamente el valor de la celda
G57: Adiciones Rubro 111-112-114: (Celda Informativa) | I57: No registrar, el sistema calculara automáticamente el valor de la celda.
G58: Meses del contrato o periodo proporcional ( según corresponda): | I58: Registre el numero de meses de vigencia del contrato. Para calcular periodos inferiores a un mes, utiliza la regla de tres simple. Por ejemplo, si el primer mes es de 15 días, registra 0.5 meses de vigencia.
A59: Costo Fijo: | B59: Registre el valor del cupo de acuerdo al valor establecido en los Lineamientos de programación y a la vigencia contractual | G59: Total Desembolso: | I59: No registrar, el sistema calculará automáticamente el valor de la celda de acuerdo al periodo contratual,
A60: VALOR CONTRATO
A61: Diligencia de manera completa la siguiente información
A62: Modalidades | B62: Coloque el nombre de la modalidad(es) contratadas
A63: Licencia de Funcionamiento | B63: Registre el número completo de Resolución de Licencia de Funcionamiento
A64: Vencimiento Licencia de Funcionamiento | B64: Registre la fecha del vencimiento de la Resolución de Licencia de Funcionamiento (DD-MM-YY)
A65: Cupos Contratados | B65: Registre por cada modalidad la cantidad de cupos contratados
A66: Meses Vigencia | B66: Registrar el número de meses de vigencia del contrato. Para calcular periodos inferiores a un mes, utiliza la regla de tres simple. Por ejemplo, si el primer mes es de 15 días, registra 0.5 meses de vigencia.
A67: Valor total contrato por Modalidad | B67: No Registrar, el sistema calculara automáticamente el valor de la celda
A68: PRESUPUESTO DE INGRESOS
A69: 1. OBJETO DE INGRESO
A70: Se incluyen las fuentes de ingreso en las cuales el contratista puede registrar los recursos asignados, junto con los apotes adicionales por el ICBF, cuando cuente con ellos, para cubrir los gastos generados durante la vigencia del contrato. Los rubros correspondientes al ingreso son los siguientes:
A72: APORTES DEL ICBF | B72: Es el recurso que el ICBF destina para la prestación del servicio, de acuerdo con los clasificadores de costo de cada modalidad, medida o sanción. En este rubro también se registran los recursos provenientes de adiciones al contrato.
A74: ADICIONES | B74: 111 | C74: 112 | D74: 114 | E74: Se registran en el presupuesto inicial, cuando hacen parte del presupuesto desde el inicio del contrato o cuando se haga efectiva la adición.
A75: DONACIONES | B75: La entrega de las donaciones a la entidad contratista se puede dar en especie o dinero. En el caso en que esta sea entregada en especie se debe estimar su valor en el mercado, para el registro contable. Si es entregada en dinero, debe contar con el soporte financiero, ya sea a través de consignación, cheque u otros. Su utilización debe ser destinada para el cumplimiento del objeto del contrato y debe contar con los soportes establecidos en la ley. Las donaciones solo se registran en el informe de seguimiento financiero, en el mes que se reciben, no se deben registrar en el presupuesto inicial a menos que se cuente con ella desde la firma del contrato.
A78: (Cuando Aplique)
A81: RENDIMIENTOS FINANCIEROS | B81: Se reintegran al ICBF los recursos por concepto de rendimientos financieros generados en las cuentas de ahorro durante la ejecución del contrato.Se debe registrar mes a mes el valor de los rendimientos financieros en el formato de seguimiento financiero, en la columna 2 adición y, cuando se haga el reintegro efectivo, se registra en la columna 3 disminución del rubro en mención, sin afectar o registrar el ingreso en la columna 6 (ingresos del mes).
A83: ( Cuando Aplique)
A85: APORTES DE LA INSTITUCIÓN | B85: Aportes propios del operador de servicio, que se utilizan para cubrir gastos adicionales a los que contemplan los manuales operativos para la modalidad y la atención de los niños, niñas, adolescentes y jóvenes en el cumplimiento del objeto del contrato. Este recurso se registra en el informe de seguimiento financiero en el mes que se realiza el aporte, en la celda de adiciones y su gasto en el rubro correspondiente en la celda de disminuciones; se deben evidenciar los soportes del origen del recurso y del gasto específico para el cual fue destinado el recurso. Estos aportes deben estar previamente aprobados por el supervisor.
A88: (Cuando Aplique)
A90: OTROS INGRESOS | B90: Los aportes aquí consignados serán destinados para el mejoramiento de la atención de los niños, niñas y adolescentes según la modalidad. En ellos están contenidos los ingresos obtenidos por la producción de bienes o servicios, el alquiler del bien inmueble, aportes recibidos por otra entidad pública o privada, entre otros.
A93: (Cuando Aplique) | B93: Estos ingresos serán utilizados en gastos diferentes a los establecidos en los clasificadores del costo, es decir, en la adquisición de bienes o servicios como por ejemplo para cubrir talento humano diferente al estipulado en las tablas u otros gastos no cubiertos por el ICBF y requeridos para el cumplimiento del servicio contratado.
B96: Este recurso se registra en el informe de seguimiento financiero en el mes que se realiza el aporte en la celda de adiciones y su gasto en el rubro correspondiente en la celda de disminuciones; se deben evidenciar los soportes del origen del recurso y del gasto específico para el cual fue destinado el recurso.
A100: PRESUPUESTO DE GASTOS
A101: 2. OBJETO DE GASTOS
A102: Este aspecto cuenta con 3 componentes para registrar los gastos efectuados mensualmente de acuerdo con la modalidad, medida o sanción contratada y según lo exigido en el lineamiento. Dichos componentes están distribuidos de la manera siguiente:
A105: 1. TALENTO HUMANO
A106: TALENTO HUMANO | B106: Se registra la información del personal requerido y contratado, de acuerdo con lo establecido para cada modalidad, medida o sanción, según se define en las tablas de talento humano contenidas en los manuales operativos. También se incluye el personal vinculado a la modalidad, contratado con recursos del operador de servicio o de un tercero y que prestan atención directa a los niños, niñas y adolescentes.
B110: A nivel del informe de ingresos y gastos, si se contrata personal con recursos de terceros se registra el recurso por el rubro de otros ingresos y el gasto se registra en el rubro de otros gastos del ítem de (talento humano).
B112: Para el caso de contratos por prestación de servicios solo se reconocen honorarios.
A113: IMPLEMENTACIÓN SISTEMA | B113: En este rubro se registra el talento humano requerido para el Sistema Integrado de Gestión, para cada uno de los ejes del sistema; dicho talento humano, se puede contratar por horas, días o semanas, según la necesidad justificada en cada uno de los ejes. Este talento humano debe contar con las certificaciones académicas y experiencia relacionados con los ejes del SIGE para el cual se contrate, con previa aprobación del supervisor del contrato.
A115: INTEGRADO DE GESTIÓN
A118: 2.GASTOS NIÑOS, NIÑAS Y ADOLECENTES
A119: Los rubros aquí contenidos, reflejan los recursos destinados a la atención directa de los niños, niñas y adolescentes, de acuerdo con lo definido en los lineamientos.
A121: ALIMENTACIÓN | B121: En este rubro se contempla el gasto de alimentación según los tiempos de comida definidos para la modalidad, medida o sanción, de acuerdo con lo establecido en la minuta de alimentos, para luego ser proyectado en el presupuesto inicial para su ejecución en la vigencia contractual.El transporte requerido para el traslado de alimentos el día que se realiza la compra se puede cargar a este rubro, teniendo en cuenta que no se reconoce el gasto si el transporte es de la institución o contratado con terceros
A126: EMERGENCIA Y BOTIQUÍN | B126: Con cargo a este rubro se pueden adquirir los elementos de botiquín y medicamentos no incluidos en el Plan de Beneficios de Salud, en casos de emergencias o de apremio. Servicio de traslado en ambulancia para urgencias o emergencias vitales, en centros de acogimiento residencial, medidas privativas de la libertad, centro de emergencia e internado RAJ. En este último caso se debe contar con el soporte de la gestión correspondiente por parte del operador en la cual se evidencia la no entrega por parte del sistema de salud y la gestión con la autoridad administrativa para que realice el trámite requerido para garantizar la entrega del medicamento.
A129: (Medicamentos no incluidos en el POS)
A131: EDUCACIÓN (DOTACIÓN ESCOLAR, MATERIAL PEDAGÓGICO Y DE ASEO ESCOLAR) | B131: Estos recursos están destinados a la adquisición de los elementos establecidos en los manuales operativos, de acuerdo con las modalidades de Restablecimiento de Derechos. medidas y sanciones del Sistema de Responsabilidad Penal a las que les aplican estos rubros,
A133: DOTACIÓN PERSONAL | B133: Se registra el gasto correspondiente a la adquisición de dotación personal de acuerdo con lo establecido en el manual operativo para las modalidades, medidas y sanciones que aplica.
A135: DOTACIÓN DE ASEO E HIGIENE PERSONAL | B135: Este rubro contempla lo correspondiente a la adquisición de dotación de los elementos de aseo e higiene personal, de acuerdo con lo establecido en el manual operativo para cada modalidad, medida o sanción.
A137: RECREACIÓN | B137: Recurso destinado a las actividades recreativas y al traslado de los niños, niñas y adolescentes. Incluye entradas a eventos y refrigerios, celebración mensual de cumpleaños de acuerdo con lo definido para la modalidad. Aplica para las modalidades, medidas y sanciones que contemplen este clasificador.
A139: DOTACION LÚDICO DEPORTIVA | B139: Recursos destinados a la reposición de los elementos que, por el uso o circunstancias adversas debidamente justificadas, requieren ser reemplazados, previa autorización del supervisor de contratos
A141: TRANSPORTES PARA NIÑOS, NIÑAS Y ADOLECENTES | B141: Recurso destinado para el transporte de los niños, niñas y adolescentes, de acuerdo con las particularidades definidas en las modalidades, medidas o sanciones para las que aplique este rubro.
A143: CENTROS DE INTERÉS | B143: Recursos destinados para la adquisición de los elementos requeridos para el desarrollo de los talleres que la entidad contratista haya registrado en su PAI. Aplica solo para SRPA.
A145: ACCIONES COMPLEMENTARIAS PARA LA GESTIÓN EN EL RESTABLECIMIENTO DE DERECHOS Y/O ADMINISTRACIÓN DE JUSTICIA | B145: Recursos no incluidos en el valor cupo mes, cuyos objetos de gasto se definen en los Lineamientos de programación de metas sociales y financieras y en el procedimiento de acompañamiento hospitario. Todo lo concerniente al centro de costos 112, se registra por adiciones al contrato en el rubro de Aportes ICBF. Recuerda se registra en el presupuesto inicial, cuando hacen parte del presupuesto desde el inicio del contrato o cuando se haga efectiva la adición.
A149: ( Centro de Costos 112)
A150: ORIENTACIÓN PARA LA VIDA PERSONAL, | B150: Recursos no incluidos en el valor cupo mes, cuyos objetos de gasto se definen en los lineamientos de programación. Todo lo concerniente al Subproyecto 111, se registra por adiciones al contrato en el rubro de Aportes ICBF.Recuerda se registra en el presupuesto inicial, cuando hacen parte del presupuesto desde el inicio del contrato o cuando se haga efectiva la adición.
A151: SOCIAL, PROFESIONAL Y VOCACIONAL
A153: ( Centro de Costos 111)
A154: DOTACION BÁSICA | B154: Recursos no incluidos en el valor cupo mes, cuyos objetos de gasto se definen en los lineamientos de programación.Recuerda se registra en el presupuesto inicial, cuando hacen parte del presupuesto desde el inicio del contrato o cuando se haga efectiva la adición.
A155: (aplica por reposición o adición al contrato)
A156: (Centros de costos 114)
A157: DOTACIÓN MENAJE ALIMENTACIÓN | B157: Recursos destinados a la reposición de los elementos que por el uso o circunstancias adversas debidamente justificadas, requieren ser reemplazados.
A158: (por reposición )
A159: ENCUENTROS FAMILIARES | B159: Recursos adicionales al valor cupo mes para la modalidad casa de protección y hogar sustituto tutor de acuerdo con lo definido en Manual operativo de modalidades y el servicio para la atención de niñas, niños y adolescentes, con proceso administrativo de restablecimiento de derechos y el lineamiento de programación.
A160: (Casa Protección )
A162: OTROS GASTOS (OTROS INGRESOS) | B162: Gastos que pueden ser utilizados para la prestación del servicio por parte del operador, que no hacen parte de los recursos del contrato de aporte. Los recursos utilizados para tales gastos son los registrados en Otros Ingresos.
A165: 3. GASTOS GENERALES Y ADMINISTRATIVOS
A166: Los rubros aquí contenidos, reflejan los recursos destinados a los costos y gastos de la operación del servicio, de acuerdo con lo definido en los lineamientos de programación, guia de requisitos legales y financieros y manuales operativos.
A169: SERVICIOS PÚBLICOS | B169: Recursos destinados para cubrir los gastos de los servicios básicos básicos de acueducto, alcantarillado, gas, energía eléctrica y sistema de comunicación (internet, telefonía fija y móvil) de la sede o sedes donde se presta el servicio.
A171: MANTENIMIENTO Y REPARACIONES INSTALACIONES LOCATIVAS | B171: Por medio de este rubro se reconocen los gastos de mantenimiento y reparación de las instalaciones locativas donde se desarrolla la atención. Con cargo a este rubro no se podrá realizar mejoras, adecuaciones o modificaciones.
A173: UTILIZACIÓN DE INSTALACIONES EN AMBIENTES SANOS | B173: Gasto que cubre el derecho de los niños, niñas y adolescentes, a utilizar las instalaciones donde se desarrolla la atención, en un ambiente sano y adecuado. Para la legalización de cuentas se realizará con una nota contable, hasta el 1% del valor comercial del inmueble de acuerdo con lo establecido en el Artículo 18 de la Ley 820 de 2003. No aplica para inmuebles en comodato.
A175: Y ADECUADOS
B177: Gasto que cubre el mantenimiento o reparación de los elementos de dotación institucional que aporta el contratista para el desarrollo de la atención. (La dotación institucional debe aportarla el operador y no puede cargarse a ningún clasificador del costo establecido para las modalidades de atención). No se reconoce el alquiler de la dotación institucional con los recursos del contrato de aporte (La dotación institucional debe aportarla el operador y no puede cargarse a ningún clasificador del costo establecido para las modalidades de atención)
A178: REPARACIÓN Y MANTENIMIENTO DE
A179: DOTACIÓN INSTITUCIONAL
A182: PAPELERÍA | B182: Rubro destinado a reconocer los gastos de papelería y útiles de oficina no devolutivos. No se contempla software, antivirus o hardware
A184: ASEO | B184: Rubro destinado a reconocer los gastos de elementos de aseo utilizados en las instalaciones donde se desarrolla el servicio.
...

Sheet ACTA DE INFORME
B3: SISTEMA DE SUPERVISIÓN DE LOS CONTRATOS DE APORTE
B4: SUSCRITOS POR EL ICBF
B6: ACTA DE INFORME FINANCIERO
B8: RESTABLECIMIENTO DE DERECHOS Y DE CONFLICTO CON LA LEY – SRPA.
A11: Regional o Seccional | C11: Centro zonal
A12: Nombre de la entidad contratista
A13: Contrato No. | D13: NIT.
A14: Dirección | C14: Tel. | E14: Ciudad
A15: Fecha de presentación | B15: Día | C15: Mes | E15: Año
A17: 1. Situación encontrada: (Describa en forma detallada los resultados y hallazgos de la revisión, de acuerdo con lo establecido en el manual de legalización.)
A22: 2. Recomendaciones: (Preste la asesoría necesaria para que se superen las dificultades identificadas y se mantengan las fortalezas detectadas)
A27: 3, Compromisos: (Establezca claramente, qué tipo de actividades deberá desarrollar la entidad contratista para subsanar los hallazgos identificados y el tiempo en que deberá resolverlos)
A32: Nombres y apellidos del representante legal | D32: Firma y No. de cédula
A35: Nombres y apellidos del tesorero(a) | D35: Firma y No. de cédula
A38: Nombres, apellidos y cargo del responsable de la revisión | D38: Firma y No. de cédula

Sheet En Letras
A1: VALOR | B1: EXPRESION EN LETRAS
A2: =INT(10*RAND()) -> 9 | B2: =enletras(A2) -> #NAME?
A3: =INT(10*RAND()) -> 6 | B3: =enletras(A3) -> #NAME?
A4: =INT(100*RAND()) -> 5 | B4: =enletras(A4) -> #NAME?
A5: =INT(100*RAND()) -> 18 | B5: =enletras(A5) -> #NAME?
A6: =INT(1000*RAND()) -> 639 | B6: =enletras(A6) -> #NAME?
A7: =INT(1000*RAND()) -> 886 | B7: =enletras(A7) -> #NAME?
A8: =INT(10000*RAND()) -> 2219 | B8: =enletras(A8) -> #NAME?
A9: =INT(100000*RAND()) -> 21843 | B9: =enletras(A9) -> #NAME?
A10: =INT(1000000*RAND()) -> 417549 | B10: =enletras(A10) -> #NAME?
A11: =INT(10000000*RAND()) -> 7736296 | B11: =enletras(A11) -> #NAME?
A12: =INT(100000000*RAND()) -> 13214693 | B12: =enletras(A12) -> #NAME?
A13: =INT(1000000000*RAND()) -> 237952109 | B13: =enletras(A13) -> #NAME?
A14: =INT(100000*RAND())/100 -> 627.22 | B14: =enletras(INT(A14))&IF(INT(A14)<>A14," CON "&enletras((A14-INT(A14))*100),"") -> #NAME?
A15: =INT(1000000*RAND())/100 -> 3.14 | B15: =enletras(INT(A15))&IF(INT(A15)<>A15," CON "&enletras(A15*100-INT(A15)*100),"") -> #NAME?
A16: =INT(10000000*RAND())/100 -> 32173 | B16: =enletras(INT(A16))&IF(INT(A16)<>A16," CON "&enletras(A16*100-INT(A16)*100),"") -> #NAME?
A17: =INT(100000000*RAND())/100 -> 29071.52 | B17: =enletras(INT(A17))&IF(INT(A17)<>A17," CON "&enletras(A17*100-INT(A17)*100),"") -> #NAME?

Sheet PRESUPUESTO
A1: Encabezado | B1: PRESUPUESTO
B2: Regional: | C2: CUNDINAMARCA | F2: Entidad contratista: | I2: FUNDACION SAN NICOLAS
B3: Centro Zonal: | C3: CUNDINAMARCA | F3: NIT. | I3: 901.604.401-1
B4: Municipio: | C4: CHIA | F4: Contrato No. | I4: 25004852025
A5: Valor por Modalidad | B5: (1) | C5: (2) | D5: (3) | E5: (4) | F5: (5) | G5: (6) | H5: Valor Cupo Mes Según Modalidad Vigencia 2024 VALORES CORTE ENERO 2025 MES 2
B6: Valor Cupo Mes Según Modalidad Vigencia (DICIEMBRE-2024) MES 1 | H6: =+B7 -> 0 | I6: =+B11 -> 482599 | J6: 0 | K6: 0 | L6: 0 | M6: 0
B7: 0 | C7: 0 | D7: 0 | E7: 0 | F7: 0 | G7: 0 | H7: Período o mes a girar de alistamiento según minuta | I7: DICIEMBRE | K7: Valor del Alistamiento 2024: | M7: =(B7*J15)*K15 -> 0
B8: Costo Fijo Modalidad Vigencia 2024 | H8: ADICIONES | K8: Rubro 112 | M8: =+K25 -> 0
B9: 0 | C9: 0 | D9: 0 | E9: 0 | F9: 0 | G9: 0 | K9: Rubro 111 | M9: =+K26 -> 0
B10: Valor Cupo Mes Según Modalidad Vigencia (FEBRERO - 2025) MES 3 EN ADELANTE | K10: Rubro 114 | M10: =+K27 -> 0
B11: 482599 | C11: 0 | D11: 0 | E11: 0 | F11: 0 | G11: 0 | H11: Período o mes a girar de alistamiento según minuta | I11: ENERO | K11: Valor del Alistamiento 2025: | M11: =B11*J15+C11*J16+D11*J17+E11*J18+F11*J19+G11*J20 -> 19303960
B12: Costo Fijo Modalidad Vigencia 2025 | H12: TOTAL DESEMBOLSO | K12: 2024 | M12: 0
B13: 0 | C13: 0 | D13: 0 | E13: 0 | F13: 0 | G13: 0 | K13: 2025 | M13: =+M11+M8+M9+M10 -> 19303960
A14: Valor contrato | B14: NOMBRE DE LA MODALIDAD | H14: Licencia de funcionamiento Res. No. | I14: Vencimiento licencia de funcionamiento | J14: Cupos contratados | K14: Meses Vigencia 2024 | L14: Meses Vigencia 2025 | M14: Valor total contrato por modalidad
B15: (1) INTERVENCION APOYO PSICOLOGICO | J15: 40 | K15: 0 | L15: 6 | M15: =(J15*K15*B7)+(J15*L15*B11) -> 115823760
B16: (2) | J16: 0 | K16: 0 | L16: 0 | M16: =(J16*K16*C7)+(J16*L16*C11) -> 0
B17: (3) | J17: 0 | K17: 0 | L17: 0 | M17: =(J17*K17*D7)+(J17*L17*D11) -> 0
B18: (4) | J18: 0 | K18: 0 | L18: 0 | M18: =(J18*K18*E7)+(J18*L18*E11) -> 0
B19: (5) | J19: 0 | K19: 0 | L19: 0 | M19: =(J19*K19*F7)+(J19*L19*F11) -> 0
B20: (6) | J20: 0 | K20: 0 | L20: 0 | M20: =(J20*K20*G7)+(J20*L20*G11) -> 0
B21: VALOR TOTAL DEL CONTRATO | J21: =SUM(J15:J20) -> 40 | M21: =SUM(M15:M20) -> 115823760
A22: Estructura de Ingresos | B22: CODIGO | C22: 1.PRESUPUESTO DE INGRESOS | K22: 1 | M22: 2
B23: 1 | C23: OBJETO DEL INGRESO | K23: PRESUPUESTO INICIAL VIGENCIA AÑO 2.02 | M23: % PARTICIPACIÓN
B24: 1100 | C24: Aportes ICBF | K24: =+M21 -> 115823760 | M24: =K24/K32 -> 1
B25: 1200 | C25: Acciones complementarias para la gestión en el restablecimiento de derechos y/o administración de justicia (112) | K25: 0 | M25: =K25/K32 -> 0
B26: 1300 | C26: Orientación para la vida personal, social, profesional y vocacional (Subproyecto 111) | K26: 0 | M26: =K26/K32 -> 0
B27: 1400 | C27: Dotación de unidades aplicativas (Centro costos 114) | K27: 0 | M27: =K27/K32 -> 0
B28: 1500 | C28: Donaciones (Cuando aplique) | K28: 0 | M28: =K28/K32 -> 0
B29: 1600 | C29: Rendimientos Financieros (Cuando aplique) | K29: 0 | M29: =K29/K32 -> 0
B30: 1700 | C30: Aportes de la Institución (Cuando aplique) | K30: 0 | M30: =K30/K32 -> 0
B31: 1800 | C31: Otros Ingresos (Cuando aplique) | K31: 0 | L31: 0 | M31: =K31/K32 -> 0
B32: TOTAL PRESUPUESTO DE INGRESOS | K32: =SUM(K24:L31) -> 115823760 | M32: =+K32/K32 -> 1
A33: Estructura de Gastos | B33: CODIGO | C33: 2.PRESUPUESTO DE GASTOS | K33: 1 | M33: 2
B34: 2 | C34: OBJETO DEL GASTO | K34: PRESUPUESTO INICIAL VIGENCIA AÑO 2025 | M34: % PARTICIPACIÓN
B35: 2100 | C35: 1. TALENTO HUMANO
B36: 2101 | C36: Salario | K36: 0 | M36: =K36/K32 -> 0
B37: 2102 | C37: Auxilio de transporte | K37: 0 | M37: =K37/$K$32 -> 0
B38: 2103 | C38: Horas extras y recargo nocturno | K38: 0 | M38: =K38/$K$32 -> 0
B39: 2104 | C39: Cesantías | K39: 0 | M39: =K39/$K$32 -> 0
B40: 2105 | C40: Vacaciones | K40: 0 | M40: =K40/$K$32 -> 0
B41: 2106 | C41: Prima de servicios | K41: 0 | M41: =K41/$K$32 -> 0
B42: 2107 | C42: Intereses/cesantías | K42: 0 | M42: =K42/$K$32 -> 0
B43: 2108 | C43: Aportes parafiscales (SENA, ICBF y Caja de compensación) | K43: 0 | M43: =K43/$K$32 -> 0
B44: 2109 | C44: Aportes salud, pensión y ARL | K44: 0 | M44: =K44/$K$32 -> 0
B45: =+B44+1 -> 2110 | C45: Honorarios | K45: =+Honorarios!J13 -> 69000000 | M45: =K45/$K$32 -> 0.59573269
B46: =+B45+1 -> 2111 | C46: Dotación trabajadores | K46: 0 | M46: =K46/$K$32 -> 0
B47: =+B46+1 -> 2112 | C47: Implementación Sistema Integrado de Gestión | K47: =+Honorarios!J24 -> 3000000 | M47: =K47/$K$32 -> 0.025901421
B48: =+B47+1 -> 2113 | C48: Otros gastos (Otros ingresos) | K48: 0 | M48: =K48/$K$32 -> 0
B49: SUBTOTAL PRESUPUESTO DE GASTOS | K49: =SUM(K36:L48) -> 72000000 | M49: =SUM(M36:M48) -> 0.62163411
B50: 2200 | C50: 2. NIÑOS, NIÑAS Y ADOLECENTES
B51: 2201 | C51: Alimentación | K51: =+'Niños y Niñas'!G10 -> 3360000 | M51: =K51/$K$32 -> 0.029009592
B52: 2202 | C52: Emergencias y botiquín (Medicamentos no incluidos en el POS) | K52: =+'Niños y Niñas'!G11 -> 300000 | M52: =K52/$K$32 -> 0.0025901421
B53: 2203 | C53: Educación (Dotación escolar, material pedagógico y de aseo escolar) | K53: =+'Niños y Niñas'!G12 -> 900000 | M53: =K53/$K$32 -> 0.0077704264
B54: 2204 | C54: Dotación personal | K54: 0 | M54: =K54/$K$32 -> 0
B55: 2205 | C55: Dotación de aseo e higiene personal | K55: 0 | M55: =K55/$K$32 -> 0
B56: 2206 | C56: Recreación | K56: =+'Niños y Niñas'!G13 -> 600000 | M56: =K56/$K$32 -> 0.0051802843
B57: 2207 | C57: Dotación lúdico deportiva (Por reposición) | K57: =+'Niños y Niñas'!G14 -> 720000 | M57: =K57/$K$32 -> 0.0062163411
B58: 2208 | C58: Transporte para niños, niñas y adolescentes | K58: =+'Niños y Niñas'!G15 -> 1650000 | M58: =K58/$K$32 -> 0.014245782
B59: 2209 | C59: Centros de interés - Artes (Solo SRPA) | K59: 0 | M59: =K59/$K$32 -> 0
B60: 2210 | C60: Acciones complementarias para la gestión en el restablecimiento de derechos y/o administración de justicia (Centro de Costos 112) | K60: 0 | M60: =K60/$K$32 -> 0
B61: 2211 | C61: Orientación para la vida personal, social, profesional y vocacional (Centro de Costos 111) | K61: 0 | M61: =K61/$K$32 -> 0
B62: 2212 | C62: Dotación básica (Por reposición o adición al contrato) 114 | K62: =+'Niños y Niñas'!G16 -> 0 | M62: =K62/$K$32 -> 0
B63: 2213 | C63: Dotación menaje alimentación (Por reposición) | K63: 0 | M63: =K63/$K$32 -> 0
B64: 2214 | C64: Encuentros familiares (Casa de Acogida y Casa de Protección) | K64: 0 | M64: =K64/$K$32 -> 0
B65: 2215 | C65: Otros gastos (Otros ingresos) | K65: 0 | M65: =K65/$K$32 -> 0
B66: SUBTOTAL PRESUPUESTO DE GASTOS | K66: =SUM(K51:L65) -> 7530000 | M66: =K66/$K$32 -> 0.065012567
B67: 2300 | C67: 3. GASTOS GENERALES Y ADMINISTRATIVOS
B68: 2301 | C68: Servicios públicos | K68: =+'Gastos Generales'!F8 -> 3000000 | M68: =K68/$K$32 -> 0.025901421
B69: 2302 | C69: Mantenimiento y reparaciones instalaciones locativas | K69: =+'Gastos Generales'!F9 -> 300000 | L69: 0 | M69: =K69/$K$32 -> 0.0025901421
B70: 2303 | C70: Utilización de instalaciones en ambientes sanos y adecuados | K70: =+'Gastos Generales'!F10 -> 21000000 | L70: 0 | M70: =K70/$K$32 -> 0.18130995
B71: 2304 | C71: Reparación y mantenimiento de dotación institucional | K71: =+'Gastos Generales'!F11 -> 780000 | L71: 0 | M71: =K71/$K$32 -> 0.0067343695
B72: 2305 | C72: Papelería | K72: =+'Gastos Generales'!F12 -> 960000 | L72: 0 | M72: =K72/$K$32 -> 0.0082884548
B73: 2306 | C73: Aseo | K73: =+'Gastos Generales'!F13 -> 900000 | L73: 0 | M73: =K73/$K$32 -> 0.0077704264
B74: 2307 | C74: Transporte personal institución para visitas domiciliarias a los hogares y/o traslado de niños, niñas y adolescentes | K74: =+'Gastos Generales'!F14 -> 1470000 | L74: 0 | M74: =K74/$K$32 -> 0.012691696
B75: 2308 | C75: Gravamen a los movimientos financieros (4 por mil) | K75: =+'Gastos Generales'!F15 -> 463290 | L75: 0 | M75: =K75/$K$32 -> 0.0039999565
B76: 2309 | C76: Gastos bancarios (comisiones, transferencias y chequeras) | K76: =+'Gastos Generales'!F16 -> 820470 | L76: 0 | M76: =K76/$K$32 -> 0.0070837797
B77: 2310 | C77: Servicio de contabilidad | K77: =+Honorarios!J18 -> 6600000 | L77: 0 | M77: =K77/$K$32 -> 0.056983127
B78: 2311 | C78: Otros (lo que se requiera para el adecuado desarrollo de la modalidad) | K78: 0 | L78: 0 | M78: =K78/$K$32 -> 0
B79: 2312 | C79: Otros gastos (Otros ingresos) | K79: 0 | L79: 0 | M79: =K79/$K$32 -> 0
B80: SUBTOTAL PRESUPUESTO DE GASTOS | K80: =SUM(K68:L79) -> 36293760 | M80: =SUM(M68:M79) -> 0.31335332
B82: TOTAL PRESUPUESTO DE GASTOS | K82: =K80+K66+K49 -> 115823760 | M82: =M80+M66+M49 -> 1
A83: Firmas | B83: Contador y/o Revisor Fiscal | I83: Representante Legal
B84: MAURICIO RAMIREZ MEDINA | I84: LILIANA PARRA CELIS
B85: Firma | I85: Firma
B87: (1) NOTA - Revisor Fiscal: Si está obligado legalmente a tener revisor fiscal.
B88: (2) NOTA - Tenga en cuenta que si tiene más de 4 modalidades en un sólo contrato, para calcular el alistamiento debe agregar a la fórmula los datos adicionales (valor cupo de la modalidad según vigencia y la cantidad de cupos). La formula sólo toma las primeras 4 filas (fila 11 a 14)

Sheet Honorarios
A2: FUNDACION SAN NICOLAS
A3: PERSONAL HONORARIOS ABRIL 1 AL 30 DE SEPTIEMBRE DE 2.025
A5: ITEM | B5: NOMBRE | C5: CARGO SEGÚN
C6: LINEAMIENTO | D6: ABRL | E6: MAYO | F6: JUNIO | G6: JULIO | H6: AGOSTO | I6: SEPTIEMBRE | J6: TOTAL
A7: 1 | B7: PARRA RODRIGUEZ LUIS ENRIQUE | C7: Coordinador | D7: 2300000 | E7: 2300000 | F7: 2300000 | G7: 2300000 | H7: 2300000 | I7: 2300000 | J7: =SUM(D7:I7) -> 13800000
A8: 2 | B8: PARRA CELIS PAULA ANDREA | C8: A. Administrativo | D8: 1100000 | E8: 1100000 | F8: 1100000 | G8: 1100000 | H8: 1100000 | I8: 1100000 | J8: =SUM(D8:I8) -> 6600000
A9: 3 | B9: VALVUENA ZAPATA LEIDY VIVIANA | C9: Psicólogo | D9: 2300000 | E9: 2300000 | F9: 2300000 | G9: 2300000 | H9: 2300000 | I9: 2300000 | J9: =SUM(D9:I9) -> 13800000
A10: 4 | B10: BENITEZ RAMIREZ JEIMY VIVIANA | C10: Trabajador Social | D10: 2300000 | E10: 2300000 | F10: 2300000 | G10: 2300000 | H10: 2300000 | I10: 2300000 | J10: =SUM(D10:I10) -> 13800000
A11: 5 | B11: GUTIERREZ BARRERA DANIELA | D11: 2300000 | E11: 2300000 | F11: 2300000 | G11: 2300000 | H11: 2300000 | I11: 2300000 | J11: =SUM(D11:I11) -> 13800000
A12: 6 | B12: ROA JIMENEZ ANDERSON YESID | C12: Tecnologo | D12: 1200000 | E12: 1200000 | F12: 1200000 | G12: 1200000 | H12: 1200000 | I12: 1200000 | J12: =SUM(D12:I12) -> 7200000
D13: =SUM(D7:D12) -> 11500000 | E13: =SUM(E7:E12) -> 11500000 | F13: =SUM(F7:F12) -> 11500000 | G13: =SUM(G7:G12) -> 11500000 | H13: =SUM(H7:H12) -> 11500000 | I13: =SUM(I7:I12) -> 11500000 | J13: =SUM(J7:J12) -> 69000000
A15: SERVICIO DE CONTABILIDAD
A16: ITEM | B16: NOMBRE | C16: CARGO
D17: ABRL | E17: MAYO | F17: JUNIO | G17: JULIO | H17: AGOSTO | I17: SEPTIEMBRE | J17: TOTAL
A18: 7 | B18: LUIS ANTONIO CASTILLO RAMOS | C18: Contador | D18: 1100000 | E18: 1100000 | F18: 1100000 | G18: 1100000 | H18: 1100000 | I18: 1100000 | J18: =SUM(D18:I18) -> 6600000
D19: =SUM(D18:D18) -> 1100000 | E19: =SUM(E18:E18) -> 1100000 | F19: =SUM(F18:F18) -> 1100000 | G19: =SUM(G18:G18) -> 1100000 | H19: =SUM(H18:H18) -> 1100000 | I19: =SUM(I18:I18) -> 1100000 | J19: =SUM(J18:J18) -> 6600000
A21: SISTEMA INTEGRADO DE GESTION
A22: ITEM | B22: NOMBRE | C22: CARGO
D23: ABRL | E23: MAYO | F23: JUNIO | G23: JULIO | H23: AGOSTO | I23: SEPTIEMBRE | J23: TOTAL
A24: 8 | B24: HINCAPIE HENRY DANIEL | C24: SIGE | D24: 500000 | E24: 500000 | F24: 500000 | G24: 500000 | H24: 500000 | I24: 500000 | J24: =SUM(D24:I24) -> 3000000
D25: =SUM(D24:D24) -> 500000 | E25: =SUM(E24:E24) -> 500000 | F25: =SUM(F24:F24) -> 500000 | G25: =SUM(G24:G24) -> 500000 | H25: =SUM(H24:H24) -> 500000 | I25: =SUM(I24:I24) -> 500000 | J25: =SUM(J24:J24) -> 3000000

Sheet Niños y Niñas
A3: 2200 - NIÑOS, NIÑAS ADOLESCENTES
A5: FUNDACION SAN NICOLAS
A6: PRESUPUESTO ABRIL1 AL 30 DE SEPTIEMBRE DE 2.025
E8: CUPOS | F8: MENSUAL | G8: SIETE MESES
E9: 40 | F9: 1 | G9: 6
A10: 2201 | B10: Alimentación | E10: 14000 | F10: =+E10*E9 -> 560000 | G10: =+F10*G9 -> 3360000 | H10: Refrigerios niños,niñas ,adolescentes
A11: 2202 | B11: Emergencias y botiquín (Medicamentos no incluidos en el POS) | E11: 0 | F11: 50000 | G11: =+F11*G9 -> 300000 | H11: Medicamentos y situaciones Imprevistas y elementos de botiquin
A12: 2203 | B12: Educación (Dotación escolar, material pedagógico y de aseo escolar) | E12: 0 | F12: 150000 | G12: =+F12*G9 -> 900000 | H12: Cartillas, material pedagogico
A13: 2206 | B13: RECREACION | E13: 0 | F13: 100000 | G13: =+F13*G9 -> 600000 | H13: Salida Recreacional, y eventos para los adolescentes
A14: 2207 | B14: DOTACION LUDICO DEPORTIVA | E14: 0 | F14: 120000 | G14: =+F14*G9 -> 720000 | H14: Material deportivo, y ludico
A15: 2208 | B15: TRANSPORTE NIÑOS Y NIÑAS ADOLESCENTES | E15: 0 | F15: 275000 | G15: =+F15*G9 -> 1650000 | H15: Transportes a los adolescentes.
A16: 2212 | B16: DOTACION BASICA ( Por Reposición o adición) | E16: 0 | F16: 0 | G16: =+F16*G9 -> 0 | H16: Reposición Implementos Dotación por uso y/o deterioro
G18: =SUM(G10:G17) -> 7530000

Sheet Gastos Generales
A2: 2300- GASTOS GENERALES
A3: FUNDACION SAN NICOLAS
A4: PRESUPUESTO ABRIL 1 A SEPTIEMBRE 30 DE 2.025
E6: MES | F6: SEIS MESES
E7: 1 | F7: 6
A8: 2301 | B8: SERVICIOS PUBLICOS | E8: 500000 | F8: =+E8*F7 -> 3000000 | G8: SERVICIOS DE GAS,AGUA ENERGIA, INTERNET
A9: 2302 | B9: MANTENIMIENTO Y REPARACIONES | E9: 50000 | F9: =+E9*F7 -> 300000 | G9: MANTENIMIENTO Y REPARACION DE LAS INSTALACIONES
A10: 2303 | B10: UTLIZACION DE INSTALACIONES EN AMBIENTES SANOS Y ADE | E10: 3500000 | F10: =+E10*F7 -> 21000000 | G10: ARRENDAMIENTOS
A11: 2304 | B11: REPARACION Y MANTENIMIENTO DOTACION INSTITUCIONAL | E11: 130000 | F11: =+E11*F7 -> 780000 | G11: REPARACION Y MANTENIMEINTO IMPRESORAS,COMPUTADORES Y DOTACION INSTITUCIONAL
A12: 2305 | B12: PAPELERIA Y UTILES | E12: 160000 | F12: =+E12*F7 -> 960000 | G12: PAPEL-ESFEROS-TINTAS
A13: 2306 | B13: ASEO | E13: 150000 | F13: =+E13*F7 -> 900000 | G13: IMPLEMENTOS DE ASEO,DETERGENTES, JABONES
A14: 2307 | B14: TRANSPORTE PERSONAL INSTITUCION | E14: 245000 | F14: =+E14*F7 -> 1470000 | G14: TALENTO HUMANO VISITAS DOMICILIARIAS, ADOLESCENTES, CITAS Y MEDIDAS QUE TENGAN MEDIDAS PREVENTIVAS.
A15: 2308 | B15: GRAVAMEN MOV.FINANCIEROS (4x1.000) | E15: 77215 | F15: =+E15*F7 -> 463290 | G15: VALOR CONTRATO $ 115.823.760 / 1.000X4= $ 463.295
A16: 2309 | B16: GASTOS FINANCIEROS | E16: 130000 | F16: =+E16*F7+40470 -> 820470 | G16: IVA+COMISIONES+GASTOS BANCARIOS
F18: =SUM(F8:F17) -> 29693760

Sheet MES 1
A1: DEFINICIÓN DE LOS RUBROS CONTENIDOS EN EL PRESUPUESTO-HOJA DE SEGUIMIENTO (2 DÍAS DE DICIEMBRE - 2024)
B2: Regional | C2: =PRESUPUESTO!C2 -> CUNDINAMARCA | E2: Informe correspondiente al período: | G2: Modalidades: | I2: Cupos contratados | J2: Cupos Ejecutados | L2: Cupos Inejecutados | M2: Valor total pagado por modalidad
B3: Centro Zonal | C3: =PRESUPUESTO!C3 -> CUNDINAMARCA | E3: ABRIL DE 2.025 | G3: =PRESUPUESTO!$B$15 -> (1) INTERVENCION APOYO PSICOLOGICO | I3: =PRESUPUESTO!J15 -> 40 | J3: 0 | L3: =I3-J3 -> 40 | M3: =ROUND((J3*(PRESUPUESTO!B7))+(L3*((PRESUPUESTO!B9)*PRESUPUESTO!B7)),0) -> 0
B4: Municipio | C4: =PRESUPUESTO!C4 -> CHIA | E4: Fecha de elaboración (dd/mm/aa): | G4: =PRESUPUESTO!$B$16 -> (2) | I4: =PRESUPUESTO!J16 -> 0 | J4: 0 | L4: =I4-J4 -> 0 | M4: =ROUND((J4*(PRESUPUESTO!C7))+(L4*((PRESUPUESTO!C7)*PRESUPUESTO!C9)),0) -> 0
B5: Entidad contratista | C5: =PRESUPUESTO!I2 -> FUNDACION SAN NICOLAS | E5: 13 05 2.025 | G5: =PRESUPUESTO!$B$17 -> (3) | I5: =PRESUPUESTO!J17 -> 0 | J5: 0 | L5: =I5-J5 -> 0 | M5: =ROUND((J5*(PRESUPUESTO!D7/30*2))+(L5*((PRESUPUESTO!D7/30*2)*PRESUPUESTO!D9)),0) -> 0
B6: NIT | C6: =PRESUPUESTO!I3 -> 901.604.401-1 | E6: Fecha de presentación (dd/mm/aa): | G6: =PRESUPUESTO!$B$18 -> (4) | I6: =PRESUPUESTO!J18 -> 0 | J6: 0 | L6: =I6-J6 -> 0 | M6: =ROUND((J6*(PRESUPUESTO!E7/30*2))+(L6*((PRESUPUESTO!E7/30*2)*PRESUPUESTO!E9)),0) -> 0
B7: Contrato No. | C7: =PRESUPUESTO!I4 -> 25004852025 | E7: 13 05 2.025 | G7: =PRESUPUESTO!$B$19 -> (5) | I7: =PRESUPUESTO!J19 -> 0 | J7: 0 | L7: =I7-J7 -> 0 | M7: =ROUND((J7*(PRESUPUESTO!F7/30*2))+(L7*((PRESUPUESTO!F7/30*2)*PRESUPUESTO!F9)),0) -> 0
B8: Valor del alistamiento | C8: =+PRESUPUESTO!M7 -> 0 | E8: Vigencia desembolso Alistamiento | G8: =PRESUPUESTO!B20 -> (6) | I8: =PRESUPUESTO!J20 -> 0 | J8: 0 | L8: =I8-J8 -> 0 | M8: =ROUND((J8*(PRESUPUESTO!G7/30*2))+(L8*((PRESUPUESTO!G7/30*2)*PRESUPUESTO!G9)),0) -> 0
B9: Fecha desembolso alistamiento | C9: 45775 | E9: 2025 | G9: VALOR EJECUCIÓN MES ACTUAL | I9: =SUM(I3:I7) -> 40 | J9: =SUM(J3:K8) -> 0 | L9: =SUM(L3:L8) -> 40 | M9: =SUM(M3:N8) -> 0
G10: ADICION | I10: 0 | J10: TOTAL DESEMBOLSO | M10: =+M9+I10 -> 0
A11: CODIGO | B11: EJECUCION DE INGRESOS | C11: 1 | D11: 2 | E11: 3 | F11: 4=(1+2)-3 | G11: 5 | H11: -6 | I11: 7=(5+6) | J11: 8=(7/4) | L11: 9 | N11: 10=(4-7)
A12: 1 | B12: OBJETO DEL INGRESO | C12: Presupuesto inicial | D12: Adición | E12: Disminución | F12: Presupuesto al final del periodo ejecutado | G12: Valor ingresos acumulados | H12: Ingresos - mes 1 | I12: Valor total ingresos | J12: % Aportes recibidos | L12: Ejecucion de Gastos | N12: Total saldo por ingresar
L13: Ingresos Pagados | M13: Cuentas por Cobrar
A14: 1100 | B14: Aportes ICBF | C14: =PRESUPUESTO!K24 -> 115823760 | D14: 0 | E14: =+C8-M3 -> 0 | F14: =C14+D14-E14 -> 115823760 | G14: 0 | H14: 19303960 | I14: =G14+H14 -> 19303960 | J14: =(I14/F14) -> 0.16666667 | L14: 0 | M14: 0 | N14: =F14-I14 -> 96519800
A15: 1200 | B15: Acciones complementarias para la gestión en el restablecimiento de derechos y/o administración de justicia (112) | C15: =+PRESUPUESTO!K25 -> 0 | D15: 0 | E15: 0 | F15: =C15+D15-E15 -> 0 | G15: 0 | H15: 0 | I15: =G15+H15 -> 0 | J15: =(I15/F15) -> #DIV/0! | L15: 0 | M15: 0 | N15: =F15-I15 -> 0
A16: 1300 | B16: Orientación para la vida personal, social, profesional y vocacional (Subproyecto 111) | C16: =+PRESUPUESTO!K26 -> 0 | D16: 0 | E16: 0 | F16: =C16+D16-E16 -> 0 | G16: 0 | H16: 0 | I16: =G16+H16 -> 0 | J16: =(I16/F16) -> #DIV/0! | L16: 0 | M16: 0 | N16: =F16-I16 -> 0
A17: 1400 | B17: Dotación de unidades aplicativas (Centro costos 114) | C17: =+PRESUPUESTO!K27 -> 0 | D17: 0 | E17: 0 | F17: =C17+D17-E17 -> 0 | G17: 0 | H17: 0 | I17: =G17+H17 -> 0 | J17: =(I17/F17) -> #DIV/0! | L17: 0 | M17: 0 | N17: =F17-I17 -> 0
A18: 1500 | B18: Donaciones (Cuando aplique) | C18: =PRESUPUESTO!K28 -> 0 | D18: 0 | E18: 0 | F18: =C18+D18-E18 -> 0 | G18: 0 | H18: 0 | I18: =G18+H18 -> 0 | J18: =(I18/F18) -> #DIV/0! | L18: 0 | M18: 0 | N18: =F18-I18 -> 0
A19: 1600 | B19: Rendimientos Financieros (Cuando aplique) | C19: =PRESUPUESTO!K29 -> 0 | D19: 0 | E19: 0 | F19: =C19+D19-E19 -> 0 | G19: 0 | H19: 0 | I19: =G19+H19 -> 0 | J19: =(I19/F19) -> #DIV/0! | L19: 0 | M19: 0 | N19: =F19-I19 -> 0
A20: 1700 | B20: Aportes de la institución (Cuando aplique) | C20: =PRESUPUESTO!K30 -> 0 | D20: 0 | E20: 0 | F20: =C20+D20-E20 -> 0 | G20: 0 | H20: 0 | I20: =G20+H20 -> 0 | J20: =(I20/F20) -> #DIV/0! | L20: 0 | M20: 0 | N20: =F20-I20 -> 0
A21: 1800 | B21: Otros ingresos (Cuando aplique) | C21: =PRESUPUESTO!K31 -> 0 | D21: 0 | E21: 0 | F21: =C21+D21-E21 -> 0 | G21: 0 | H21: 0 | I21: =G21+H21 -> 0 | J21: =(I21/F21) -> #DIV/0! | L21: 0 | M21: 0 | N21: =F21-I21 -> 0
A22: TOTAL INGRESOS | C22: =SUM(C14:C21) -> 115823760 | D22: 0 | E22: =SUM(E14:E21) -> 0 | F22: =SUM(F14:F21) -> 115823760 | G22: =SUM(G14:G21) -> 0 | H22: =SUM(H14:H21) -> 19303960 | I22: =SUM(I14:I21) -> 19303960 | J22: =(I22/F22) -> 0.16666667 | L22: =SUM(L14:L21) -> 0 | M22: =SUM(M14:M21) -> 0 | N22: =SUM(N14:N21) -> 96519800
A24: Nombres y apellidos del representante legal | E24: Nombres y apellidos del Tesorero o Contador Público | I24: Nombres y apellidos del Revisor FIscal (1)
A25: LILIANA PARRA CELIS | E25: LUIS ANTONIO CASTILLO RAMOS | I25: MAURICIO RAMIREZ MEDINA
E26: #VALUE! | I26: #VALUE!
A27: Firma | E27: Firma | I27: Firma
B29: (1) NOTA - Revisor Fiscal : Si está obligado legalmente a tener revisor fiscal.
A31: GASTOS
A33: CODIGO | B33: EJECUCION DE GASTOS | C33: 1 | D33: 2 | E33: 3 | F33: 4=(1+2)-3 | G33: 5 | H33: 6 | I33: 7=(5+6) | J33: 8=(7/4) | L33: 9 | N33: 10=(4-7)
A34: 2000 | B34: OBJETO DEL GASTO | C34: Presupuesto inicial | D34: Adición | E34: Disminución | F34: Presupuesto al final del periodo ejecutado | G34: Gastos acumulados | H34: Gastos - mes 1 | I34: Valor total ejecutado | J34: % aportes ejecutados | L34: Ejecucion de Gastos | N34: Total saldo por ejecutar
L35: Gastos Pagados | M35: Cuentas por Pagar
A36: 2100 | B36: 1. TALENTO HUMANO
A37: 2101 | B37: Salario | C37: =PRESUPUESTO!K36 -> 0 | D37: 0 | E37: 0 | F37: =C37+D37-E37 -> 0 | G37: 0 | H37: 0 | I37: =G37+H37 -> 0 | J37: =(I37/F37) -> #DIV/0! | L37: 0 | M37: 0 | N37: =(F37-I37) -> 0
A38: 2102 | B38: Auxilio de transporte | C38: =PRESUPUESTO!K37 -> 0 | D38: 0 | E38: 0 | F38: =C38+D38-E38 -> 0 | G38: 0 | H38: 0 | I38: =G38+H38 -> 0 | J38: =(I38/F38) -> #DIV/0! | L38: 0 | M38: 0 | N38: =(F38-I38) -> 0
A39: 2103 | B39: Horas extras y recargo nocturno | C39: =PRESUPUESTO!K38 -> 0 | D39: 0 | E39: 0 | F39: =C39+D39-E39 -> 0 | G39: 0 | H39: 0 | I39: =G39+H39 -> 0 | J39: =(I39/F39) -> #DIV/0! | L39: 0 | M39: 0 | N39: =(F39-I39) -> 0
A40: 2104 | B40: Cesantías | C40: =PRESUPUESTO!K39 -> 0 | D40: 0 | E40: 0 | F40: =C40+D40-E40 -> 0 | G40: 0 | H40: 0 | I40: =G40+H40 -> 0 | J40: =(I40/F40) -> #DIV/0! | L40: 0 | M40: 0 | N40: =(F40-I40) -> 0
A41: 2105 | B41: Vacaciones | C41: =PRESUPUESTO!K40 -> 0 | D41: 0 | E41: 0 | F41: =C41+D41-E41 -> 0 | G41: 0 | H41: 0 | I41: =G41+H41 -> 0 | J41: =(I41/F41) -> #DIV/0! | L41: 0 | M41: 0 | N41: =(F41-I41) -> 0
A42: 2106 | B42: Prima de servicios | C42: =PRESUPUESTO!K41 -> 0 | D42: 0 | E42: 0 | F42: =C42+D42-E42 -> 0 | G42: 0 | H42: 0 | I42: =G42+H42 -> 0 | J42: =(I42/F42) -> #DIV/0! | L42: 0 | M42: 0 | N42: =(F42-I42) -> 0
A43: 2107 | B43: Intereses/cesantías | C43: =PRESUPUESTO!K42 -> 0 | D43: 0 | E43: 0 | F43: =C43+D43-E43 -> 0 | G43: 0 | H43: 0 | I43: =G43+H43 -> 0 | J43: =(I43/F43) -> #DIV/0! | L43: 0 | M43: 0 | N43: =(F43-I43) -> 0
A44: 2108 | B44: Aportes parafiscales (SENA, Icbf y Caja de compensación) | C44: =PRESUPUESTO!K43 -> 0 | D44: 0 | E44: 0 | F44: =C44+D44-E44 -> 0 | G44: 0 | H44: 0 | I44: =G44+H44 -> 0 | J44: =(I44/F44) -> #DIV/0! | L44: 0 | M44: 0 | N44: =(F44-I44) -> 0
A45: 2109 | B45: Aportes salud, pensión y ARL | C45: =PRESUPUESTO!K44 -> 0 | D45: 0 | E45: 0 | F45: =C45+D45-E45 -> 0 | G45: 0 | H45: 0 | I45: =G45+H45 -> 0 | J45: =(I45/F45) -> #DIV/0! | L45: 0 | M45: 0 | N45: =(F45-I45) -> 0
A46: 2110 | B46: Honorarios | C46: =PRESUPUESTO!K45 -> 69000000 | D46: 0 | E46: 0 | F46: =C46+D46-E46 -> 69000000 | G46: 0 | H46: 10300000 | I46: =G46+H46 -> 10300000 | J46: =(I46/F46) -> 0.14927536 | L46: 0 | M46: 0 | N46: =(F46-I46) -> 58700000
A47: 2111 | B47: Dotación trabajadores | C47: =PRESUPUESTO!K46 -> 0 | D47: 0 | E47: 0 | F47: =C47+D47-E47 -> 0 | G47: 0 | H47: 0 | I47: =G47+H47 -> 0 | J47: =(I47/F47) -> #DIV/0! | L47: 0 | M47: 0 | N47: =(F47-I47) -> 0
A48: 2112 | B48: Implementación Sistema Integrado de Gestión | C48: =PRESUPUESTO!K47 -> 3000000 | D48: 0 | E48: 0 | F48: =C48+D48-E48 -> 3000000 | G48: 0 | H48: 500000 | I48: =G48+H48 -> 500000 | J48: =(I48/F48) -> 0.16666667 | L48: 0 | M48: 0 | N48: =(F48-I48) -> 2500000
A49: 2113 | B49: Otros gastos (Otros ingresos) | C49: =PRESUPUESTO!K48 -> 0 | D49: 0 | E49: 0 | F49: =C49+D49-E49 -> 0 | G49: 0 | I49: =G49+H49 -> 0 | J49: =(I49/F49) -> #DIV/0! | L49: 0 | M49: 0 | N49: =(F49-I49) -> 0
A50: SUBTOTAL | C50: =SUM(C37:C49) -> 72000000 | D50: =SUM(D37:D49) -> 0 | E50: =SUM(E37:E49) -> 0 | F50: =SUM(F37:F49) -> 72000000 | G50: =SUM(G37:G49) -> 0 | H50: =SUM(H37:H49) -> 10800000 | I50: =SUM(I37:I49) -> 10800000 | J50: =(I50/F50) -> 0.15 | L50: =SUM(L37:L49) -> 0 | M50: =SUM(M37:M49) -> 0 | N50: =SUM(N37:N49) -> 61200000
A51: 2200 | B51: 2. NIÑOS, NIÑAS Y ADOLESCENTES
A52: 2201 | B52: Alimentación | C52: =PRESUPUESTO!K51 -> 3360000 | D52: 0 | E52: 0 | F52: =C52+D52-E52 -> 3360000 | G52: 0 | H52: 0 | I52: =(G52+H52) -> 0 | J52: =(I52/F52) -> 0 | L52: 0 | M52: 0 | N52: =(F52-I52) -> 3360000
A53: 2202 | B53: Emergencias y botiquín (Medicamentos no incluidos en el POS) | C53: =PRESUPUESTO!K52 -> 300000 | D53: 0 | E53: 0 | F53: =C53+D53-E53 -> 300000 | G53: 0 | H53: 0 | I53: =(G53+H53) -> 0 | J53: =(I53/F53) -> 0 | L53: 0 | M53: 0 | N53: =(F53-I53) -> 300000
A54: 2203 | B54: Educación (Dotación escolar, material pedagógico y de aseo escolar) | C54: =PRESUPUESTO!K53 -> 900000 | D54: 0 | E54: 0 | F54: =C54+D54-E54 -> 900000 | G54: 0 | H54: 0 | I54: =(G54+H54) -> 0 | J54: =(I54/F54) -> 0 | L54: 0 | M54: 0 | N54: =(F54-I54) -> 900000
A55: 2204 | B55: Dotación personal | C55: =PRESUPUESTO!K54 -> 0 | D55: 0 | E55: 0 | F55: =C55+D55-E55 -> 0 | G55: 0 | H55: 0 | I55: =(G55+H55) -> 0 | J55: =(I55/F55) -> #DIV/0! | L55: 0 | M55: 0 | N55: =(F55-I55) -> 0
A56: 2205 | B56: Dotación de aseo e higiene personal | C56: =PRESUPUESTO!K55 -> 0 | D56: 0 | F56: =C56+D56-E56 -> 0 | G56: 0 | H56: 0 | I56: =(G56+H56) -> 0 | J56: =(I56/F56) -> #DIV/0! | L56: 0 | M56: 0 | N56: =(F56-I56) -> 0
A57: 2206 | B57: Recreación | C57: =PRESUPUESTO!K56 -> 600000 | D57: 0 | E57: 0 | F57: =C57+D57-E57 -> 600000 | G57: 0 | H57: 0 | I57: =(G57+H57) -> 0 | J57: =(I57/F57) -> 0 | L57: 0 | M57: 0 | N57: =(F57-I57) -> 600000
A58: 2207 | B58: Dotación lúdico deportiva (por reposición) | C58: =PRESUPUESTO!K57 -> 720000 | D58: 0 | E58: 0 | F58: =C58+D58-E58 -> 720000 | G58: 0 | H58: 0 | I58: =(G58+H58) -> 0 | J58: =(I58/F58) -> 0 | L58: 0 | M58: 0 | N58: =(F58-I58) -> 720000
A59: 2208 | B59: Transporte para niños, niñas y adolescentes | C59: =PRESUPUESTO!K58 -> 1650000 | D59: 0 | E59: 0 | F59: =C59+D59-E59 -> 1650000 | G59: 0 | H59: 0 | I59: =(G59+H59) -> 0 | J59: =(I59/F59) -> 0 | L59: 0 | M59: 0 | N59: =(F59-I59) -> 1650000
A60: 2209 | B60: Centros de Interés - Artes (Solo SRPA) | C60: =PRESUPUESTO!K59 -> 0 | D60: 0 | E60: 0 | F60: =C60+D60-E60 -> 0 | G60: 0 | H60: 0 | I60: =(G60+H60) -> 0 | J60: =(I60/F60) -> #DIV/0! | L60: 0 | M60: 0 | N60: =(F60-I60) -> 0
A61: 2210 | B61: Acciones complementarias para la gestión en el restablecimiento de derechos y/o administración de justicia (Centro de Costos 112) | C61: =PRESUPUESTO!K60 -> 0 | D61: 0 | E61: 0 | F61: =C61+D61-E61 -> 0 | G61: 0 | H61: 0 | I61: =(G61+H61) -> 0 | J61: =(I61/F61) -> #DIV/0! | L61: 0 | M61: 0 | N61: =(F61-I61) -> 0
A62: 2211 | B62: Orientación para la vida personal, social, profesional y vocacional (Centro de Costos 111) | C62: =PRESUPUESTO!K61 -> 0 | D62: 0 | E62: 0 | F62: =C62+D62-E62 -> 0 | G62: 0 | H62: 0 | I62: =(G62+H62) -> 0 | J62: =(I62/F62) -> #DIV/0! | L62: 0 | M62: 0 | N62: =(F62-I62) -> 0
A63: 2212 | B63: Dotación básica (Aplica por reposición o adición al contrato)114 | C63: =PRESUPUESTO!K62 -> 0 | D63: 0 | E63: 0 | F63: =C63+D63-E63 -> 0 | G63: 0 | H63: 0 | I63: =(G63+H63) -> 0 | J63: =(I63/F63) -> #DIV/0! | L63: 0 | M63: 0 | N63: =(F63-I63) -> 0
A64: 2213 | B64: Dotación menaje alimentación (por reposición) | C64: =PRESUPUESTO!K63 -> 0 | D64: 0 | E64: 0 | F64: =C64+D64-E64 -> 0 | G64: 0 | H64: 0 | I64: =(G64+H64) -> 0 | J64: =(I64/F64) -> #DIV/0! | L64: 0 | M64: 0 | N64: =(F64-I64) -> 0
A65: 2214 | B65: Encuentros Familiares (Casa de Acogida y Casa de Protección) | C65: =PRESUPUESTO!K64 -> 0 | D65: 0 | E65: 0 | F65: =C65+D65-E65 -> 0 | G65: 0 | H65: 0 | I65: =(G65+H65) -> 0 | J65: =(I65/F65) -> #DIV/0! | L65: 0 | M65: 0 | N65: =(F65-I65) -> 0
A66: 2215 | B66: Otros gastos (Otros ingresos) | C66: =PRESUPUESTO!K65 -> 0 | D66: 0 | E66: 0 | F66: =C66+D66-E66 -> 0 | G66: 0 | H66: 0 | I66: =(G66+H66) -> 0 | J66: =(I66/F66) -> #DIV/0! | L66: 0 | M66: 0 | N66: =(F66-I66) -> 0
A67: SUBTOTAL | C67: =SUM(C52:C66) -> 7530000 | D67: =SUM(D52:D66) -> 0 | E67: =SUM(E52:E66) -> 0 | F67: =SUM(F52:F66) -> 7530000 | G67: =SUM(G52:G66) -> 0 | H67: =SUM(H52:H66) -> 0 | I67: =SUM(I52:I66) -> 0 | J67: =(I67/F67) -> 0 | L67: =SUM(L52:L66) -> 0 | M67: =SUM(M52:M66) -> 0 | N67: =SUM(N52:N66) -> 7530000
A68: CODIGO | B68: EJECUCION DE GASTOS | C68: 1 | D68: 2 | E68: 3 | F68: 4=(1+2)-3 | G68: 5 | H68: 6 | I68: 7=(5+6) | J68: 8=(7/4) | L68: 9 | N68: 10=(4-7)
A69: 2000 | B69: OBJETO DEL GASTO | C69: Presupuesto inicial | D69: Adición | E69: Disminución | F69: =F34 -> Presupuesto al final del periodo ejecutado | G69: =G34 -> Gastos acumulados | H69: =H34 -> Gastos - mes 1 | I69: =I34 -> Valor total ejecutado | J69: % aportes ejecutados | L69: Ejecucion de Gastos | N69: =N34 -> Total saldo por ejecutar
L70: Gastos Pagados | M70: Cuentas por Pagar
A71: 2300 | B71: 3. GASTOS GENERALES Y ADMINISTRATIVOS
A72: 2301 | B72: Servicios públicos | C72: =PRESUPUESTO!K68 -> 3000000 | D72: 0 | E72: 0 | F72: =C72+D72-E72 -> 3000000 | G72: 0 | H72: 0 | I72: =(G72+H72) -> 0 | J72: =(I72/F72) -> 0 | L72: 0 | M72: 0 | N72: =(F72-I72) -> 3000000
A73: 2302 | B73: Mantenimiento y reparaciones instalaciones locativas | C73: =PRESUPUESTO!K69 -> 300000 | D73: 0 | E73: 0 | F73: =C73+D73-E73 -> 300000 | G73: 0 | H73: 250000 | I73: =(G73+H73) -> 250000 | J73: =(I73/F73) -> 0.83333333 | L73: 0 | M73: 0 | N73: =(F73-I73) -> 50000
A74: 2303 | B74: Utilización de instalaciones en ambientes sanos y adecuados | C74: =PRESUPUESTO!K70 -> 21000000 | D74: 0 | E74: 0 | F74: =C74+D74-E74 -> 21000000 | G74: 0 | H74: 3500000 | I74: =(G74+H74) -> 3500000 | J74: =(I74/F74) -> 0.16666667 | L74: 0 | M74: 0 | N74: =(F74-I74) -> 17500000
A75: 2304 | B75: Reparación y mantenimiento de dotación institucional | C75: =PRESUPUESTO!K71 -> 780000 | D75: 0 | E75: 0 | F75: =C75+D75-E75 -> 780000 | G75: 0 | H75: 0 | I75: =(G75+H75) -> 0 | J75: =(I75/F75) -> 0 | L75: 0 | M75: 0 | N75: =(F75-I75) -> 780000
A76: 2305 | B76: Papelería | C76: =PRESUPUESTO!K72 -> 960000 | D76: 0 | E76: 0 | F76: =C76+D76-E76 -> 960000 | G76: 0 | H76: 0 | I76: =(G76+H76) -> 0 | J76: =(I76/F76) -> 0 | L76: 0 | M76: 0 | N76: =(F76-I76) -> 960000
A77: 2306 | B77: Aseo | C77: =PRESUPUESTO!K73 -> 900000 | D77: 0 | E77: 0 | F77: =C77+D77-E77 -> 900000 | G77: 0 | H77: 0 | I77: =(G77+H77) -> 0 | J77: =(I77/F77) -> 0 | L77: 0 | M77: 0 | N77: =(F77-I77) -> 900000
A78: 2307 | B78: Transporte personal institución para visitas domiciliarias a los hogares y/o traslado de niños, niñas y adolescentes | C78: =PRESUPUESTO!K74 -> 1470000 | D78: 0 | E78: 0 | F78: =C78+D78-E78 -> 1470000 | G78: 0 | H78: 0 | I78: =(G78+H78) -> 0 | J78: =(I78/F78) -> 0 | L78: 0 | M78: 0 | N78: =(F78-I78) -> 1470000
A79: 2308 | B79: Gravamen a los movimientos financieros (4 por mil) | C79: =PRESUPUESTO!K75 -> 463290 | D79: 0 | E79: 0 | F79: =C79+D79-E79 -> 463290 | G79: 0 | H79: 0 | I79: =(G79+H79) -> 0 | J79: =(I79/F79) -> 0 | L79: 0 | M79: 0 | N79: =(F79-I79) -> 463290
A80: 2309 | B80: Gastos bancarios (comisiones, transferencias y chequeras) | C80: =PRESUPUESTO!K76 -> 820470 | D80: 0 | E80: 0 | F80: =C80+D80-E80 -> 820470 | G80: 0 | H80: 19848 | I80: =(G80+H80) -> 19848 | J80: =(I80/F80) -> 0.024191012 | L80: 0 | M80: 0 | N80: =(F80-I80) -> 800622
A81: 2310 | B81: Servicio de contabilidad | C81: =PRESUPUESTO!K77 -> 6600000 | D81: 0 | E81: 0 | F81: =C81+D81-E81 -> 6600000 | G81: 0 | H81: 1100000 | I81: =(G81+H81) -> 1100000 | J81: =(I81/F81) -> 0.16666667 | L81: 0 | M81: 0 | N81: =(F81-I81) -> 5500000
A82: 2311 | B82: Otros (lo que se requiera para el adecuado desarrollo de la modalidad) | C82: =PRESUPUESTO!K78 -> 0 | D82: 0 | E82: 0 | F82: =C82+D82-E82 -> 0 | G82: 0 | H82: 0 | I82: =(G82+H82) -> 0 | J82: =(I82/F82) -> #DIV/0! | L82: 0 | M82: 0 | N82: =(F82-I82) -> 0
A83: 2312 | B83: Otros gastos (Otros ingresos) | C83: =PRESUPUESTO!K79 -> 0 | D83: 0 | E83: 0 | F83: =C83+D83-E83 -> 0 | G83: 0 | H83: 0 | I83: =(G83+H83) -> 0 | J83: =(I83/F83) -> #DIV/0! | L83: 0 | M83: 0 | N83: =(F83-I83) -> 0
A84: SUBTOTAL | C84: =SUM(C72:C83) -> 36293760 | D84: =SUM(D72:D83) -> 0 | E84: =SUM(E72:E83) -> 0 | F84: =SUM(F72:F83) -> 36293760 | G84: =SUM(G72:G83) -> 0 | H84: =SUM(H72:H83) -> 4869848 | I84: =SUM(I72:I83) -> 4869848 | J84: =(I84/F84) -> 0.13417866 | L84: =SUM(L72:L83) -> 0 | M84: =SUM(M72:M83) -> 0 | N84: =SUM(N72:N83) -> 31423912
A85: TOTAL GASTOS ( 1+2+3+4+5) | C85: =C84+C67+C50 -> 115823760 | D85: =D84+D67+D50 -> 0 | E85: =E84+E67+E50 -> 0 | F85: =F84+F67+F50 -> 115823760 | G85: =G84+G67+G50 -> 0 | H85: =H84+H67+H50 -> 15669848 | I85: =I84+I67+I50 -> 15669848 | J85: =(I85/F85) -> 0.13529044 | L85: =L84+L67+L50 -> 0 | M85: =M84+M67+M50 -> 0 | N85: =N84+N67+N50 -> 100153912
A86: Nombres y apellidos del representante legal | D86: Nombres y apellidos del Tesorero o Contador | H86: Nombres y apellidos del revisor fiscal (2)
A87: LILIANA PARRA CELIS | D87: LUIS ANTONIO CASTILLO RAMOS | H87: MAURICIO RAMIREZ MEDINA
D88: #VALUE! | H88: #VALUE!
A89: Firma | D89: Firma | H89: Firma
A91: (1) NOTA - En ningún caso el informe de seguimiento financiero podra presentarse con saldos negativos en la columna (10) Total Saldos por ejecutar. | D91: Total Ingresos en el mes | F91: =H22 -> 19303960 | G91: Ingresos Acumulados | J91: =I22 -> 19303960
D92: Total Egresos en el mes | F92: =H85 -> 15669848 | G92: Egresos Acumulados | J92: =I85 -> 15669848
A93: (2) NOTA - Revisor Fiscal: Si está obligado legalmente a tener revisor fiscal. | D93: Saldo del mes | F93: =+F91-F92 -> 3634112 | G93: Saldo acumulado | J93: =J91-J92 -> 3634112
A94: (3) NOTA - El siguiente cuadro debe ser diligenciado de acuerdo con lo establecido en la cláusula contractual forma de desembolso y en cualquier modificación contractual relacionada con alistamiento, memorandos, lineamientos, manuales y/o documentos que hagan parte integral del macroproceso de Protección.
A95: (4) NOTA: Saldo a Reintegrar por alistamiento: El reintegro por alistamiento se presenta de la siguiente forma: 1). Cuando el contrato abarca dos (2) vigencias se debe: a) Tomar el valor del alistamiento de la primer vigencia y restar el valor de la atención de cupos del último período o mes de esa vigencia, el saldo que resulte debe ser reintegrado. b) Tomar el (los) alistamiento (s) de la vigencia actual y restarle el valor de la atención de cupos del último período contractual; el saldo que resulte debe ser reintegrado según lo establecido en la minuta contractual. 2). Cuando el contrato es en una sola vigencia. Se toma el valor del (los) alistamiento (s) y se resta el valor de la atención de cupos del último período contractual. El saldo debe ser reintegrado de acuerdo con lo establecido en la minuta contractual. | D95: Valor alistamientos | F95: =C8 -> 0 | G95: MODIFICACIONES CONTRACTUALES | M95: Cantidad | N95: Modalidad
D96: Menos (-) Valor de la atención del periodo o mes objeto de reintegro | F96: =H22 -> 19303960 | G96: Valor Alistamiento por adición Cupos | I96: 0 | K96: Cupos adicionados | M96: 0 | N96: 0
D97: Saldo a Reintegrar Alistamiento | F97: =F95-F96 -> -19303960 | G97: Valor Alistamiento por reducción de cupos a reintegrar | I97: 0 | K97: Cupos adicionados | M97: 0 | N97: 0
K98: Cupos adicionados | M98: 0 | N98: 0
K99: Cupos reducidos | M99: 0 | N99: 0
A100: (5) NOTA - En el mes que realicen modificación contractual, en lo relacionado con adiciones o disminuciones de cupos; se debe hacer la operación matémática de forma manual en la columna (L) filas del 5 a la 9 según modalidad. | K100: Cupos reducidos | M100: 0 | N100: 0
A103: SEGUIMIENTO A LAS ADICIONES
A105: OBJETO DEL RECURSO | C105: INGRESOS | G105: ACUMULADO | H105: GASTOS | N105: SALDO
C106: Reinversion | D106: Adición | E106: Disminución | F106: Recurso l final del periodo ejecutado | G106: Valor acumulado | H106: Gastos - mes 1 | I106: Valor total egresos | J106: % Aportes recibidos | L106: Ejecucion de Gastos | N106: Por ejecutar
L107: Gastos Pagados | M107: Cuentas por Pagar
A108: REGISTRO DE ADICIONES
...

Sheet MES 2
A1: DEFINICIÓN DE LOS RUBROS CONTENIDOS EN EL PRESUPUESTO-HOJA DE SEGUIMIENTO (ENERO-2025)
B2: Regional | C2: =PRESUPUESTO!C2 -> CUNDINAMARCA | E2: Informe correspondiente al período: | G2: Modalidades: | I2: Cupos contratados | J2: Cupos Ejecutados | L2: Cupos Inejecutados | M2: Valor total pagado por modalidad
B3: Centro Zonal | C3: =PRESUPUESTO!C3 -> CUNDINAMARCA | G3: =PRESUPUESTO!$B$15 -> (1) INTERVENCION APOYO PSICOLOGICO | I3: =PRESUPUESTO!J15 -> 40 | J3: 10.48 | L3: =I3-J3 -> 29.52 | M3: =(J3*PRESUPUESTO!H6)+(L3*(PRESUPUESTO!H6*PRESUPUESTO!B13)) -> 0
B4: Municipio | C4: =PRESUPUESTO!C4 -> CHIA | E4: Fecha de elaboración (dd/mm/aa): | G4: =PRESUPUESTO!$B$16 -> (2) | I4: =PRESUPUESTO!J16 -> 0 | J4: 37.67 | L4: =I4-J4 -> -37.67 | M4: =(J4*PRESUPUESTO!I6)+(L4*(PRESUPUESTO!I6*PRESUPUESTO!C13)) -> 18179504
B5: Entidad contratista | C5: =PRESUPUESTO!I2 -> FUNDACION SAN NICOLAS | G5: =PRESUPUESTO!$B$17 -> (3) | I5: =PRESUPUESTO!J17 -> 0 | J5: 3 | L5: =I5-J5 -> -3 | M5: =(J5*PRESUPUESTO!J6)+(L5*(PRESUPUESTO!J6*PRESUPUESTO!D13)) -> 0
B6: NIT | C6: =PRESUPUESTO!I3 -> 901.604.401-1 | E6: Fecha de presentación (dd/mm/aa): | G6: =PRESUPUESTO!$B$18 -> (4) | I6: =PRESUPUESTO!J18 -> 0 | J6: 4 | L6: =I6-J6 -> -4 | M6: =(J6*PRESUPUESTO!K6)+(L6*(PRESUPUESTO!K6*PRESUPUESTO!E13)) -> 0
B7: Contrato No. | C7: =PRESUPUESTO!I4 -> 25004852025 | G7: =PRESUPUESTO!B19 -> (5) | I7: =PRESUPUESTO!J19 -> 0 | J7: 5 | L7: =I7-J7 -> -5 | M7: =(J7*PRESUPUESTO!L6)+(L7*(PRESUPUESTO!L6*PRESUPUESTO!F13)) -> 0
B8: Valor del alistamiento | C8: =PRESUPUESTO!M7+PRESUPUESTO!M11 -> 19303960 | E8: Vigencia desembolso Alistamiento | G8: =PRESUPUESTO!B20 -> (6) | I8: =PRESUPUESTO!J20 -> 0 | J8: 6 | L8: =I8-J8 -> -6 | M8: =(J8*PRESUPUESTO!M6)+(L8*(PRESUPUESTO!M6*PRESUPUESTO!G13)) -> 0
B9: Fecha desembolso alistamiento | G9: VALOR EJECUCIÓN MES ACTUAL | I9: =SUM(I3:I8) -> 40 | J9: =SUM(J3:K8) -> 66.15 | L9: =SUM(L3:L8) -> -26.15 | M9: =SUM(M3:N8) -> 18179504
G10: ADICION | I10: 0 | J10: TOTAL DESEMBOLSO | M10: =+M9+I10 -> 18179504
A11: CODIGO | B11: EJECUCION DE INGRESOS | C11: 1 | D11: 2 | E11: 3 | F11: 4=(1+2)-3 | G11: 5 | H11: -6 | I11: 7=(5+6) | J11: 8=(7/4) | L11: 9 | N11: 10=(4-7)
A12: 1 | B12: OBJETO DEL INGRESO | C12: Presupuesto inicial del periodo a ejecutar | D12: Adición | E12: Disminución | F12: Presupuesto al final del periodo ejecutado | G12: Valor ingresos acumulados al mes 1 | H12: Ingresos - mes 2 | I12: Valor total ingresos al final de periodo ejecutado | J12: % Aportes recibidos | L12: Ejecucion de Gastos | N12: Total saldo por ingresar
L13: Ingresos Pagados | M13: Cuentas por Cobrar
A14: 1100 | B14: Aportes ICBF | C14: =+'MES 1'!F14 -> 115823760 | D14: 0 | E14: 0 | F14: =C14+D14-E14 -> 115823760 | G14: ='MES 1'!I14 -> 19303960 | H14: =M9 -> 18179504 | I14: =G14+H14 -> 37483464 | J14: =(I14/F14) -> 0.323625 | L14: 0 | M14: 0 | N14: =F14-I14 -> 78340296
A15: 1200 | B15: Acciones complementarias para la gestión en el restablecimiento de derechos y/o administración de justicia (112) | C15: =+PRESUPUESTO!K25 -> 0 | D15: 0 | E15: 0 | F15: =C15+D15-E15 -> 0 | G15: ='MES 1'!I15 -> 0 | H15: 0 | I15: =G15+H15 -> 0 | J15: =(I15/F15) -> #DIV/0! | L15: 0 | M15: 0 | N15: =F15-I15 -> 0
A16: 1300 | B16: Orientación para la vida personal, social, profesional y vocacional (Subproyecto 111) | C16: =+PRESUPUESTO!K26 -> 0 | D16: 0 | E16: 0 | F16: =C16+D16-E16 -> 0 | G16: ='MES 1'!I16 -> 0 | H16: 0 | I16: =G16+H16 -> 0 | J16: =(I16/F16) -> #DIV/0! | L16: 0 | M16: 0 | N16: =F16-I16 -> 0
A17: 1400 | B17: Dotación de unidades aplicativas (Centro costos 114) | C17: =+PRESUPUESTO!K27 -> 0 | D17: 0 | E17: 0 | F17: =C17+D17-E17 -> 0 | G17: ='MES 1'!I17 -> 0 | H17: 0 | I17: =G17+H17 -> 0 | J17: =(I17/F17) -> #DIV/0! | L17: 0 | M17: 0 | N17: =F17-I17 -> 0
A18: 1500 | B18: Donaciones (Cuando aplique) | C18: =+PRESUPUESTO!K28 -> 0 | D18: 0 | E18: 0 | F18: =C18+D18-E18 -> 0 | G18: ='MES 1'!I18 -> 0 | H18: 0 | I18: =G18+H18 -> 0 | J18: =(I18/F18) -> #DIV/0! | L18: 0 | M18: 0 | N18: =F18-I18 -> 0
A19: 1600 | B19: Rendimientos Financieros (Cuando aplique) | C19: =+PRESUPUESTO!K29 -> 0 | D19: 0 | E19: 0 | F19: =C19+D19-E19 -> 0 | G19: ='MES 1'!I19 -> 0 | H19: 0 | I19: =G19+H19 -> 0 | J19: =(I19/F19) -> #DIV/0! | L19: 0 | M19: 0 | N19: =F19-I19 -> 0
A20: 1700 | B20: Aportes de la institución (Cuando aplique) | C20: =+PRESUPUESTO!K30 -> 0 | D20: 0 | E20: 0 | F20: =C20+D20-E20 -> 0 | G20: ='MES 1'!I20 -> 0 | H20: 0 | I20: =G20+H20 -> 0 | J20: =(I20/F20) -> #DIV/0! | L20: 0 | M20: 0 | N20: =F20-I20 -> 0
A21: 1800 | B21: Otros ingresos (Cuando aplique) | C21: =+PRESUPUESTO!K31 -> 0 | D21: 0 | E21: 0 | F21: =C21+D21-E21 -> 0 | G21: ='MES 1'!I21 -> 0 | H21: 0 | I21: =G21+H21 -> 0 | J21: =(I21/F21) -> #DIV/0! | L21: 0 | M21: 0 | N21: =F21-I21 -> 0
A22: TOTAL INGRESOS | C22: =SUM(C14:C21) -> 115823760 | D22: =SUM(D14:D21) -> 0 | E22: =SUM(E14:E21) -> 0 | F22: =SUM(F14:F21) -> 115823760 | G22: =SUM(G14:G21) -> 19303960 | H22: =SUM(H14:H21) -> 18179504 | I22: =SUM(I14:I21) -> 37483464 | J22: =(I22/F22) -> 0.323625 | L22: =SUM(L14:L21) -> 0 | M22: =SUM(M14:M21) -> 0 | N22: =SUM(N14:N21) -> 78340296
B24: Nombres y apellidos del representante legal | E24: Nombres y Apellidos del Tesorero o Contador Publico | I24: Nombres y apellidos del Revisor FIscal (2)
B27: Firma | E27: Firma | I27: Firma
B29: (1) NOTA - Revisor Fiscal : Si está obligado legalmente a tener revisor fiscal.
A33: GASTOS
A35: CODIGO | B35: EJECUCION DE GASTOS | C35: 1 | D35: 2 | E35: 3 | F35: 4=(1+2)-3 | G35: 5 | H35: 6 | I35: 7=(5+6) | J35: 8=(7/4) | L35: 9 | N35: 9=(4-7)
A36: 2000 | B36: OBJETO DEL GASTO | C36: Presupuesto inicial del periodo a ejecutar | D36: Adición | E36: Disminución | F36: Presupuesto al final del periodo ejecutado | G36: Gastos acumulados al mes 1 | H36: Gastos - mes 2 | I36: Valor total ejecutado al final de periodo | J36: % aportes ejecutados | L36: Ejecucion de Gastos | N36: Total saldo por ejecutar
L37: Gastos Pagados | M37: Cuentas por Pagar
A38: 2100 | B38: 1. TALENTO HUMANO
A39: 2101 | B39: Salario | C39: =+PRESUPUESTO!K36 -> 0 | D39: 0 | E39: 0 | F39: =C39+D39-E39 -> 0 | G39: ='MES 1'!I37 -> 0 | H39: 0 | I39: =G39+H39 -> 0 | J39: =(I39/F39) -> #DIV/0! | L39: 0 | M39: 0 | N39: =(F39-I39) -> 0
A40: 2102 | B40: Auxilio de transporte | C40: =+PRESUPUESTO!K37 -> 0 | D40: 0 | E40: 0 | F40: =C40+D40-E40 -> 0 | G40: ='MES 1'!I38 -> 0 | H40: 0 | I40: =G40+H40 -> 0 | J40: =(I40/F40) -> #DIV/0! | L40: 0 | M40: 0 | N40: =(F40-I40) -> 0
A41: 2103 | B41: Horas extras y recargo nocturno | C41: =+PRESUPUESTO!K38 -> 0 | D41: 0 | E41: 0 | F41: =C41+D41-E41 -> 0 | G41: ='MES 1'!I39 -> 0 | H41: 0 | I41: =G41+H41 -> 0 | J41: =(I41/F41) -> #DIV/0! | L41: 0 | M41: 0 | N41: =(F41-I41) -> 0
A42: 2104 | B42: Cesantías | C42: =+PRESUPUESTO!K39 -> 0 | D42: 0 | E42: 0 | F42: =C42+D42-E42 -> 0 | G42: ='MES 1'!I40 -> 0 | H42: 0 | I42: =G42+H42 -> 0 | J42: =(I42/F42) -> #DIV/0! | L42: 0 | M42: 0 | N42: =(F42-I42) -> 0
A43: 2105 | B43: Vacaciones | C43: =+PRESUPUESTO!K40 -> 0 | D43: 0 | E43: 0 | F43: =C43+D43-E43 -> 0 | G43: ='MES 1'!I41 -> 0 | H43: 0 | I43: =G43+H43 -> 0 | J43: =(I43/F43) -> #DIV/0! | L43: 0 | M43: 0 | N43: =(F43-I43) -> 0
A44: 2106 | B44: Prima de servicios | C44: =+PRESUPUESTO!K41 -> 0 | D44: 0 | E44: 0 | F44: =C44+D44-E44 -> 0 | G44: ='MES 1'!I42 -> 0 | H44: 0 | I44: =G44+H44 -> 0 | J44: =(I44/F44) -> #DIV/0! | L44: 0 | M44: 0 | N44: =(F44-I44) -> 0
A45: 2107 | B45: Intereses/cesantías | C45: =+PRESUPUESTO!K42 -> 0 | D45: 0 | E45: 0 | F45: =C45+D45-E45 -> 0 | G45: ='MES 1'!I43 -> 0 | H45: 0 | I45: =G45+H45 -> 0 | J45: =(I45/F45) -> #DIV/0! | L45: 0 | M45: 0 | N45: =(F45-I45) -> 0
A46: 2108 | B46: Aportes parafiscales (SENA, Icbf y Caja de compensación) | C46: =+PRESUPUESTO!K43 -> 0 | D46: 0 | E46: 0 | F46: =C46+D46-E46 -> 0 | G46: ='MES 1'!I44 -> 0 | H46: 0 | I46: =G46+H46 -> 0 | J46: =(I46/F46) -> #DIV/0! | L46: 0 | M46: 0 | N46: =(F46-I46) -> 0
A47: 2109 | B47: Aportes salud, pensión y ARL | C47: =+PRESUPUESTO!K44 -> 0 | D47: 0 | E47: 0 | F47: =C47+D47-E47 -> 0 | G47: ='MES 1'!I45 -> 0 | H47: 0 | I47: =G47+H47 -> 0 | J47: =(I47/F47) -> #DIV/0! | L47: 0 | M47: 0 | N47: =(F47-I47) -> 0
A48: 2110 | B48: Honorarios | C48: =+PRESUPUESTO!K45 -> 69000000 | D48: 0 | E48: 0 | F48: =C48+D48-E48 -> 69000000 | G48: ='MES 1'!I46 -> 10300000 | H48: 29618759 | I48: =G48+H48 -> 39918759 | J48: =(I48/F48) -> 0.57853274 | L48: 0 | M48: 0 | N48: =(F48-I48) -> 29081241
A49: 2111 | B49: Dotación trabajadores | C49: =+PRESUPUESTO!K46 -> 0 | D49: 0 | E49: 0 | F49: =C49+D49-E49 -> 0 | G49: ='MES 1'!I47 -> 0 | H49: 0 | I49: =G49+H49 -> 0 | J49: =(I49/F49) -> #DIV/0! | L49: 0 | M49: 0 | N49: =(F49-I49) -> 0
A50: 2112 | B50: Implementación Sistema Integrado de Gestión | C50: =+PRESUPUESTO!K47 -> 3000000 | D50: 0 | E50: 0 | F50: =C50+D50-E50 -> 3000000 | G50: ='MES 1'!I48 -> 500000 | H50: 0 | I50: =G50+H50 -> 500000 | J50: =(I50/F50) -> 0.16666667 | L50: 0 | M50: 0 | N50: =(F50-I50) -> 2500000
A51: 2113 | B51: Otros gastos (Otros ingresos) | C51: =+PRESUPUESTO!K48 -> 0 | D51: 0 | E51: 0 | F51: =C51+D51-E51 -> 0 | G51: ='MES 1'!I49 -> 0 | H51: 0 | I51: =G51+H51 -> 0 | J51: =(I51/F51) -> #DIV/0! | L51: 0 | M51: 0 | N51: =(F51-I51) -> 0
A52: SUBTOTAL | C52: =SUM(C39:C51) -> 72000000 | D52: =SUM(D39:D51) -> 0 | E52: =SUM(E39:E51) -> 0 | F52: =SUM(F39:F51) -> 72000000 | G52: =SUM(G39:G51) -> 10800000 | H52: =SUM(H39:H51) -> 29618759 | I52: =SUM(I39:I51) -> 40418759 | J52: =(I52/F52) -> 0.56137165 | L52: =SUM(L39:L51) -> 0 | M52: =SUM(M39:M51) -> 0 | N52: =SUM(N39:N51) -> 31581241
A53: 2200 | B53: 2. NIÑOS, NIÑAS Y ADOLECENTES
A54: 2201 | B54: Alimentación | C54: =+PRESUPUESTO!K51 -> 3360000 | D54: 0 | E54: 0 | F54: =C54+D54-E54 -> 3360000 | G54: ='MES 1'!I52 -> 0 | H54: 9808814 | I54: =(G54+H54) -> 9808814 | J54: =(I54/F54) -> 2.9192899 | L54: 0 | M54: 0 | N54: =(F54-I54) -> -6448814
A55: 2202 | B55: Emergencias y botiquín (Medicamentos no incluidos en el POS) | C55: =+PRESUPUESTO!K52 -> 300000 | D55: 0 | E55: 0 | F55: =C55+D55-E55 -> 300000 | G55: ='MES 1'!I53 -> 0 | H55: 59000 | I55: =(G55+H55) -> 59000 | J55: =(I55/F55) -> 0.19666667 | L55: 0 | M55: 0 | N55: =(F55-I55) -> 241000
A56: 2203 | B56: Educación (Dotación escolar, material pedagógico y de aseo escolar) | C56: =+PRESUPUESTO!K53 -> 900000 | D56: 0 | E56: 0 | F56: =C56+D56-E56 -> 900000 | G56: ='MES 1'!I54 -> 0 | H56: 2014800 | I56: =(G56+H56) -> 2014800 | J56: =(I56/F56) -> 2.2386667 | L56: 0 | M56: 0 | N56: =(F56-I56) -> -1114800
A57: 2204 | B57: Dotación personal | C57: =+PRESUPUESTO!K54 -> 0 | D57: 0 | E57: 0 | F57: =C57+D57-E57 -> 0 | G57: ='MES 1'!I55 -> 0 | H57: 811000 | I57: =(G57+H57) -> 811000 | J57: =(I57/F57) -> #DIV/0! | L57: 0 | M57: 0 | N57: =(F57-I57) -> -811000
A58: 2205 | B58: Dotación de aseo e higiene personal | C58: =+PRESUPUESTO!K55 -> 0 | D58: 0 | E58: 0 | F58: =C58+D58-E58 -> 0 | G58: ='MES 1'!I56 -> 0 | H58: 451400 | I58: =(G58+H58) -> 451400 | J58: =(I58/F58) -> #DIV/0! | L58: 0 | M58: 0 | N58: =(F58-I58) -> -451400
A59: 2206 | B59: Recreación | C59: =+PRESUPUESTO!K56 -> 600000 | D59: 0 | E59: 0 | F59: =C59+D59-E59 -> 600000 | G59: ='MES 1'!I57 -> 0 | H59: 395500 | I59: =(G59+H59) -> 395500 | J59: =(I59/F59) -> 0.65916667 | L59: 0 | M59: 0 | N59: =(F59-I59) -> 204500
A60: 2207 | B60: Dotación lúdico deportiva (por reposición) | C60: =+PRESUPUESTO!K57 -> 720000 | D60: 0 | E60: 0 | F60: =C60+D60-E60 -> 720000 | G60: ='MES 1'!I58 -> 0 | H60: 0 | I60: =(G60+H60) -> 0 | J60: =(I60/F60) -> 0 | L60: 0 | M60: 0 | N60: =(F60-I60) -> 720000
A61: 2208 | B61: Transporte para niños, niñas y adolescentes | C61: =+PRESUPUESTO!K58 -> 1650000 | D61: 0 | E61: 0 | F61: =C61+D61-E61 -> 1650000 | G61: ='MES 1'!I59 -> 0 | H61: 1228000 | I61: =(G61+H61) -> 1228000 | J61: =(I61/F61) -> 0.74424242 | L61: 0 | M61: 0 | N61: =(F61-I61) -> 422000
A62: 2209 | B62: Centros de Interés - Artes (Solo SRPA) | C62: =+PRESUPUESTO!K59 -> 0 | D62: 0 | E62: 0 | F62: =C62+D62-E62 -> 0 | G62: ='MES 1'!I60 -> 0 | H62: 0 | I62: =(G62+H62) -> 0 | J62: =(I62/F62) -> #DIV/0! | L62: 0 | M62: 0 | N62: =(F62-I62) -> 0
A63: 2210 | B63: Acciones complementarias para la gestión en el restablecimiento de derechos y/o administración de justicia (Subproyecto 112) | C63: =+PRESUPUESTO!K60 -> 0 | D63: 0 | E63: 0 | F63: =C63+D63-E63 -> 0 | G63: ='MES 1'!I61 -> 0 | H63: 0 | I63: =(G63+H63) -> 0 | J63: =(I63/F63) -> #DIV/0! | L63: 0 | M63: 0 | N63: =(F63-I63) -> 0
A64: 2211 | B64: Orientación para la vida personal, social, profesional y vocacional (Subproyecto 111) | C64: =+PRESUPUESTO!K61 -> 0 | D64: 0 | E64: 0 | F64: =C64+D64-E64 -> 0 | G64: ='MES 1'!I62 -> 0 | H64: 0 | I64: =(G64+H64) -> 0 | J64: =(I64/F64) -> #DIV/0! | L64: 0 | M64: 0 | N64: =(F64-I64) -> 0
A65: 2212 | B65: Dotación básica (Aplica por reposición o adición al contrato) | C65: =+PRESUPUESTO!K62 -> 0 | D65: 0 | E65: 0 | F65: =C65+D65-E65 -> 0 | G65: ='MES 1'!I63 -> 0 | H65: 0 | I65: =(G65+H65) -> 0 | J65: =(I65/F65) -> #DIV/0! | L65: 0 | M65: 0 | N65: =(F65-I65) -> 0
... A68: 2215 | B68: Otros gastos (Otros ingresos) | C68: =+PRESUPUESTO!K65 -> 0 | D68: 0 | E68: 0 | F68: =C68+D68-E68 -> 0 | G68: ='MES 1'!I66 -> 0 | H68: 0 | I68: =(G68+H68) -> 0 | J68: =(I68/F68) -> #DIV/0! | L68: 0 | M68: 0 | N68: =(F68-I68) -> 0
A69: SUBTOTAL | C69: =SUM(C54:C68) -> 7530000 | D69: =SUM(D54:D68) -> 0 | E69: =SUM(E54:E68) -> 0 | F69: =SUM(F54:F68) -> 7530000 | G69: =SUM(G54:G68) -> 0 | H69: =SUM(H54:H68) -> 14768514 | I69: =SUM(I54:I68) -> 14768514 | J69: =(I69/F69) -> 1.96129 | L69: =SUM(L54:L68) -> 0 | M69: =SUM(M54:M68) -> 0 | N69: =SUM(N54:N68) -> -7238514
A70: CODIGO | B70: EJECUCION DE GASTOS | C70: 1 | D70: 2 | E70: 3 | F70: 4=(1+2)-3 | G70: 5 | H70: 6 | I70: 7=(5+6) | J70: 8=(7/4) | L70: 9 | N70: 9=(4-7)
A71: 2000 | B71: OBJETO DEL GASTO | C71: =C36 -> Presupuesto inicial del periodo a ejecutar | D71: Adición | E71: Disminución | F71: =F36 -> Presupuesto al final del periodo ejecutado | G71: =G36 -> Gastos acumulados al mes 1 | H71: =H36 -> Gastos - mes 2 | I71: =I36 -> Valor total ejecutado al final de periodo | J71: % aportes ejecutados | L71: Ejecucion de Gastos | N71: =N36 -> Total saldo por ejecutar
L72: Gastos Pagados | M72: Cuentas por Pagar
A73: 2300 | B73: 3. GASTOS GENERALES Y ADMINISTRATIVOS
A74: 2301 | B74: Servicios públicos | C74: =+PRESUPUESTO!K68 -> 3000000 | D74: 0 | E74: 0 | F74: =C74+D74-E74 -> 3000000 | G74: ='MES 1'!I72 -> 0 | H74: 711600 | I74: =(G74+H74) -> 711600 | J74: =(I74/F74) -> 0.2372 | L74: 0 | M74: 0 | N74: =(F74-I74) -> 2288400
A75: 2302 | B75: Mantenimiento y reparaciones instalaciones locativas | C75: =+PRESUPUESTO!K69 -> 300000 | D75: 0 | E75: 0 | F75: =C75+D75-E75 -> 300000 | G75: ='MES 1'!I73 -> 250000 | H75: 0 | I75: =(G75+H75) -> 250000 | J75: =(I75/F75) -> 0.83333333 | L75: 0 | M75: 0 | N75: =(F75-I75) -> 50000
A76: 2303 | B76: Utilización de instalaciones en ambientes sanos y adecuados | C76: =+PRESUPUESTO!K70 -> 21000000 | D76: 0 | E76: 0 | F76: =C76+D76-E76 -> 21000000 | G76: ='MES 1'!I74 -> 3500000 | H76: 0 | I76: =(G76+H76) -> 3500000 | J76: =(I76/F76) -> 0.16666667 | L76: 0 | M76: 0 | N76: =(F76-I76) -> 17500000
A77: 2304 | B77: Reparación y mantenimiento de dotación institucional | C77: =+PRESUPUESTO!K71 -> 780000 | D77: 0 | E77: 0 | F77: =C77+D77-E77 -> 780000 | G77: ='MES 1'!I75 -> 0 | H77: 0 | I77: =(G77+H77) -> 0 | J77: =(I77/F77) -> 0 | L77: 0 | M77: 0 | N77: =(F77-I77) -> 780000
A78: 2305 | B78: Papelería | C78: =+PRESUPUESTO!K72 -> 960000 | D78: 0 | E78: 0 | F78: =C78+D78-E78 -> 960000 | G78: ='MES 1'!I76 -> 0 | H78: 433500 | I78: =(G78+H78) -> 433500 | J78: =(I78/F78) -> 0.4515625 | L78: 0 | M78: 0 | N78: =(F78-I78) -> 526500
A79: 2306 | B79: Aseo | C79: =+PRESUPUESTO!K73 -> 900000 | D79: 0 | E79: 0 | F79: =C79+D79-E79 -> 900000 | G79: ='MES 1'!I77 -> 0 | H79: 260500 | I79: =(G79+H79) -> 260500 | J79: =(I79/F79) -> 0.28944444 | L79: 0 | M79: 0 | N79: =(F79-I79) -> 639500
A80: 2307 | B80: Transporte personal institución para visitas domiciliarias a los hogares y/o traslado de niños, niñas y adolescentes | C80: =+PRESUPUESTO!K74 -> 1470000 | D80: 0 | E80: 0 | F80: =C80+D80-E80 -> 1470000 | G80: ='MES 1'!I78 -> 0 | H80: 1020000 | I80: =(G80+H80) -> 1020000 | J80: =(I80/F80) -> 0.69387755 | L80: 0 | M80: 0 | N80: =(F80-I80) -> 450000
A81: 2308 | B81: Gravamen a los movimientos financieros (4 por mil) | C81: =+PRESUPUESTO!K75 -> 463290 | D81: 0 | E81: 0 | F81: =C81+D81-E81 -> 463290 | G81: ='MES 1'!I79 -> 0 | H81: 0 | I81: =(G81+H81) -> 0 | J81: =(I81/F81) -> 0 | L81: 0 | M81: 0 | N81: =(F81-I81) -> 463290
A82: 2309 | B82: Gastos bancarios (comisiones, transferencias y chequeras) | C82: =+PRESUPUESTO!K76 -> 820470 | D82: 0 | E82: 0 | F82: =C82+D82-E82 -> 820470 | G82: ='MES 1'!I80 -> 19848 | H82: 219378 | I82: =(G82+H82) -> 239226 | J82: =(I82/F82) -> 0.2915719 | L82: 0 | M82: 0 | N82: =(F82-I82) -> 581244
A83: 2310 | B83: Servicio de contabilidad | C83: =+PRESUPUESTO!K77 -> 6600000 | D83: 0 | E83: 0 | F83: =C83+D83-E83 -> 6600000 | G83: ='MES 1'!I81 -> 1100000 | H83: 1100000 | I83: =(G83+H83) -> 2200000 | J83: =(I83/F83) -> 0.33333333 | L83: 0 | M83: 0 | N83: =(F83-I83) -> 4400000
A84: 2311 | B84: Otros (lo que se requiera para el adecuado desarrollo de la modalidad) | C84: =+PRESUPUESTO!K78 -> 0 | D84: 0 | E84: 0 | F84: =C84+D84-E84 -> 0 | G84: ='MES 1'!I82 -> 0 | H84: 1621096 | I84: =(G84+H84) -> 1621096 | J84: =(I84/F84) -> #DIV/0! | L84: 0 | M84: 0 | N84: =(F84-I84) -> -1621096
A85: 2312 | B85: Otros gastos (Otros ingresos) | C85: =+PRESUPUESTO!K79 -> 0 | D85: 0 | E85: 0 | F85: =C85+D85-E85 -> 0 | G85: ='MES 1'!I83 -> 0 | H85: 0 | I85: =(G85+H85) -> 0 | J85: =(I85/F85) -> #DIV/0! | L85: 0 | M85: 0 | N85: =(F85-I85) -> 0
A86: SUBTOTAL | C86: =SUM(C74:C85) -> 36293760 | D86: =SUM(D74:D85) -> 0 | E86: =SUM(E74:E85) -> 0 | F86: =SUM(F74:F85) -> 36293760 | G86: =SUM(G74:G85) -> 4869848 | H86: =SUM(H74:H85) -> 5366074 | I86: =SUM(I74:I85) -> 10235922 | J86: =(I86/F86) -> 0.2820298 | L86: =SUM(L74:L85) -> 0 | M86: =SUM(M74:M85) -> 0 | N86: =SUM(N74:N85) -> 26057838
A87: TOTAL GASTOS ( 1+2+3+4+5) | C87: =C86+C69+C52 -> 115823760 | D87: =D86+D69+D52 -> 0 | E87: =E86+E69+E52 -> 0 | F87: =F86+F69+F52 -> 115823760 | G87: =G86+G69+G52 -> 15669848 | H87: =H86+H69+H52 -> 49753347 | I87: =I86+I69+I52 -> 65423195 | J87: =(I87/F87) -> 0.56485124 | L87: =L86+L69+L52 -> 0 | M87: =M86+M69+M52 -> 0 | N87: =N86+N69+N52 -> 50400565
B88: Nombres y apellidos del representante legal | D88: Nombres y apellidos del Tesorero o Contador | H88: Nombres y apellidos del revisor fiscal (2)
B91: Firma | D91: Firma | H91: Firma
A93: (1) NOTA - En ningún caso el informe de seguimiento financiero podra presentarse con saldos negativos en la columna (10) Total Saldos por ejecutar. | D93: Total Ingresos en el mes | F93: =H22 -> 18179504 | G93: Ingresos Acumulados | J93: =I22 -> 37483464
D94: Total Egresos en el mes | F94: =H87 -> 49753347 | G94: Egresos Acumulados | J94: =I87 -> 65423195
A95: (2) NOTA - Revisor Fiscal: Si está obligado legalmente a tener revisor fiscal. | D95: Saldo del mes | F95: =+F93-F94 -> -31573843 | G95: Saldo acumulado | J95: =J93-J94 -> -27939731
A96: (3) NOTA - El siguiente cuadro debe ser diligenciado de acuerdo con lo establecido en la cláusula contractual forma de desembolso y en cualquier modificación contractual relacionada con alistamiento, memorandos, lineamientos, manuales y/o documentos que hagan parte integral del macroproceso de Protección.
A97: (4) NOTA: Saldo a Reintegrar por alistamiento: El reintegro por alistamiento se presenta de la siguiente forma: 1). Cuando el contrato abarca dos (2) vigencias se debe: a) Tomar el valor del alistamiento de la primer vigencia y restar el valor de la atención de cupos del último período o mes de esa vigencia, el saldo que resulte debe ser reintegrado. b) Tomar el (los) alistamiento (s) de la vigencia actual y restarle el valor de la atención de cupos del último período contractual; el saldo que resulte debe ser reintegrado según lo establecido en la minuta contractual. 2). Cuando el contrato es en una sola vigencia. Se toma el valor del (los) alistamiento (s) y se resta el valor de la atención de cupos del último período contractual. El saldo debe ser reintegrado de acuerdo con lo establecido en la minuta contractual. | D97: Valor alistamiento | F97: =C8 -> 19303960 | G97: MODIFICACIONES CONTRACTUALES | M97: Cantidad | N97: Modalidad
D98: Menos (-) Valor de la atención del periodo o mes objeto de reintegro | F98: =H22 -> 18179504 | G98: Valor Alistamiento por adición Cupos | I98: 0 | K98: Cupos adicionados | M98: 0 | N98: 0
D99: Saldo a Reintegrar Alistamiento | F99: =F97-F98 -> 1124455.7 | G99: Valor Alistamiento por reducción de cupos a reintegrar | I99: 0 | K99: Cupos adicionados | M99: 0 | N99: 0
K100: Cupos adicionados | M100: 0 | N100: 0
K101: Cupos reducidos | M101: 0 | N101: 0
A102: (5) NOTA - En el mes que realicen modificación contractual, en lo relacionado con adiciones o disminuciones de cupos; se debe hacer la operación matémática de forma manual en la columna (L) filas del 5 a la 9 según modalidad. | K102: Cupos reducidos | M102: 0 | N102: 0
A104: SEGUIMIENTO A LAS ADICIONES
A106: OBJETO DEL RECURSO | C106: INGRESOS | G106: ACUMULADO | H106: GASTOS | N106: SALDO
C107: Reinversion | D107: Adición | E107: Disminución | F107: Recurso l final del periodo ejecutado | G107: Valor acumulado | H107: Gastos - mes 2 | I107: Valor total egresos | J107: % Aportes recibidos | L107: Ejecucion de Gastos | N107: Por ejecutar
L108: Gastos Pagados | M108: Cuentas por Pagar
A109: REGISTRO DE ADICIONES
B110: Total | C110: =SUM(C111:C113) -> 0 | D110: =SUM(D111:D113) -> 0 | E110: =SUM(E111:E113) -> 0 | F110: =C110+D110-E110 -> 0 | G110: =SUM(G111:G113) -> 0 | H110: =SUM(H111:H113) -> 0 | I110: =G110+H110 -> 0 | J110: =(I110/F110) -> #DIV/0! | L110: =SUM(L111:L113) -> 0 | M110: =SUM(M111:M113) -> 0 | N110: =F110-I110 -> 0
A111: 1 | B111: Obsequio Cumpleaños | C111: 0 | D111: 0 | E111: 0 | F111: =C111+D111-E111 -> 0 | G111: 0 | H111: 0 | I111: =G111+H111 -> 0 | J111: =(I111/F111) -> #DIV/0! | L111: 0 | M111: 0 | N111: =(F111-I111) -> 0
A112: 2 | B112: Obsequio Celebración Decembrina | C112: 0 | D112: 0 | E112: 0 | F112: =C112+D112-E112 -> 0 | G112: 0 | H112: 0 | I112: =G112+H112 -> 0 | J112: =(I112/F112) -> #DIV/0! | L112: 0 | M112: 0 | N112: =(F112-I112) -> 0
A113: 3 | B113: Cena Navideña | C113: 0 | D113: 0 | E113: 0 | F113: =C113+D113-E113 -> 0 | G113: 0 | H113: 0 | I113: =G113+H113 -> 0 | J113: =(I113/F113) -> #DIV/0! | L113: 0 | M113: 0 | N113: =(F113-I113) -> 0
A116: Nombres y apellidos del representante legal | D116: Nombres y apellidos del Tesorero o Contador | H116: Nombres y apellidos del revisor fiscal
A119: Firma | D119: Firma | H119: Firma

Sheet MES 3
A1: DEFINICIÓN DE LOS RUBROS CONTENIDOS EN EL PRESUPUESTO-HOJA DE SEGUIMIENTO
B2: Regional | C2: =PRESUPUESTO!C2 -> CUNDINAMARCA | E2: Informe correspondiente al período: | G2: Modalidades: | I2: Cupos contratados | J2: Cupos Ejecutados | L2: Cupos Inejecutados | M2: Valor total pagado por modalidad
B3: Centro Zonal | C3: =PRESUPUESTO!C3 -> CUNDINAMARCA | G3: =PRESUPUESTO!$B$15 -> (1) INTERVENCION APOYO PSICOLOGICO | I3: =PRESUPUESTO!J15 -> 40 | J3: 100 | L3: =I3-J3 -> -60 | M3: =(J3*PRESUPUESTO!B11)+(L3*(PRESUPUESTO!B11*PRESUPUESTO!B13)) -> 48259900
B4: Municipio | C4: =PRESUPUESTO!C4 -> CHIA | E4: Fecha de elaboración (dd/mm/aa): | G4: =PRESUPUESTO!$B$16 -> (2) | I4: =PRESUPUESTO!J16 -> 0 | J4: 0 | L4: =I4-J4 -> 0 | M4: =(J4*PRESUPUESTO!C11)+(L4*(PRESUPUESTO!C11*PRESUPUESTO!C13)) -> 0
B5: Entidad contratista | C5: =PRESUPUESTO!I2 -> FUNDACION SAN NICOLAS | G5: =PRESUPUESTO!$B$17 -> (3) | I5: =PRESUPUESTO!J17 -> 0 | J5: 5 | L5: =I5-J5 -> -5 | M5: =(J5*PRESUPUESTO!D11)+(L5*(PRESUPUESTO!D11*PRESUPUESTO!D13)) -> 0
B6: NIT | C6: =PRESUPUESTO!I3 -> 901.604.401-1 | E6: Fecha de presentación (dd/mm/aa): | G6: =PRESUPUESTO!$B$18 -> (4) | I6: =PRESUPUESTO!J18 -> 0 | J6: 4 | L6: =I6-J6 -> -4 | M6: =(J6*PRESUPUESTO!E11)+(L6*(PRESUPUESTO!E11*PRESUPUESTO!E13)) -> 0
B7: Contrato No. | C7: =PRESUPUESTO!I4 -> 25004852025 | G7: =PRESUPUESTO!B19 -> (5) | I7: =PRESUPUESTO!J19 -> 0 | J7: 3 | L7: =I7-J7 -> -3 | M7: =(J7*PRESUPUESTO!F11)+(L7*(PRESUPUESTO!F11*PRESUPUESTO!F13)) -> 0
B8: Valor del alistamiento | C8: =PRESUPUESTO!M7+PRESUPUESTO!M11 -> 19303960 | E8: Vigencia desembolso Alistamiento | G8: =PRESUPUESTO!B20 -> (6) | I8: =PRESUPUESTO!J20 -> 0 | J8: 5 | L8: =I8-J8 -> -5 | M8: =(J8*PRESUPUESTO!G11)+(L8*(PRESUPUESTO!G11*PRESUPUESTO!G13)) -> 0
B9: Fecha desembolso alistamiento | G9: VALOR EJECUCIÓN MES ACTUAL | I9: =SUM(I3:I8) -> 40 | J9: =SUM(J3:K8) -> 117 | L9: =SUM(L3:L8) -> -77 | M9: =SUM(M3:N8) -> 48259900
G10: ADICION | I10: 0 | J10: TOTAL DESEMBOLSO | M10: =+M9+I10 -> 48259900
A11: CODIGO | B11: EJECUCION DE INGRESOS | C11: 1 | D11: 2 | E11: 3 | F11: 4=(1+2)-3 | G11: 5 | H11: -6 | I11: 7=(5+6) | J11: 8=(7/4) | L11: 9 | N11: 10=(4-7)
A12: 1 | B12: OBJETO DEL INGRESO | C12: Presupuesto inicial del periodo a ejecutar | D12: Adición | E12: Disminución | F12: Presupuesto al final del periodo ejecutado | G12: Valor ingresos acumulados al mes 2 | H12: Ingresos - mes 3 | I12: Valor total ingresos al final de periodo ejecutado | J12: % Aportes recibidos | L12: Ejecucion de Gastos | N12: Total saldo por ingresar
L13: Ingresos Pagados | M13: Cuentas por Cobrar
A14: 1100 | B14: Aportes ICBF | C14: =+'MES 2'!F14 -> 115823760 | D14: 0 | E14: 0 | F14: =C14+D14-E14 -> 115823760 | G14: ='MES 2'!I14 -> 37483464 | H14: =M9 -> 48259900 | I14: =G14+H14 -> 85743364 | J14: =(I14/F14) -> 0.74029167 | L14: 0 | M14: 0 | N14: =F14-I14 -> 30080396
A15: 1200 | B15: Acciones complementarias para la gestión en el restablecimiento de derechos y/o administración de justicia (112) | C15: =+PRESUPUESTO!K25 -> 0 | D15: 0 | E15: 0 | F15: =C15+D15-E15 -> 0 | G15: ='MES 2'!I15 -> 0 | H15: 0 | I15: =G15+H15 -> 0 | J15: =(I15/F15) -> #DIV/0! | L15: 0 | M15: 0 | N15: =F15-I15 -> 0
A16: 1300 | B16: Orientación para la vida personal, social, profesional y vocacional (Subproyecto 111) | C16: =+PRESUPUESTO!K26 -> 0 | D16: 0 | E16: 0 | F16: =C16+D16-E16 -> 0 | G16: ='MES 2'!I16 -> 0 | H16: 0 | I16: =G16+H16 -> 0 | J16: =(I16/F16) -> #DIV/0! | L16: 0 | M16: 0 | N16: =F16-I16 -> 0
A17: 1400 | B17: Dotación de unidades aplicativas (Centro costos 114) | C17: =+PRESUPUESTO!K27 -> 0 | D17: 0 | E17: 0 | F17: =C17+D17-E17 -> 0 | G17: ='MES 2'!I17 -> 0 | H17: 0 | I17: =G17+H17 -> 0 | J17: =(I17/F17) -> #DIV/0! | L17: 0 | M17: 0 | N17: =F17-I17 -> 0
A18: 1500 | B18: Donaciones (Cuando aplique) | C18: =+PRESUPUESTO!K28 -> 0 | D18: 0 | E18: 0 | F18: =C18+D18-E18 -> 0 | G18: ='MES 2'!I18 -> 0 | H18: 0 | I18: =G18+H18 -> 0 | J18: =(I18/F18) -> #DIV/0! | L18: 0 | M18: 0 | N18: =F18-I18 -> 0
A19: 1600 | B19: Rendimientos Financieros (Cuando aplique) | C19: =+PRESUPUESTO!K29 -> 0 | D19: 0 | E19: 0 | F19: =C19+D19-E19 -> 0 | G19: ='MES 2'!I19 -> 0 | H19: 0 | I19: =G19+H19 -> 0 | J19: =(I19/F19) -> #DIV/0! | L19: 0 | M19: 0 | N19: =F19-I19 -> 0
A20: 1700 | B20: Aportes de la institución (Cuando aplique) | C20: =+PRESUPUESTO!K30 -> 0 | D20: 0 | E20: 0 | F20: =C20+D20-E20 -> 0 | G20: ='MES 2'!I20 -> 0 | H20: 0 | I20: =G20+H20 -> 0 | J20: =(I20/F20) -> #DIV/0! | L20: 0 | M20: 0 | N20: =F20-I20 -> 0
A21: 1800 | B21: Otros ingresos (Cuando aplique) | C21: =+PRESUPUESTO!K31 -> 0 | D21: 0 | E21: 0 | F21: =C21+D21-E21 -> 0 | G21: ='MES 2'!I21 -> 0 | H21: 0 | I21: =G21+H21 -> 0 | J21: =(I21/F21) -> #DIV/0! | L21: 0 | M21: 0 | N21: =F21-I21 -> 0
A22: TOTAL INGRESOS | C22: =SUM(C14:C21) -> 115823760 | D22: =SUM(D14:D21) -> 0 | E22: =SUM(E14:E21) -> 0 | F22: =SUM(F14:F21) -> 115823760 | G22: =SUM(G14:G21) -> 37483464 | H22: =SUM(H14:H21) -> 48259900 | I22: =SUM(I14:I21) -> 85743364 | J22: =(I22/F22) -> 0.74029167 | L22: =SUM(L14:L21) -> 0 | M22: =SUM(M14:M21) -> 0 | N22: =SUM(N14:N21) -> 30080396
B24: Nombres y apellidos del representante legal | E24: Nombres y Apellidos del Tesorero o Contador Publico | I24: Nombres y apellidos del Revisor FIscal (2)
B27: Firma | E27: Firma | I27: Firma
B29: (1) NOTA - Revisor Fiscal : Si está obligado legalmente a tener revisor fiscal.
A31: GASTOS
A33: CODIGO | B33: EJECUCION DE GASTOS | C33: 1 | D33: 2 | E33: 3 | F33: 4=(1+2)-3 | G33: 5 | H33: 6 | I33: 7=(5+6) | J33: 8=(7/4) | L33: 9 | N33: 10=(4-7)
A34: 2000 | B34: OBJETO DEL GASTO | C34: Presupuesto inicial del periodo a ejecutar | D34: Adición | E34: Disminución | F34: Presupuesto al final del periodo ejecutado | G34: Gastos acumulados al mes 2 | H34: Gastos - mes 3 | I34: Valor total ejecutado al final de periodo | J34: % aportes ejecutados | L34: Ejecucion de Gastos | N34: Total saldo por ejecutar
L35: Gastos Pagados | M35: Cuentas por Pagar
A36: 2100 | B36: 1. TALENTO HUMANO
A37: 2101 | B37: Salario | C37: =+PRESUPUESTO!K36 -> 0 | D37: 0 | E37: 0 | F37: =C37+D37-E37 -> 0 | G37: ='MES 2'!I39 -> 0 | H37: 0 | I37: =G37+H37 -> 0 | J37: =(I37/F37) -> #DIV/0! | L37: 0 | M37: 0 | N37: =(F37-I37) -> 0
A38: 2102 | B38: Auxilio de transporte | C38: =+PRESUPUESTO!K37 -> 0 | D38: 0 | E38: 0 | F38: =C38+D38-E38 -> 0 | G38: ='MES 2'!I40 -> 0 | H38: 0 | I38: =G38+H38 -> 0 | J38: =(I38/F38) -> #DIV/0! | L38: 0 | M38: 0 | N38: =(F38-I38) -> 0
A39: 2103 | B39: Horas extras y recargo nocturno | C39: =+PRESUPUESTO!K38 -> 0 | D39: 0 | E39: 0 | F39: =C39+D39-E39 -> 0 | G39: ='MES 2'!I41 -> 0 | H39: 0 | I39: =G39+H39 -> 0 | J39: =(I39/F39) -> #DIV/0! | L39: 0 | M39: 0 | N39: =(F39-I39) -> 0
A40: 2104 | B40: Cesantías | C40: =+PRESUPUESTO!K39 -> 0 | D40: 0 | E40: 0 | F40: =C40+D40-E40 -> 0 | G40: ='MES 2'!I42 -> 0 | H40: 0 | I40: =G40+H40 -> 0 | J40: =(I40/F40) -> #DIV/0! | L40: 0 | M40: 0 | N40: =(F40-I40) -> 0
A41: 2105 | B41: Vacaciones | C41: =+PRESUPUESTO!K40 -> 0 | D41: 0 | E41: 0 | F41: =C41+D41-E41 -> 0 | G41: ='MES 2'!I43 -> 0 | H41: 0 | I41: =G41+H41 -> 0 | J41: =(I41/F41) -> #DIV/0! | L41: 0 | M41: 0 | N41: =(F41-I41) -> 0
A42: 2106 | B42: Prima de servicios | C42: =+PRESUPUESTO!K41 -> 0 | D42: 0 | E42: 0 | F42: =C42+D42-E42 -> 0 | G42: ='MES 2'!I44 -> 0 | H42: 0 | I42: =G42+H42 -> 0 | J42: =(I42/F42) -> #DIV/0! | L42: 0 | M42: 0 | N42: =(F42-I42) -> 0
A43: 2107 | B43: Intereses/cesantías | C43: =+PRESUPUESTO!K42 -> 0 | D43: 0 | E43: 0 | F43: =C43+D43-E43 -> 0 | G43: ='MES 2'!I45 -> 0 | H43: 0 | I43: =G43+H43 -> 0 | J43: =(I43/F43) -> #DIV/0! | L43: 0 | M43: 0 | N43: =(F43-I43) -> 0
A44: 2108 | B44: Aportes parafiscales (SENA, Icbf y Caja de compensación) | C44: =+PRESUPUESTO!K43 -> 0 | D44: 0 | E44: 0 | F44: =C44+D44-E44 -> 0 | G44: ='MES 2'!I46 -> 0 | H44: 0 | I44: =G44+H44 -> 0 | J44: =(I44/F44) -> #DIV/0! | L44: 0 | M44: 0 | N44: =(F44-I44) -> 0
A45: 2109 | B45: Aportes salud, pensión y ARL | C45: =+PRESUPUESTO!K44 -> 0 | D45: 0 | E45: 0 | F45: =C45+D45-E45 -> 0 | G45: ='MES 2'!I47 -> 0 | H45: 0 | I45: =G45+H45 -> 0 | J45: =(I45/F45) -> #DIV/0! | L45: 0 | M45: 0 | N45: =(F45-I45) -> 0
A46: =+A45+1 -> 2110 | B46: Honorarios | C46: =+PRESUPUESTO!K45 -> 69000000 | D46: 0 | E46: 0 | F46: =C46+D46-E46 -> 69000000 | G46: ='MES 2'!I48 -> 39918759 | H46: 0 | I46: =G46+H46 -> 39918759 | J46: =(I46/F46) -> 0.57853274 | L46: 0 | M46: 0 | N46: =(F46-I46) -> 29081241
A47: =+A46+1 -> 2111 | B47: Dotación trabajadores | C47: =+PRESUPUESTO!K46 -> 0 | D47: 0 | E47: 0 | F47: =C47+D47-E47 -> 0 | G47: ='MES 2'!I49 -> 0 | H47: 0 | I47: =G47+H47 -> 0 | J47: =(I47/F47) -> #DIV/0! | L47: 0 | M47: 0 | N47: =(F47-I47) -> 0
A48: =+A47+1 -> 2112 | B48: Implementación Sistema Integrado de Gestión | C48: =+PRESUPUESTO!K47 -> 3000000 | D48: 0 | E48: 0 | F48: =C48+D48-E48 -> 3000000 | G48: ='MES 2'!I50 -> 500000 | H48: 0 | I48: =G48+H48 -> 500000 | J48: =(I48/F48) -> 0.16666667 | L48: 0 | M48: 0 | N48: =(F48-I48) -> 2500000
A49: =+A48+1 -> 2113 | B49: Otros gastos (Otros ingresos) | C49: =+PRESUPUESTO!K48 -> 0 | D49: 0 | E49: 0 | F49: =C49+D49-E49 -> 0 | G49: ='MES 2'!I51 -> 0 | H49: 0 | I49: =G49+H49 -> 0 | J49: =(I49/F49) -> #DIV/0! | L49: 0 | M49: 0 | N49: =(F49-I49) -> 0
A50: SUBTOTAL | C50: =SUM(C37:C49) -> 72000000 | D50: =SUM(D37:D49) -> 0 | E50: =SUM(E37:E49) -> 0 | F50: =SUM(F37:F49) -> 72000000 | G50: =SUM(G37:G49) -> 40418759 | H50: =SUM(H37:H49) -> 0 | I50: =SUM(I37:I49) -> 40418759 | J50: =(I50/F50) -> 0.56137165 | L50: =SUM(L37:L49) -> 0 | M50: =SUM(M37:M49) -> 0 | N50: =SUM(N37:N49) -> 31581241
A51: 2200 | B51: 2. NIÑOS, NIÑAS Y ADOLECENTES
A52: 2201 | B52: Alimentación | C52: =+PRESUPUESTO!K51 -> 3360000 | D52: 0 | E52: 0 | F52: =C52+D52-E52 -> 3360000 | G52: ='MES 2'!I54 -> 9808814 | H52: 0 | I52: =(G52+H52) -> 9808814 | J52: =(I52/F52) -> 2.9192899 | L52: 0 | M52: 0 | N52: =(F52-I52) -> -6448814
A53: 2202 | B53: Emergencias y botiquín (Medicamentos no incluidos en el POS) | C53: =+PRESUPUESTO!K52 -> 300000 | D53: 0 | E53: 0 | F53: =C53+D53-E53 -> 300000 | G53: ='MES 2'!I55 -> 59000 | H53: 0 | I53: =(G53+H53) -> 59000 | J53: =(I53/F53) -> 0.19666667 | L53: 0 | M53: 0 | N53: =(F53-I53) -> 241000
A54: 2203 | B54: Educación (Dotación escolar, material pedagógico y de aseo escolar) | C54: =+PRESUPUESTO!K53 -> 900000 | D54: 0 | E54: 0 | F54: =C54+D54-E54 -> 900000 | G54: ='MES 2'!I56 -> 2014800 | H54: 0 | I54: =(G54+H54) -> 2014800 | J54: =(I54/F54) -> 2.2386667 | L54: 0 | M54: 0 | N54: =(F54-I54) -> -1114800
A55: 2204 | B55: Dotación personal | C55: =+PRESUPUESTO!K54 -> 0 | D55: 0 | E55: 0 | F55: =C55+D55-E55 -> 0 | G55: ='MES 2'!I57 -> 811000 | H55: 0 | I55: =(G55+H55) -> 811000 | J55: =(I55/F55) -> #DIV/0! | L55: 0 | M55: 0 | N55: =(F55-I55) -> -811000
A56: 2205 | B56: Dotación de aseo e higiene personal | C56: =+PRESUPUESTO!K55 -> 0 | D56: 0 | E56: 0 | F56: =C56+D56-E56 -> 0 | G56: ='MES 2'!I58 -> 451400 | H56: 0 | I56: =(G56+H56) -> 451400 | J56: =(I56/F56) -> #DIV/0! | L56: 0 | M56: 0 | N56: =(F56-I56) -> -451400
A57: 2206 | B57: Recreación | C57: =+PRESUPUESTO!K56 -> 600000 | D57: 0 | E57: 0 | F57: =C57+D57-E57 -> 600000 | G57: ='MES 2'!I59 -> 395500 | H57: 0 | I57: =(G57+H57) -> 395500 | J57: =(I57/F57) -> 0.65916667 | L57: 0 | M57: 0 | N57: =(F57-I57) -> 204500
A58: 2207 | B58: Dotación lúdico deportiva (por reposición) | C58: =+PRESUPUESTO!K57 -> 720000 | D58: 0 | E58: 0 | F58: =C58+D58-E58 -> 720000 | G58: ='MES 2'!I60 -> 0 | H58: 0 | I58: =(G58+H58) -> 0 | J58: =(I58/F58) -> 0 | L58: 0 | M58: 0 | N58: =(F58-I58) -> 720000
A59: 2208 | B59: Transporte para niños, niñas y adolescentes | C59: =+PRESUPUESTO!K58 -> 1650000 | D59: 0 | E59: 0 | F59: =C59+D59-E59 -> 1650000 | G59: ='MES 2'!I61 -> 1228000 | H59: 0 | I59: =(G59+H59) -> 1228000 | J59: =(I59/F59) -> 0.74424242 | L59: 0 | M59: 0 | N59: =(F59-I59) -> 422000
A60: 2209 | B60: Centros de Interés - Artes (Solo SRPA) | C60: =+PRESUPUESTO!K59 -> 0 | D60: 0 | E60: 0 | F60: =C60+D60-E60 -> 0 | G60: ='MES 2'!I62 -> 0 | H60: 0 | I60: =(G60+H60) -> 0 | J60: =(I60/F60) -> #DIV/0! | L60: 0 | M60: 0 | N60: =(F60-I60) -> 0
A61: 2210 | B61: Acciones complementarias para la gestión en el restablecimiento de derechos y/o administración de justicia (Subproyecto 112) | C61: =+PRESUPUESTO!K60 -> 0 | D61: 0 | E61: 0 | F61: =C61+D61-E61 -> 0 | G61: ='MES 2'!I63 -> 0 | H61: 0 | I61: =(G61+H61) -> 0 | J61: =(I61/F61) -> #DIV/0! | L61: 0 | M61: 0 | N61: =(F61-I61) -> 0
A62: 2211 | B62: Orientación para la vida personal, social, profesional y vocacional (Subproyecto 111) | C62: =+PRESUPUESTO!K61 -> 0 | D62: 0 | E62: 0 | F62: =C62+D62-E62 -> 0 | G62: ='MES 2'!I64 -> 0 | H62: 0 | I62: =(G62+H62) -> 0 | J62: =(I62/F62) -> #DIV/0! | L62: 0 | M62: 0 | N62: =(F62-I62) -> 0
A63: 2212 | B63: Dotación básica (Aplica por reposición o adición al contrato) | C63: =+PRESUPUESTO!K62 -> 0 | D63: 0 | E63: 0 | F63: =C63+D63-E63 -> 0 | G63: ='MES 2'!I65 -> 0 | H63: 0 | I63: =(G63+H63) -> 0 | J63: =(I63/F63) -> #DIV/0! | L63: 0 | M63: 0 | N63: =(F63-I63) -> 0
... A66: 2215 | B66: Otros gastos (Otros ingresos) (Otros ingresos) | C66: =+PRESUPUESTO!K65 -> 0 | D66: 0 | E66: 0 | F66: =C66+D66-E66 -> 0 | G66: ='MES 2'!I68 -> 0 | H66: 0 | I66: =(G66+H66) -> 0 | J66: =(I66/F66) -> #DIV/0! | L66: 0 | M66: 0 | N66: =(F66-I66) -> 0
A67: SUBTOTAL | C67: =SUM(C52:C66) -> 7530000 | D67: =SUM(D52:D66) -> 0 | E67: =SUM(E52:E66) -> 0 | F67: =SUM(F52:F66) -> 7530000 | G67: =SUM(G52:G66) -> 14768514 | H67: =SUM(H52:H66) -> 0 | I67: =SUM(I52:I66) -> 14768514 | J67: =(I67/F67) -> 1.96129 | L67: =SUM(L52:L66) -> 0 | M67: =SUM(M52:M66) -> 0 | N67: =SUM(N52:N66) -> -7238514
A68: CODIGO | B68: EJECUCION DE GASTOS | C68: 1 | D68: 2 | E68: 3 | F68: 4=(1+2)-3 | G68: 5 | H68: 6 | I68: 7=(5+6) | J68: 8=(7/4) | L68: 9 | N68: 10=(4-7)
A69: 2000 | B69: OBJETO DEL GASTO | C69: =C34 -> Presupuesto inicial del periodo a ejecutar | D69: Adición | E69: Disminución | F69: =F34 -> Presupuesto al final del periodo ejecutado | G69: =G34 -> Gastos acumulados al mes 2 | H69: =H34 -> Gastos - mes 3 | I69: =I34 -> Valor total ejecutado al final de periodo | J69: % aportes ejecutados | L69: Ejecucion de Gastos | N69: =N34 -> Total saldo por ejecutar
L70: Gastos Pagados | M70: Cuentas por Pagar
A71: 2300 | B71: 3. GASTOS GENERALES Y ADMINISTRATIVOS
A72: 2301 | B72: Servicios públicos | C72: =+PRESUPUESTO!K68 -> 3000000 | D72: 0 | E72: 0 | F72: =C72+D72-E72 -> 3000000 | G72: ='MES 2'!I74 -> 711600 | H72: 0 | I72: =(G72+H72) -> 711600 | J72: =(I72/F72) -> 0.2372 | L72: 0 | M72: 0 | N72: =(F72-I72) -> 2288400
A73: 2302 | B73: Mantenimiento y reparaciones instalaciones locativas | C73: =+PRESUPUESTO!K69 -> 300000 | D73: 0 | E73: 0 | F73: =C73+D73-E73 -> 300000 | G73: ='MES 2'!I75 -> 250000 | H73: 0 | I73: =(G73+H73) -> 250000 | J73: =(I73/F73) -> 0.83333333 | L73: 0 | M73: 0 | N73: =(F73-I73) -> 50000
A74: 2303 | B74: Utilización de instalaciones en ambientes sanos y adecuados | C74: =+PRESUPUESTO!K70 -> 21000000 | D74: 0 | E74: 0 | F74: =C74+D74-E74 -> 21000000 | G74: ='MES 2'!I76 -> 3500000 | H74: 0 | I74: =(G74+H74) -> 3500000 | J74: =(I74/F74) -> 0.16666667 | L74: 0 | M74: 0 | N74: =(F74-I74) -> 17500000
A75: 2304 | B75: Reparación y mantenimiento de dotación institucional | C75: =+PRESUPUESTO!K71 -> 780000 | D75: 0 | E75: 0 | F75: =C75+D75-E75 -> 780000 | G75: ='MES 2'!I77 -> 0 | H75: 0 | I75: =(G75+H75) -> 0 | J75: =(I75/F75) -> 0 | L75: 0 | M75: 0 | N75: =(F75-I75) -> 780000
A76: 2305 | B76: Papelería | C76: =+PRESUPUESTO!K72 -> 960000 | D76: 0 | E76: 0 | F76: =C76+D76-E76 -> 960000 | G76: ='MES 2'!I78 -> 433500 | H76: 0 | I76: =(G76+H76) -> 433500 | J76: =(I76/F76) -> 0.4515625 | L76: 0 | M76: 0 | N76: =(F76-I76) -> 526500
A77: 2306 | B77: Aseo | C77: =+PRESUPUESTO!K73 -> 900000 | D77: 0 | E77: 0 | F77: =C77+D77-E77 -> 900000 | G77: ='MES 2'!I79 -> 260500 | H77: 0 | I77: =(G77+H77) -> 260500 | J77: =(I77/F77) -> 0.28944444 | L77: 0 | M77: 0 | N77: =(F77-I77) -> 639500
A78: 2307 | B78: Transporte personal institución para visitas domiciliarias a los hogares y/o traslado de niños, niñas y adolescentes | C78: =+PRESUPUESTO!K74 -> 1470000 | D78: 0 | E78: 0 | F78: =C78+D78-E78 -> 1470000 | G78: ='MES 2'!I80 -> 1020000 | H78: 0 | I78: =(G78+H78) -> 1020000 | J78: =(I78/F78) -> 0.69387755 | L78: 0 | M78: 0 | N78: =(F78-I78) -> 450000
A79: 2308 | B79: Gravamen a los movimientos financieros (4 por mil) | C79: =+PRESUPUESTO!K75 -> 463290 | D79: 0 | E79: 0 | F79: =C79+D79-E79 -> 463290 | G79: ='MES 2'!I81 -> 0 | H79: 0 | I79: =(G79+H79) -> 0 | J79: =(I79/F79) -> 0 | L79: 0 | M79: 0 | N79: =(F79-I79) -> 463290
A80: 2309 | B80: Gastos bancarios (comisiones, transferencias y chequeras) | C80: =+PRESUPUESTO!K76 -> 820470 | D80: 0 | E80: 0 | F80: =C80+D80-E80 -> 820470 | G80: ='MES 2'!I82 -> 239226 | H80: 0 | I80: =(G80+H80) -> 239226 | J80: =(I80/F80) -> 0.2915719 | L80: 0 | M80: 0 | N80: =(F80-I80) -> 581244
A81: 2310 | B81: Servicio de contabilidad | C81: =+PRESUPUESTO!K77 -> 6600000 | D81: 0 | E81: 0 | F81: =C81+D81-E81 -> 6600000 | G81: ='MES 2'!I83 -> 2200000 | H81: 0 | I81: =(G81+H81) -> 2200000 | J81: =(I81/F81) -> 0.33333333 | L81: 0 | M81: 0 | N81: =(F81-I81) -> 4400000
A82: 2311 | B82: Otros (lo que se requiera para el adecuado desarrollo de la modalidad) | C82: =+PRESUPUESTO!K78 -> 0 | D82: 0 | E82: 0 | F82: =C82+D82-E82 -> 0 | G82: ='MES 2'!I84 -> 1621096 | H82: 0 | I82: =(G82+H82) -> 1621096 | J82: =(I82/F82) -> #DIV/0! | L82: 0 | M82: 0 | N82: =(F82-I82) -> -1621096
A83: 2312 | B83: Otros gastos (Otros ingresos) | C83: =+PRESUPUESTO!K79 -> 0 | D83: 0 | E83: 0 | F83: =C83+D83-E83 -> 0 | G83: ='MES 2'!I85 -> 0 | H83: 0 | I83: =(G83+H83) -> 0 | J83: =(I83/F83) -> #DIV/0! | L83: 0 | M83: 0 | N83: =(F83-I83) -> 0
A84: SUBTOTAL | C84: =SUM(C72:C83) -> 36293760 | D84: =SUM(D72:D83) -> 0 | E84: =SUM(E72:E83) -> 0 | F84: =SUM(F72:F83) -> 36293760 | G84: =SUM(G72:G83) -> 10235922 | H84: =SUM(H72:H83) -> 0 | I84: =SUM(I72:I83) -> 10235922 | J84: =(I84/F84) -> 0.2820298 | L84: =SUM(L72:L83) -> 0 | M84: =SUM(M72:M83) -> 0 | N84: =SUM(N72:N83) -> 26057838
A85: TOTAL GASTOS ( 1+2+3+4+5) | C85: =C84+C67+C50 -> 115823760 | D85: =D84+D67+D50 -> 0 | E85: =E84+E67+E50 -> 0 | F85: =F84+F67+F50 -> 115823760 | G85: =G84+G67+G50 -> 65423195 | H85: =H84+H67+H50 -> 0 | I85: =I84+I67+I50 -> 65423195 | J85: =(I85/F85) -> 0.56485124 | L85: =L84+L67+L50 -> 0 | M85: =M84+M67+M50 -> 0 | N85: =N84+N67+N50 -> 50400565
B86: Nombres y apellidos del representante legal | D86: Nombres y apellidos del Tesorero o Contador | H86: Nombres y apellidos del revisor fiscal (2)
B89: Firma | D89: Firma | H89: Firma
A91: (1) NOTA - En ningún caso el informe de seguimiento financiero podra presentarse con saldos negativos en la columna (10) Total Saldos por ejecutar. | D91: Total Ingresos en el mes | F91: =H22 -> 48259900 | G91: Ingresos Acumulados | J91: =F91+'MES 2'!J93 -> 85743364
D92: Total Egresos en el mes | F92: =H85 -> 0 | G92: Egresos Acumulados | J92: =+F92+'MES 2'!J94 -> 65423195
A93: (2) NOTA - Revisor Fiscal: Si está obligado legalmente a tener revisor fiscal. | D93: Saldo del mes | F93: =+F91-F92 -> 48259900 | G93: Saldo acumulado | J93: =J91-J92 -> 20320169
A94: (3) NOTA - El siguiente cuadro debe ser diligenciado de acuerdo con lo establecido en la cláusula contractual forma de desembolso y en cualquier modificación contractual relacionada con alistamiento, memorandos, lineamientos, manuales y/o documentos que hagan parte integral del macroproceso de Protección.
A95: (4) NOTA: Saldo a Reintegrar por alistamiento: El reintegro por alistamiento se presenta de la siguiente forma: 1). Cuando el contrato abarca dos (2) vigencias se debe: a) Tomar el valor del alistamiento de la primer vigencia y restar el valor de la atención de cupos del último período o mes de esa vigencia, el saldo que resulte debe ser reintegrado. b) Tomar el (los) alistamiento (s) de la vigencia actual y restarle el valor de la atención de cupos del último período contractual; el saldo que resulte debe ser reintegrado según lo establecido en la minuta contractual. 2). Cuando el contrato es en una sola vigencia. Se toma el valor del (los) alistamiento (s) y se resta el valor de la atención de cupos del último período contractual. El saldo debe ser reintegrado de acuerdo con lo establecido en la minuta contractual. | D95: Valor alistamientos | F95: =C8 -> 19303960 | G95: MODIFICACIONES CONTRACTUALES
D96: Menos (-) Valor de la atención del periodo o mes objeto de reintegro | F96: =H22 -> 48259900 | G96: Valor Alistamiento por adición Cupos | I96: 0 | M96: Cantidad | N96: Modalidad
D97: Saldo a Reintegrar Alistamiento | F97: =F95-F96 -> -28955940 | G97: Valor Alistamiento por reducción de cupos a reintegrar | I97: 0 | K97: Cupos adicionados | M97: 0 | N97: 0
K98: Cupos adicionados | M98: 0 | N98: 0
A99: (5) NOTA - En el mes que realicen modificación contractual, en lo relacionado con adiciones o disminuciones de cupos; se debe hacer la operación matémática de forma manual en la columna (L) filas del 5 a la 9 según modalidad. | K99: Cupos adicionados | M99: 0 | N99: 0
K100: Cupos reducidos | M100: 0 | N100: 0
K101: Cupos reducidos | M101: 0 | N101: 0
A103: SEGUIMIENTO A LAS ADICIONES
A105: OBJETO DEL RECURSO | C105: INGRESOS | G105: ACUMULADO | H105: GASTOS | N105: SALDO
C106: Reinversion | D106: Adición | E106: Disminución | F106: Recurso l final del periodo ejecutado | G106: Valor acumulado | H106: Gastos - mes 3 | I106: Valor total egresos | J106: % Aportes recibidos | L106: Ejecucion de Gastos | N106: Por ejecutar
L107: Gastos Pagados | M107: Cuentas por Pagar
A108: REGISTRO DE ADICIONES
B109: Total | C109: =SUM(C110:C112) -> 0 | D109: =SUM(D110:D112) -> 0 | E109: =SUM(E110:E112) -> 0 | F109: =C109+D109-E109 -> 0 | G109: =SUM(G110:G112) -> 0 | H109: =SUM(H110:H112) -> 0 | I109: =G109+H109 -> 0 | J109: =(I109/F109) -> #DIV/0! | L109: =SUM(L110:L112) -> 0 | M109: =SUM(M110:M112) -> 0 | N109: =F109-I109 -> 0
A110: 1 | B110: Obsequio Cumpleaños | C110: 0 | D110: 0 | E110: 0 | F110: =C110+D110-E110 -> 0 | G110: 0 | H110: 0 | I110: =G110+H110 -> 0 | J110: =(I110/F110) -> #DIV/0! | L110: 0 | M110: 0 | N110: =(F110-I110) -> 0
A111: 2 | B111: Obsequio Celebración Decembrina | C111: 0 | D111: 0 | E111: 0 | F111: =C111+D111-E111 -> 0 | G111: 0 | H111: 0 | I111: =G111+H111 -> 0 | J111: =(I111/F111) -> #DIV/0! | L111: 0 | M111: 0 | N111: =(F111-I111) -> 0
A112: 3 | B112: Cena Navideña | C112: 0 | D112: 0 | E112: 0 | F112: =C112+D112-E112 -> 0 | G112: 0 | H112: 0 | I112: =G112+H112 -> 0 | J112: =(I112/F112) -> #DIV/0! | L112: 0 | M112: 0 | N112: =(F112-I112) -> 0
A115: Nombres y apellidos del representante legal | D115: Nombres y apellidos del Tesorero o Contador | H115: Nombres y apellidos del revisor fiscal
...

Sheet MES 4
A1: DEFINICIÓN DE LOS RUBROS CONTENIDOS EN EL PRESUPUESTO-HOJA DE SEGUIMIENTO
B2: Regional | C2: =PRESUPUESTO!C2 -> CUNDINAMARCA | E2: Informe correspondiente al período: | G2: Modalidades: | I2: Cupos contratados | J2: Cupos Ejecutados | L2: Cupos Inejecutados | M2: Valor total pagado por modalidad
B3: Centro Zonal | C3: =PRESUPUESTO!C3 -> CUNDINAMARCA | G3: =PRESUPUESTO!$B$15 -> (1) INTERVENCION APOYO PSICOLOGICO | I3: =PRESUPUESTO!J15 -> 40 | J3: 100 | L3: =I3-J3 -> -60 | M3: =(J3*PRESUPUESTO!B11)+(L3*(PRESUPUESTO!B11*PRESUPUESTO!B13)) -> 48259900
B4: Municipio | C4: =PRESUPUESTO!C4 -> CHIA | E4: Fecha de elaboración (dd/mm/aa): | G4: =PRESUPUESTO!$B$16 -> (2) | I4: =PRESUPUESTO!J16 -> 0 | J4: 0 | L4: =I4-J4 -> 0 | M4: =(J4*PRESUPUESTO!C11)+(L4*(PRESUPUESTO!C11*PRESUPUESTO!C13)) -> 0
B5: Entidad contratista | C5: =PRESUPUESTO!I2 -> FUNDACION SAN NICOLAS | G5: =PRESUPUESTO!$B$17 -> (3) | I5: =PRESUPUESTO!J17 -> 0 | J5: 0 | L5: =I5-J5 -> 0 | M5: =(J5*PRESUPUESTO!D11)+(L5*(PRESUPUESTO!D11*PRESUPUESTO!D13)) -> 0
B6: NIT | C6: =PRESUPUESTO!I3 -> 901.604.401-1 | E6: Fecha de presentación (dd/mm/aa): | G6: =PRESUPUESTO!$B$18 -> (4) | I6: =PRESUPUESTO!J18 -> 0 | J6: 0 | L6: =I6-J6 -> 0 | M6: =(J6*PRESUPUESTO!E11)+(L6*(PRESUPUESTO!E11*PRESUPUESTO!E13)) -> 0
B7: Contrato No. | C7: =PRESUPUESTO!I4 -> 25004852025 | G7: =PRESUPUESTO!B19 -> (5) | I7: =PRESUPUESTO!J19 -> 0 | J7: 0 | L7: =I7-J7 -> 0 | M7: =(J7*PRESUPUESTO!F11)+(L7*(PRESUPUESTO!F11*PRESUPUESTO!F13)) -> 0
B8: Valor del alistamiento | C8: =PRESUPUESTO!M7+PRESUPUESTO!M11 -> 19303960 | E8: Vigencia desembolso Alistamiento | G8: =PRESUPUESTO!B20 -> (6) | I8: =PRESUPUESTO!J20 -> 0 | J8: 0 | L8: =I8-J8 -> 0 | M8: =(J8*PRESUPUESTO!G11)+(L8*(PRESUPUESTO!G11*PRESUPUESTO!G13)) -> 0
B9: Fecha desembolso alistamiento | G9: VALOR EJECUCIÓN MES ACTUAL | I9: =SUM(I3:I8) -> 40 | J9: =SUM(J3:K8) -> 100 | L9: =SUM(L3:L8) -> -60 | M9: =SUM(M3:N8) -> 48259900
G10: ADICION | I10: 0 | J10: TOTAL DESEMBOLSO | M10: =+M9+I10 -> 48259900
A11: CODIGO | B11: EJECUCION DE INGRESOS | C11: 1 | D11: 2 | E11: 3 | F11: 4=(1+2)-3 | G11: 5 | H11: -6 | I11: 7=(5+6) | J11: 8=(7/4) | L11: 9 | N11: 10=(4-7)
A12: 1 | B12: OBJETO DEL INGRESO | C12: Presupuesto inicial del periodo a ejecutar | D12: Adición | E12: Disminución | F12: Presupuesto al final del periodo ejecutado | G12: Valor ingresos acumulados al mes 3 | H12: Ingresos - mes 4 | I12: Valor total ingresos al final de periodo ejecutado | J12: % Aportes recibidos | L12: Ejecucion de Gastos | N12: Total saldo por ingresar
L13: Ingresos Pagados | M13: Cuentas por Cobrar
A14: 1100 | B14: Aportes ICBF | C14: =+'MES 3'!F14 -> 115823760 | D14: 0 | E14: 0 | F14: =C14+D14-E14 -> 115823760 | G14: ='MES 3'!I14 -> 85743364 | H14: =M9 -> 48259900 | I14: =G14+H14 -> 1.3400326e+08 | J14: =(I14/F14) -> 1.1569583 | L14: 0 | M14: 0 | N14: =F14-I14 -> -18179504
A15: 1200 | B15: Acciones complementarias para la gestión en el restablecimiento de derechos y/o administración de justicia (112) | C15: =+PRESUPUESTO!K25 -> 0 | D15: 0 | E15: 0 | F15: =C15+D15-E15 -> 0 | G15: ='MES 3'!I15 -> 0 | H15: 0 | I15: =G15+H15 -> 0 | J15: =(I15/F15) -> #DIV/0! | L15: 0 | M15: 0 | N15: =F15-I15 -> 0
A16: 1300 | B16: Orientación para la vida personal, social, profesional y vocacional (Subproyecto 111) | C16: =+PRESUPUESTO!K26 -> 0 | D16: 0 | E16: 0 | F16: =C16+D16-E16 -> 0 | G16: ='MES 3'!I16 -> 0 | H16: 0 | I16: =G16+H16 -> 0 | J16: =(I16/F16) -> #DIV/0! | L16: 0 | M16: 0 | N16: =F16-I16 -> 0
A17: 1400 | B17: Dotación de unidades aplicativas (Centro costos 114) | C17: =+PRESUPUESTO!K27 -> 0 | D17: 0 | E17: 0 | F17: =C17+D17-E17 -> 0 | G17: ='MES 3'!I17 -> 0 | H17: 0 | I17: =G17+H17 -> 0 | J17: =(I17/F17) -> #DIV/0! | L17: 0 | M17: 0 | N17: =F17-I17 -> 0
A18: 1500 | B18: Donaciones (Cuando aplique) | C18: =+PRESUPUESTO!K28 -> 0 | D18: 0 | E18: 0 | F18: =C18+D18-E18 -> 0 | G18: ='MES 3'!I18 -> 0 | H18: 0 | I18: =G18+H18 -> 0 | J18: =(I18/F18) -> #DIV/0! | L18: 0 | M18: 0 | N18: =F18-I18 -> 0
A19: 1600 | B19: Rendimientos Financieros (Cuando aplique) | C19: =+PRESUPUESTO!K29 -> 0 | D19: 0 | E19: 0 | F19: =C19+D19-E19 -> 0 | G19: ='MES 3'!I19 -> 0 | H19: 0 | I19: =G19+H19 -> 0 | J19: =(I19/F19) -> #DIV/0! | L19: 0 | M19: 0 | N19: =F19-I19 -> 0
A20: 1700 | B20: Aportes de la institución (Cuando aplique) | C20: =+PRESUPUESTO!K30 -> 0 | D20: 0 | E20: 0 | F20: =C20+D20-E20 -> 0 | G20: ='MES 3'!I20 -> 0 | H20: 0 | I20: =G20+H20 -> 0 | J20: =(I20/F20) -> #DIV/0! | L20: 0 | M20: 0 | N20: =F20-I20 -> 0
A21: 1800 | B21: Otros ingresos (Cuando aplique) | C21: =+PRESUPUESTO!K31 -> 0 | D21: 0 | E21: 0 | F21: =C21+D21-E21 -> 0 | G21: ='MES 3'!I21 -> 0 | H21: 0 | I21: =G21+H21 -> 0 | J21: =(I21/F21) -> #DIV/0! | L21: 0 | M21: 0 | N21: =F21-I21 -> 0
A22: TOTAL INGRESOS | C22: =SUM(C14:C21) -> 115823760 | D22: =SUM(D14:D21) -> 0 | E22: =SUM(E14:E21) -> 0 | F22: =SUM(F14:F21) -> 115823760 | G22: =SUM(G14:G21) -> 85743364 | H22: =SUM(H14:H21) -> 48259900 | I22: =SUM(I14:I21) -> 1.3400326e+08 | J22: =(I22/F22) -> 1.1569583 | L22: =SUM(L14:L21) -> 0 | M22: =SUM(M14:M21) -> 0 | N22: =SUM(N14:N21) -> -18179504
B24: Nombres y apellidos del representante legal | E24: Nombres y Apellidos del Tesorero o Contador Publico | I24: Nombres y apellidos del Revisor FIscal (2)
B27: Firma | E27: Firma | I27: Firma
B29: (1) NOTA - Revisor Fiscal : Si está obligado legalmente a tener revisor fiscal.
A32: GASTOS
A34: CODIGO | B34: EJECUCION DE INGRESOS | C34: 1 | D34: 2 | E34: 3 | F34: 4=(1+2)-3 | G34: 5 | H34: -6 | I34: 7=(5+6) | J34: 8=(7/4) | L34: 9 | N34: 10=(4-7)
A35: 2000 | B35: OBJETO DEL GASTO | C35: Presupuesto inicial del periodo a ejecutar | D35: Adición | E35: Disminución | F35: Presupuesto al final del periodo ejecutado | G35: Gastos acumulados al mes 3 | H35: Gastos - mes 4 | I35: Valor total ejecutado al final de periodo | J35: % aportes ejecutados | L35: Ejecucion de Gastos | N35: Total saldo por ejecutar
L36: Gastos Pagados | M36: Cuentas por Pagar
A37: 2100 | B37: 1. TALENTO HUMANO
A38: 2101 | B38: Salario | C38: =+PRESUPUESTO!K36 -> 0 | D38: 0 | E38: 0 | F38: =C38+D38-E38 -> 0 | G38: ='MES 3'!I37 -> 0 | H38: 0 | I38: =G38+H38 -> 0 | J38: =(I38/F38) -> #DIV/0! | L38: 0 | M38: 0 | N38: =(F38-I38) -> 0
A39: 2102 | B39: Auxilio de transporte | C39: =+PRESUPUESTO!K37 -> 0 | D39: 0 | E39: 0 | F39: =C39+D39-E39 -> 0 | G39: ='MES 3'!I38 -> 0 | H39: 0 | I39: =G39+H39 -> 0 | J39: =(I39/F39) -> #DIV/0! | L39: 0 | M39: 0 | N39: =(F39-I39) -> 0
A40: 2103 | B40: Horas extras y recargo nocturno | C40: =+PRESUPUESTO!K38 -> 0 | D40: 0 | E40: 0 | F40: =C40+D40-E40 -> 0 | G40: ='MES 3'!I39 -> 0 | H40: 0 | I40: =G40+H40 -> 0 | J40: =(I40/F40) -> #DIV/0! | L40: 0 | M40: 0 | N40: =(F40-I40) -> 0
A41: 2104 | B41: Cesantías | C41: =+PRESUPUESTO!K39 -> 0 | D41: 0 | E41: 0 | F41: =C41+D41-E41 -> 0 | G41: ='MES 3'!I40 -> 0 | H41: 0 | I41: =G41+H41 -> 0 | J41: =(I41/F41) -> #DIV/0! | L41: 0 | M41: 0 | N41: =(F41-I41) -> 0
A42: 2105 | B42: Vacaciones | C42: =+PRESUPUESTO!K40 -> 0 | D42: 0 | E42: 0 | F42: =C42+D42-E42 -> 0 | G42: ='MES 3'!I41 -> 0 | H42: 0 | I42: =G42+H42 -> 0 | J42: =(I42/F42) -> #DIV/0! | L42: 0 | M42: 0 | N42: =(F42-I42) -> 0
A43: 2106 | B43: Prima de servicios | C43: =+PRESUPUESTO!K41 -> 0 | D43: 0 | E43: 0 | F43: =C43+D43-E43 -> 0 | G43: ='MES 3'!I42 -> 0 | H43: 0 | I43: =G43+H43 -> 0 | J43: =(I43/F43) -> #DIV/0! | L43: 0 | M43: 0 | N43: =(F43-I43) -> 0
A44: 2107 | B44: Intereses/cesantías | C44: =+PRESUPUESTO!K42 -> 0 | D44: 0 | E44: 0 | F44: =C44+D44-E44 -> 0 | G44: ='MES 3'!I43 -> 0 | H44: 0 | I44: =G44+H44 -> 0 | J44: =(I44/F44) -> #DIV/0! | L44: 0 | M44: 0 | N44: =(F44-I44) -> 0
A45: 2108 | B45: Aportes parafiscales (SENA, Icbf y Caja de compensación) | C45: =+PRESUPUESTO!K43 -> 0 | D45: 0 | E45: 0 | F45: =C45+D45-E45 -> 0 | G45: ='MES 3'!I44 -> 0 | H45: 0 | I45: =G45+H45 -> 0 | J45: =(I45/F45) -> #DIV/0! | L45: 0 | M45: 0 | N45: =(F45-I45) -> 0
A46: 2109 | B46: Aportes salud, pensión y ARL | C46: =+PRESUPUESTO!K44 -> 0 | D46: 0 | E46: 0 | F46: =C46+D46-E46 -> 0 | G46: ='MES 3'!I45 -> 0 | H46: 0 | I46: =G46+H46 -> 0 | J46: =(I46/F46) -> #DIV/0! | L46: 0 | M46: 0 | N46: =(F46-I46) -> 0
A47: =+A46+1 -> 2110 | B47: Honorarios | C47: =+PRESUPUESTO!K45 -> 69000000 | D47: 0 | E47: 0 | F47: =C47+D47-E47 -> 69000000 | G47: ='MES 3'!I46 -> 39918759 | H47: 0 | I47: =G47+H47 -> 39918759 | J47: =(I47/F47) -> 0.57853274 | L47: 0 | M47: 0 | N47: =(F47-I47) -> 29081241
A48: =+A47+1 -> 2111 | B48: Dotación trabajadores | C48: =+PRESUPUESTO!K46 -> 0 | D48: 0 | E48: 0 | F48: =C48+D48-E48 -> 0 | G48: ='MES 3'!I47 -> 0 | H48: 0 | I48: =G48+H48 -> 0 | J48: =(I48/F48) -> #DIV/0! | L48: 0 | M48: 0 | N48: =(F48-I48) -> 0
A49: =+A48+1 -> 2112 | B49: Implementación Sistema Integrado de Gestión | C49: =+PRESUPUESTO!K47 -> 3000000 | D49: 0 | E49: 0 | F49: =C49+D49-E49 -> 3000000 | G49: ='MES 3'!I48 -> 500000 | H49: 0 | I49: =G49+H49 -> 500000 | J49: =(I49/F49) -> 0.16666667 | L49: 0 | M49: 0 | N49: =(F49-I49) -> 2500000
A50: =+A49+1 -> 2113 | B50: Otros gastos (Otros ingresos) | C50: =+PRESUPUESTO!K48 -> 0 | D50: 0 | E50: 0 | F50: =C50+D50-E50 -> 0 | G50: ='MES 3'!I49 -> 0 | H50: 0 | I50: =G50+H50 -> 0 | J50: =(I50/F50) -> #DIV/0! | L50: 0 | M50: 0 | N50: =(F50-I50) -> 0
A51: SUBTOTAL | C51: =SUM(C38:C50) -> 72000000 | D51: =SUM(D38:D50) -> 0 | E51: =SUM(E38:E50) -> 0 | F51: =SUM(F38:F50) -> 72000000 | G51: =SUM(G38:G50) -> 40418759 | H51: =SUM(H38:H50) -> 0 | I51: =SUM(I38:I50) -> 40418759 | J51: =(I51/F51) -> 0.56137165 | L51: =SUM(L38:L50) -> 0 | M51: =SUM(M38:M50) -> 0 | N51: =SUM(N38:N50) -> 31581241
A52: 2200 | B52: 2. NIÑOS, NIÑAS Y ADOLECENTES
A53: 2201 | B53: Alimentación | C53: =+PRESUPUESTO!K51 -> 3360000 | D53: 0 | E53: 0 | F53: =C53+D53-E53 -> 3360000 | G53: ='MES 3'!I52 -> 9808814 | H53: 0 | I53: =(G53+H53) -> 9808814 | J53: =(I53/F53) -> 2.9192899 | L53: 0 | M53: 0 | N53: =(F53-I53) -> -6448814
A54: 2202 | B54: Emergencias y botiquín (Medicamentos no incluidos en el POS) | C54: =+PRESUPUESTO!K52 -> 300000 | D54: 0 | E54: 0 | F54: =C54+D54-E54 -> 300000 | G54: ='MES 3'!I53 -> 59000 | H54: 0 | I54: =(G54+H54) -> 59000 | J54: =(I54/F54) -> 0.19666667 | L54: 0 | M54: 0 | N54: =(F54-I54) -> 241000
A55: 2203 | B55: Educación (Dotación escolar, material pedagógico y de aseo escolar) | C55: =+PRESUPUESTO!K53 -> 900000 | D55: 0 | E55: 0 | F55: =C55+D55-E55 -> 900000 | G55: ='MES 3'!I54 -> 2014800 | H55: 0 | I55: =(G55+H55) -> 2014800 | J55: =(I55/F55) -> 2.2386667 | L55: 0 | M55: 0 | N55: =(F55-I55) -> -1114800
A56: 2204 | B56: Dotación personal | C56: =+PRESUPUESTO!K54 -> 0 | D56: 0 | E56: 0 | F56: =C56+D56-E56 -> 0 | G56: ='MES 3'!I55 -> 811000 | H56: 0 | I56: =(G56+H56) -> 811000 | J56: =(I56/F56) -> #DIV/0! | L56: 0 | M56: 0 | N56: =(F56-I56) -> -811000
A57: 2205 | B57: Dotación de aseo e higiene personal | C57: =+PRESUPUESTO!K55 -> 0 | D57: 0 | E57: 0 | F57: =C57+D57-E57 -> 0 | G57: ='MES 3'!I56 -> 451400 | H57: 0 | I57: =(G57+H57) -> 451400 | J57: =(I57/F57) -> #DIV/0! | L57: 0 | M57: 0 | N57: =(F57-I57) -> -451400
A58: 2206 | B58: Recreación | C58: =+PRESUPUESTO!K56 -> 600000 | D58: 0 | E58: 0 | F58: =C58+D58-E58 -> 600000 | G58: ='MES 3'!I57 -> 395500 | H58: 0 | I58: =(G58+H58) -> 395500 | J58: =(I58/F58) -> 0.65916667 | L58: 0 | M58: 0 | N58: =(F58-I58) -> 204500
A59: 2207 | B59: Dotación lúdico deportiva (por reposición) | C59: =+PRESUPUESTO!K57 -> 720000 | D59: 0 | E59: 0 | F59: =C59+D59-E59 -> 720000 | G59: ='MES 3'!I58 -> 0 | H59: 0 | I59: =(G59+H59) -> 0 | J59: =(I59/F59) -> 0 | L59: 0 | M59: 0 | N59: =(F59-I59) -> 720000
A60: 2208 | B60: Transporte para niños, niñas y adolescentes | C60: =+PRESUPUESTO!K58 -> 1650000 | D60: 0 | E60: 0 | F60: =C60+D60-E60 -> 1650000 | G60: ='MES 3'!I59 -> 1228000 | H60: 0 | I60: =(G60+H60) -> 1228000 | J60: =(I60/F60) -> 0.74424242 | L60: 0 | M60: 0 | N60: =(F60-I60) -> 422000
A61: 2209 | B61: Centros de Interés - Artes (Solo SRPA) | C61: =+PRESUPUESTO!K59 -> 0 | D61: 0 | E61: 0 | F61: =C61+D61-E61 -> 0 | G61: ='MES 3'!I60 -> 0 | H61: 0 | I61: =(G61+H61) -> 0 | J61: =(I61/F61) -> #DIV/0! | L61: 0 | M61: 0 | N61: =(F61-I61) -> 0
A62: 2210 | B62: Acciones complementarias para la gestión en el restablecimiento de derechos y/o administración de justicia (Subproyecto 112) | C62: =+PRESUPUESTO!K60 -> 0 | D62: 0 | E62: 0 | F62: =C62+D62-E62 -> 0 | G62: ='MES 3'!I61 -> 0 | H62: 0 | I62: =(G62+H62) -> 0 | J62: =(I62/F62) -> #DIV/0! | L62: 0 | M62: 0 | N62: =(F62-I62) -> 0
A63: 2211 | B63: Orientación para la vida personal, social, profesional y vocacional (Subproyecto 111) | C63: =+PRESUPUESTO!K61 -> 0 | D63: 0 | E63: 0 | F63: =C63+D63-E63 -> 0 | G63: ='MES 3'!I62 -> 0 | H63: 0 | I63: =(G63+H63) -> 0 | J63: =(I63/F63) -> #DIV/0! | L63: 0 | M63: 0 | N63: =(F63-I63) -> 0
A64: 2212 | B64: Dotación básica (Aplica por reposición o adición al contrato) | C64: =+PRESUPUESTO!K62 -> 0 | D64: 0 | E64: 0 | F64: =C64+D64-E64 -> 0 | G64: ='MES 3'!I63 -> 0 | H64: 0 | I64: =(G64+H64) -> 0 | J64: =(I64/F64) -> #DIV/0! | L64: 0 | M64: 0 | N64: =(F64-I64) -> 0
... A67: 2215 | B67: Otros gastos (Otros ingresos) | C67: =+PRESUPUESTO!K65 -> 0 | D67: 0 | E67: 0 | F67: =C67+D67-E67 -> 0 | G67: ='MES 3'!I66 -> 0 | H67: 0 | I67: =(G67+H67) -> 0 | J67: =(I67/F67) -> #DIV/0! | L67: 0 | M67: 0 | N67: =(F67-I67) -> 0
A68: SUBTOTAL | C68: =SUM(C53:C67) -> 7530000 | D68: =SUM(D53:D67) -> 0 | E68: =SUM(E53:E67) -> 0 | F68: =SUM(F53:F67) -> 7530000 | G68: =SUM(G53:G67) -> 14768514 | H68: =SUM(H53:H67) -> 0 | I68: =SUM(I53:I67) -> 14768514 | J68: =(I68/F68) -> 1.96129 | L68: =SUM(L53:L67) -> 0 | M68: =SUM(M53:M67) -> 0 | N68: =SUM(N53:N67) -> -7238514
A69: CODIGO | B69: EJECUCION DE GASTOS | C69: 1 | D69: 2 | E69: 3 | F69: 4=(1+2)-3 | G69: 5 | H69: 6 | I69: 7=(5+6) | J69: 8=(7/4) | L69: 9 | N69: 10=(4-7)
A70: 2000 | B70: OBJETO DEL GASTO | C70: =C35 -> Presupuesto inicial del periodo a ejecutar | D70: Adición | E70: Disminución | F70: =F35 -> Presupuesto al final del periodo ejecutado | G70: =G35 -> Gastos acumulados al mes 3 | H70: =H35 -> Gastos - mes 4 | I70: =I35 -> Valor total ejecutado al final de periodo | J70: % aportes ejecutados | L70: Ejecucion de Gastos | N70: =N35 -> Total saldo por ejecutar
L71: Gastos Pagados | M71: Cuentas por Pagar
A72: 2300 | B72: 3. GASTOS GENERALES Y ADMINISTRATIVOS
A73: 2301 | B73: Servicios públicos | C73: =+PRESUPUESTO!K68 -> 3000000 | D73: 0 | E73: 0 | F73: =C73+D73-E73 -> 3000000 | G73: ='MES 3'!I72 -> 711600 | H73: 0 | I73: =(G73+H73) -> 711600 | J73: =(I73/F73) -> 0.2372 | L73: 0 | M73: 0 | N73: =(F73-I73) -> 2288400
A74: 2302 | B74: Mantenimiento y reparaciones instalaciones locativas | C74: =+PRESUPUESTO!K69 -> 300000 | D74: 0 | E74: 0 | F74: =C74+D74-E74 -> 300000 | G74: ='MES 3'!I73 -> 250000 | H74: 0 | I74: =(G74+H74) -> 250000 | J74: =(I74/F74) -> 0.83333333 | L74: 0 | M74: 0 | N74: =(F74-I74) -> 50000
A75: 2303 | B75: Utilización de instalaciones en ambientes sanos y adecuados | C75: =+PRESUPUESTO!K70 -> 21000000 | D75: 0 | E75: 0 | F75: =C75+D75-E75 -> 21000000 | G75: ='MES 3'!I74 -> 3500000 | H75: 0 | I75: =(G75+H75) -> 3500000 | J75: =(I75/F75) -> 0.16666667 | L75: 0 | M75: 0 | N75: =(F75-I75) -> 17500000
A76: 2304 | B76: Reparación y mantenimiento de dotación institucional | C76: =+PRESUPUESTO!K71 -> 780000 | D76: 0 | E76: 0 | F76: =C76+D76-E76 -> 780000 | G76: ='MES 3'!I75 -> 0 | H76: 0 | I76: =(G76+H76) -> 0 | J76: =(I76/F76) -> 0 | L76: 0 | M76: 0 | N76: =(F76-I76) -> 780000
A77: 2305 | B77: Papelería | C77: =+PRESUPUESTO!K72 -> 960000 | D77: 0 | E77: 0 | F77: =C77+D77-E77 -> 960000 | G77: ='MES 3'!I76 -> 433500 | H77: 0 | I77: =(G77+H77) -> 433500 | J77: =(I77/F77) -> 0.4515625 | L77: 0 | M77: 0 | N77: =(F77-I77) -> 526500
A78: 2306 | B78: Aseo | C78: =+PRESUPUESTO!K73 -> 900000 | D78: 0 | E78: 0 | F78: =C78+D78-E78 -> 900000 | G78: ='MES 3'!I77 -> 260500 | H78: 0 | I78: =(G78+H78) -> 260500 | J78: =(I78/F78) -> 0.28944444 | L78: 0 | M78: 0 | N78: =(F78-I78) -> 639500
A79: 2307 | B79: Transporte personal institución para visitas domiciliarias a los hogares y/o traslado de niños, niñas y adolescentes | C79: =+PRESUPUESTO!K74 -> 1470000 | D79: 0 | E79: 0 | F79: =C79+D79-E79 -> 1470000 | G79: ='MES 3'!I78 -> 1020000 | H79: 0 | I79: =(G79+H79) -> 1020000 | J79: =(I79/F79) -> 0.69387755 | L79: 0 | M79: 0 | N79: =(F79-I79) -> 450000
A80: 2308 | B80: Gravamen a los movimientos financieros (4 por mil) | C80: =+PRESUPUESTO!K75 -> 463290 | D80: 0 | E80: 0 | F80: =C80+D80-E80 -> 463290 | G80: ='MES 3'!I79 -> 0 | H80: 0 | I80: =(G80+H80) -> 0 | J80: =(I80/F80) -> 0 | L80: 0 | M80: 0 | N80: =(F80-I80) -> 463290
A81: 2309 | B81: Gastos bancarios (comisiones, transferencias y chequeras) | C81: =+PRESUPUESTO!K76 -> 820470 | D81: 0 | E81: 0 | F81: =C81+D81-E81 -> 820470 | G81: ='MES 3'!I80 -> 239226 | H81: 0 | I81: =(G81+H81) -> 239226 | J81: =(I81/F81) -> 0.2915719 | L81: 0 | M81: 0 | N81: =(F81-I81) -> 581244
A82: 2310 | B82: Servicio de contabilidad | C82: =+PRESUPUESTO!K77 -> 6600000 | D82: 0 | E82: 0 | F82: =C82+D82-E82 -> 6600000 | G82: ='MES 3'!I81 -> 2200000 | H82: 0 | I82: =(G82+H82) -> 2200000 | J82: =(I82/F82) -> 0.33333333 | L82: 0 | M82: 0 | N82: =(F82-I82) -> 4400000
A83: 2311 | B83: Otros (lo que se requiera para el adecuado desarrollo de la modalidad) | C83: =+PRESUPUESTO!K78 -> 0 | D83: 0 | E83: 0 | F83: =C83+D83-E83 -> 0 | G83: ='MES 3'!I82 -> 1621096 | H83: 0 | I83: =(G83+H83) -> 1621096 | J83: =(I83/F83) -> #DIV/0! | L83: 0 | M83: 0 | N83: =(F83-I83) -> -1621096
A84: 2312 | B84: Otros gastos (Otros ingresos) | C84: =+PRESUPUESTO!K79 -> 0 | D84: 0 | E84: 0 | F84: =C84+D84-E84 -> 0 | G84: ='MES 3'!I83 -> 0 | H84: 0 | I84: =(G84+H84) -> 0 | J84: =(I84/F84) -> #DIV/0! | L84: 0 | M84: 0 | N84: =(F84-I84) -> 0
A85: SUBTOTAL | C85: =SUM(C73:C84) -> 36293760 | D85: =SUM(D73:D84) -> 0 | E85: =SUM(E73:E84) -> 0 | F85: =SUM(F73:F84) -> 36293760 | G85: =SUM(G73:G84) -> 10235922 | H85: =SUM(H73:H84) -> 0 | I85: =SUM(I73:I84) -> 10235922 | J85: =(I85/F85) -> 0.2820298 | L85: =SUM(L73:L84) -> 0 | M85: =SUM(M73:M84) -> 0 | N85: =SUM(N73:N84) -> 26057838
A86: TOTAL GASTOS ( 1+2+3+4+5) | C86: =C85+C68+C51 -> 115823760 | D86: =D85+D68+D51 -> 0 | E86: =E85+E68+E51 -> 0 | F86: =F85+F68+F51 -> 115823760 | G86: =G85+G68+G51 -> 65423195 | H86: =H85+H68+H51 -> 0 | I86: =I85+I68+I51 -> 65423195 | J86: =(I86/F86) -> 0.56485124 | L86: =L85+L68+L51 -> 0 | M86: =M85+M68+M51 -> 0 | N86: =N85+N68+N51 -> 50400565
B87: Nombres y apellidos del representante legal | D87: Nombres y apellidos del Tesorero o Contador | H87: Nombres y apellidos del revisor fiscal (2)
B90: Firma | D90: Firma | H90: Firma
A92: (1) NOTA - En ningún caso el informe de seguimiento financiero podra presentarse con saldos negativos en la columna (10) Total Saldos por ejecutar. | D92: Total Ingresos en el mes | F92: =H22 -> 48259900 | G92: Ingresos Acumulados | J92: =+F92+'MES 3'!J91 -> 1.3400326e+08
D93: Total Egresos en el mes | F93: =H86 -> 0 | G93: Egresos Acumulados | J93: =+F93+'MES 3'!J92 -> 65423195
A94: (2) NOTA - Revisor Fiscal: Si está obligado legalmente a tener revisor fiscal. | D94: Saldo del mes | F94: =+F92-F93 -> 48259900 | G94: Saldo acumulado | J94: =J92-J93 -> 68580069
A95: (3) NOTA - El siguiente cuadro debe ser diligenciado de acuerdo con lo establecido en la cláusula contractual forma de desembolso y en cualquier modificación contractual relacionada con alistamiento, memorandos, lineamientos, manuales y/o documentos que hagan parte integral del macroproceso de Protección.
A96: (4) NOTA: Saldo a Reintegrar por alistamiento: El reintegro por alistamiento se presenta de la siguiente forma: 1). Cuando el contrato abarca dos (2) vigencias se debe: a) Tomar el valor del alistamiento de la primer vigencia y restar el valor de la atención de cupos del último período o mes de esa vigencia, el saldo que resulte debe ser reintegrado. b) Tomar el (los) alistamiento (s) de la vigencia actual y restarle el valor de la atención de cupos del último período contractual; el saldo que resulte debe ser reintegrado según lo establecido en la minuta contractual. 2). Cuando el contrato es en una sola vigencia. Se toma el valor del (los) alistamiento (s) y se resta el valor de la atención de cupos del último período contractual. El saldo debe ser reintegrado de acuerdo con lo establecido en la minuta contractual.
D97: Valor alistamientos | F97: =C8 -> 19303960 | G97: MODIFICACIONES CONTRACTUALES | I97: 0 | M97: Cantidad | N97: Modalidad
D98: Menos (-) Valor de la atención del periodo o mes objeto de reintegro | F98: =H22 -> 48259900 | G98: Valor Alistamiento por adición Cupos | I98: 0 | K98: Cupos adicionados | M98: 0 | N98: 0
D99: Saldo a Reintegrar Alistamiento | F99: =F97-F98 -> -28955940 | G99: Valor Alistamiento por reducción de cupos a reintegrar | I99: 0 | K99: Cupos adicionados | M99: 0 | N99: 0
A100: (5) NOTA - En el mes que realicen modificación contractual, en lo relacionado con adiciones o disminuciones de cupos; se debe hacer la operación matémática de forma manual en la columna (L) filas del 5 a la 9 según modalidad. | K100: Cupos adicionados | M100: 0 | N100: 0
K101: Cupos reducidos | M101: 0 | N101: 0
K102: Cupos reducidos | M102: 0 | N102: 0
A105: SEGUIMIENTO A LAS ADICIONES
A107: OBJETO DEL RECURSO | C107: INGRESOS | G107: ACUMULADO | H107: GASTOS | N107: SALDO
C108: Reinversion | D108: Adición | E108: Disminución | F108: Recurso l final del periodo ejecutado | G108: Valor acumulado | H108: Gastos - mes 4 | I108: Valor total egresos | J108: % Aportes recibidos | L108: Ejecucion de Gastos | N108: Por ejecutar
L109: Gastos Pagados | M109: Cuentas por Pagar
A110: REGISTRO DE ADICIONES
B111: Total | C111: =SUM(C112:C114) -> 0 | D111: =SUM(D112:D114) -> 0 | E111: =SUM(E112:E114) -> 0 | F111: =C111+D111-E111 -> 0 | G111: =SUM(G112:G114) -> 0 | H111: =SUM(H112:H114) -> 0 | I111: =G111+H111 -> 0 | J111: =(I111/F111) -> #DIV/0! | L111: =SUM(L112:L114) -> 0 | M111: =SUM(M112:M114) -> 0 | N111: =F111-I111 -> 0
A112: 1 | B112: Obsequio Cumpleaños | C112: 0 | D112: 0 | E112: 0 | F112: =C112+D112-E112 -> 0 | G112: 0 | H112: 0 | I112: =G112+H112 -> 0 | J112: =(I112/F112) -> #DIV/0! | L112: 0 | M112: 0 | N112: =(F112-I112) -> 0
A113: 2 | B113: Obsequio Celebración Decembrina | C113: 0 | D113: 0 | E113: 0 | F113: =C113+D113-E113 -> 0 | G113: 0 | H113: 0 | I113: =G113+H113 -> 0 | J113: =(I113/F113) -> #DIV/0! | L113: 0 | M113: 0 | N113: =(F113-I113) -> 0
A114: 3 | B114: Cena Navideña | C114: 0 | D114: 0 | E114: 0 | F114: =C114+D114-E114 -> 0 | G114: 0 | H114: 0 | I114: =G114+H114 -> 0 | J114: =(I114/F114) -> #DIV/0! | L114: 0 | M114: 0 | N114: =(F114-I114) -> 0
A117: Nombres y apellidos del representante legal | D117: Nombres y apellidos del Tesorero o Contador | H117: Nombres y apellidos del revisor fiscal
...

Sheet MES 5
A1: DEFINICIÓN DE LOS RUBROS CONTENIDOS EN EL PRESUPUESTO-HOJA DE SEGUIMIENTO
B2: Regional | C2: =PRESUPUESTO!C2 -> CUNDINAMARCA | E2: Informe correspondiente al período: | G2: Modalidades: | I2: Cupos contratados | J2: Cupos Ejecutados | L2: Cupos Inejecutados | M2: Valor total pagado por modalidad
B3: Centro Zonal | C3: =PRESUPUESTO!C3 -> CUNDINAMARCA | G3: =PRESUPUESTO!$B$15 -> (1) INTERVENCION APOYO PSICOLOGICO | I3: =PRESUPUESTO!J15 -> 40 | J3: 100 | L3: =I3-J3 -> -60 | M3: =(J3*PRESUPUESTO!B11)+(L3*(PRESUPUESTO!B11*PRESUPUESTO!B13)) -> 48259900
B4: Municipio | C4: =PRESUPUESTO!C4 -> CHIA | E4: Fecha de elaboración (dd/mm/aa): | G4: =PRESUPUESTO!$B$16 -> (2) | I4: =PRESUPUESTO!J16 -> 0 | J4: 0 | L4: =I4-J4 -> 0 | M4: =(J4*PRESUPUESTO!C11)+(L4*(PRESUPUESTO!C11*PRESUPUESTO!C13)) -> 0
B5: Entidad contratista | C5: =PRESUPUESTO!I2 -> FUNDACION SAN NICOLAS | G5: =PRESUPUESTO!$B$17 -> (3) | I5: =PRESUPUESTO!J17 -> 0 | J5: 0 | L5: =I5-J5 -> 0 | M5: =(J5*PRESUPUESTO!D11)+(L5*(PRESUPUESTO!D11*PRESUPUESTO!D13)) -> 0
B6: NIT | C6: =PRESUPUESTO!I3 -> 901.604.401-1 | E6: Fecha de presentación (dd/mm/aa): | G6: =PRESUPUESTO!B18 -> (4) | I6: =PRESUPUESTO!J18 -> 0 | J6: 0 | L6: =I6-J6 -> 0 | M6: =(J6*PRESUPUESTO!E11)+(L6*(PRESUPUESTO!E11*PRESUPUESTO!E13)) -> 0
B7: Contrato No. | C7: =PRESUPUESTO!I4 -> 25004852025 | G7: =PRESUPUESTO!$B$19 -> (5) | I7: =PRESUPUESTO!J19 -> 0 | J7: 0 | L7: =I7-J7 -> 0 | M7: =(J7*PRESUPUESTO!F11)+(L7*(PRESUPUESTO!F11*PRESUPUESTO!F13)) -> 0
B8: Valor del alistamiento | C8: =PRESUPUESTO!M7+PRESUPUESTO!M11 -> 19303960 | E8: Vigencia desembolso Alistamiento | G8: =PRESUPUESTO!B20 -> (6) | I8: =PRESUPUESTO!J20 -> 0 | J8: 0 | L8: =I8-J8 -> 0 | M8: =(J8*PRESUPUESTO!G11)+(L8*(PRESUPUESTO!G11*PRESUPUESTO!G13)) -> 0
B9: Fecha desembolso alistamiento | G9: VALOR EJECUCIÓN MES ACTUAL | I9: =SUM(I3:I8) -> 40 | J9: =SUM(J3:K8) -> 100 | L9: =SUM(L3:L8) -> -60 | M9: =SUM(M3:N8) -> 48259900
G10: ADICION | I10: 0 | J10: TOTAL DESEMBOLSO | M10: =+M9+I10 -> 48259900
A11: CODIGO | B11: EJECUCION DE INGRESOS | C11: 1 | D11: 2 | E11: 3 | F11: 4=(1+2)-3 | G11: 5 | H11: -6 | I11: 7=(5+6) | J11: 8=(7/4) | L11: 9 | N11: 10=(4-7)
A12: 1 | B12: OBJETO DEL INGRESO | C12: Presupuesto inicial del periodo a ejecutar | D12: Adición | E12: Disminución | F12: Presupuesto al final del periodo ejecutado | G12: Valor ingresos acumulados al mes 4 | H12: Ingresos - mes 5 | I12: Valor total ingresos al final de periodo ejecutado | J12: % Aportes recibidos | L12: Ejecucion de Gastos | N12: Total saldo por ingresar
L13: Ingresos Pagados | M13: Cuentas por Cobrar
A14: 1100 | B14: Aportes ICBF | C14: =+'MES 4'!F14 -> 115823760 | D14: 0 | E14: 0 | F14: =C14+D14-E14 -> 115823760 | G14: ='MES 4'!I14 -> 1.3400326e+08 | H14: =M9 -> 48259900 | I14: =G14+H14 -> 1.8226316e+08 | J14: =(I14/F14) -> 1.573625 | L14: 0 | M14: 0 | N14: =F14-I14 -> -66439404
A15: 1200 | B15: Acciones complementarias para la gestión en el restablecimiento de derechos y/o administración de justicia (112) | C15: =+PRESUPUESTO!K25 -> 0 | D15: 0 | E15: 0 | F15: =C15+D15-E15 -> 0 | G15: ='MES 4'!I15 -> 0 | H15: 0 | I15: =G15+H15 -> 0 | J15: =(I15/F15) -> #DIV/0! | L15: 0 | M15: 0 | N15: =F15-I15 -> 0
A16: 1300 | B16: Orientación para la vida personal, social, profesional y vocacional (Subproyecto 111) | C16: =+PRESUPUESTO!K26 -> 0 | D16: 0 | E16: 0 | F16: =C16+D16-E16 -> 0 | G16: ='MES 4'!I16 -> 0 | H16: 0 | I16: =G16+H16 -> 0 | J16: =(I16/F16) -> #DIV/0! | L16: 0 | M16: 0 | N16: =F16-I16 -> 0
A17: 1400 | B17: Dotación de unidades aplicativas (Centro costos 114) | C17: =+PRESUPUESTO!K27 -> 0 | D17: 0 | E17: 0 | F17: =C17+D17-E17 -> 0 | G17: ='MES 4'!I17 -> 0 | H17: 0 | I17: =G17+H17 -> 0 | J17: =(I17/F17) -> #DIV/0! | L17: 0 | M17: 0 | N17: =F17-I17 -> 0
A18: 1500 | B18: Donaciones (Cuando aplique) | C18: =+PRESUPUESTO!K28 -> 0 | D18: 0 | E18: 0 | F18: =C18+D18-E18 -> 0 | G18: ='MES 4'!I18 -> 0 | H18: 0 | I18: =G18+H18 -> 0 | J18: =(I18/F18) -> #DIV/0! | L18: 0 | M18: 0 | N18: =F18-I18 -> 0
A19: 1600 | B19: Rendimientos Financieros (Cuando aplique) | C19: =+PRESUPUESTO!K29 -> 0 | D19: 0 | E19: 0 | F19: =C19+D19-E19 -> 0 | G19: ='MES 4'!I19 -> 0 | H19: 0 | I19: =G19+H19 -> 0 | J19: =(I19/F19) -> #DIV/0! | L19: 0 | M19: 0 | N19: =F19-I19 -> 0
A20: 1700 | B20: Aportes de la institución (Cuando aplique) | C20: =+PRESUPUESTO!K30 -> 0 | D20: 0 | E20: 0 | F20: =C20+D20-E20 -> 0 | G20: ='MES 4'!I20 -> 0 | H20: 0 | I20: =G20+H20 -> 0 | J20: =(I20/F20) -> #DIV/0! | L20: 0 | M20: 0 | N20: =F20-I20 -> 0
A21: 1800 | B21: Otros ingresos (Cuando aplique) | C21: =+PRESUPUESTO!K31 -> 0 | D21: 0 | E21: 0 | F21: =C21+D21-E21 -> 0 | G21: ='MES 4'!I21 -> 0 | H21: 0 | I21: =G21+H21 -> 0 | J21: =(I21/F21) -> #DIV/0! | L21: 0 | M21: 0 | N21: =F21-I21 -> 0
A22: TOTAL INGRESOS | C22: =SUM(C14:C21) -> 115823760 | D22: =SUM(D14:D21) -> 0 | E22: =SUM(E14:E21) -> 0 | F22: =SUM(F14:F21) -> 115823760 | G22: =SUM(G14:G21) -> 1.3400326e+08 | H22: =SUM(H14:H21) -> 48259900 | I22: =SUM(I14:I21) -> 1.8226316e+08 | J22: =(I22/F22) -> 1.573625 | L22: =SUM(L14:L21) -> 0 | M22: =SUM(M14:M21) -> 0 | N22: =SUM(N14:N21) -> -66439404
B24: Nombres y apellidos del representante legal | E24: Nombres y Apellidos del Tesorero o Contador Publico | I24: Nombres y apellidos del Revisor FIscal (2)
B27: Firma | E27: Firma | I27: Firma
B29: (1) NOTA - Revisor Fiscal : Si está obligado legalmente a tener revisor fiscal.
A32: GASTOS
A34: CODIGO | B34: EJECUCION DE INGRESOS | C34: 1 | D34: 2 | E34: 3 | F34: 4=(1+2)-3 | G34: 5 | H34: -6 | I34: 7=(5+6) | J34: 8=(7/4) | L34: 9 | N34: 10=(4-7)
A35: 2000 | B35: OBJETO DEL GASTO | C35: Presupuesto inicial del periodo a ejecutar | D35: Adición | E35: Disminución | F35: Presupuesto al final del periodo ejecutado | G35: Gastos acumulados al mes 4 | H35: Gastos - mes 5 | I35: Valor total ejecutado al final de periodo | J35: % Aportes recibidos | L35: Ejecucion de Gastos | N35: Total saldo por ejecutar
L36: Gastos Pagados | M36: Cuentas por Pagar
A37: 2100 | B37: 1. TALENTO HUMANO
A38: 2101 | B38: Salario | C38: =+PRESUPUESTO!K36 -> 0 | D38: 0 | E38: 0 | F38: =C38+D38-E38 -> 0 | G38: ='MES 4'!I38 -> 0 | H38: 0 | I38: =G38+H38 -> 0 | J38: =(I38/F38) -> #DIV/0! | L38: 0 | M38: 0 | N38: =(F38-I38) -> 0
A39: 2102 | B39: Auxilio de transporte | C39: =+PRESUPUESTO!K37 -> 0 | D39: 0 | E39: 0 | F39: =C39+D39-E39 -> 0 | G39: ='MES 4'!I39 -> 0 | H39: 0 | I39: =G39+H39 -> 0 | J39: =(I39/F39) -> #DIV/0! | L39: 0 | M39: 0 | N39: =(F39-I39) -> 0
A40: 2103 | B40: Horas extras y recargo nocturno | C40: =+PRESUPUESTO!K38 -> 0 | D40: 0 | E40: 0 | F40: =C40+D40-E40 -> 0 | G40: ='MES 4'!I40 -> 0 | H40: 0 | I40: =G40+H40 -> 0 | J40: =(I40/F40) -> #DIV/0! | L40: 0 | M40: 0 | N40: =(F40-I40) -> 0
A41: 2104 | B41: Cesantías | C41: =+PRESUPUESTO!K39 -> 0 | D41: 0 | E41: 0 | F41: =C41+D41-E41 -> 0 | G41: ='MES 4'!I41 -> 0 | H41: 0 | I41: =G41+H41 -> 0 | J41: =(I41/F41) -> #DIV/0! | L41: 0 | M41: 0 | N41: =(F41-I41) -> 0
A42: 2105 | B42: Vacaciones | C42: =+PRESUPUESTO!K40 -> 0 | D42: 0 | E42: 0 | F42: =C42+D42-E42 -> 0 | G42: ='MES 4'!I42 -> 0 | H42: 0 | I42: =G42+H42 -> 0 | J42: =(I42/F42) -> #DIV/0! | L42: 0 | M42: 0 | N42: =(F42-I42) -> 0
A43: 2106 | B43: Prima de servicios | C43: =+PRESUPUESTO!K41 -> 0 | D43: 0 | E43: 0 | F43: =C43+D43-E43 -> 0 | G43: ='MES 4'!I43 -> 0 | H43: 0 | I43: =G43+H43 -> 0 | J43: =(I43/F43) -> #DIV/0! | L43: 0 | M43: 0 | N43: =(F43-I43) -> 0
A44: 2107 | B44: Intereses/cesantías | C44: =+PRESUPUESTO!K42 -> 0 | D44: 0 | E44: 0 | F44: =C44+D44-E44 -> 0 | G44: ='MES 4'!I44 -> 0 | H44: 0 | I44: =G44+H44 -> 0 | J44: =(I44/F44) -> #DIV/0! | L44: 0 | M44: 0 | N44: =(F44-I44) -> 0
A45: 2108 | B45: Aportes parafiscales (SENA, Icbf y Caja de compensación) | C45: =+PRESUPUESTO!K43 -> 0 | D45: 0 | E45: 0 | F45: =C45+D45-E45 -> 0 | G45: ='MES 4'!I45 -> 0 | H45: 0 | I45: =G45+H45 -> 0 | J45: =(I45/F45) -> #DIV/0! | L45: 0 | M45: 0 | N45: =(F45-I45) -> 0
A46: 2109 | B46: Aportes salud, pensión y ARL | C46: =+PRESUPUESTO!K44 -> 0 | D46: 0 | E46: 0 | F46: =C46+D46-E46 -> 0 | G46: ='MES 4'!I46 -> 0 | H46: 0 | I46: =G46+H46 -> 0 | J46: =(I46/F46) -> #DIV/0! | L46: 0 | M46: 0 | N46: =(F46-I46) -> 0
A47: =+A46+1 -> 2110 | B47: Honorarios | C47: =+PRESUPUESTO!K45 -> 69000000 | D47: 0 | E47: 0 | F47: =C47+D47-E47 -> 69000000 | G47: ='MES 4'!I47 -> 39918759 | H47: 0 | I47: =G47+H47 -> 39918759 | J47: =(I47/F47) -> 0.57853274 | L47: 0 | M47: 0 | N47: =(F47-I47) -> 29081241
A48: =+A47+1 -> 2111 | B48: Dotación trabajadores | C48: =+PRESUPUESTO!K46 -> 0 | D48: 0 | E48: 0 | F48: =C48+D48-E48 -> 0 | G48: ='MES 4'!I48 -> 0 | H48: 0 | I48: =G48+H48 -> 0 | J48: =(I48/F48) -> #DIV/0! | L48: 0 | M48: 0 | N48: =(F48-I48) -> 0
A49: =+A48+1 -> 2112 | B49: Implementación Sistema Integrado de Gestión | C49: =+PRESUPUESTO!K47 -> 3000000 | D49: 0 | E49: 0 | F49: =C49+D49-E49 -> 3000000 | G49: ='MES 4'!I49 -> 500000 | H49: 0 | I49: =G49+H49 -> 500000 | J49: =(I49/F49) -> 0.16666667 | L49: 0 | M49: 0 | N49: =(F49-I49) -> 2500000
A50: =+A49+1 -> 2113 | B50: Otros gastos (Otros ingresos) | C50: =+PRESUPUESTO!K48 -> 0 | D50: 0 | E50: 0 | F50: =C50+D50-E50 -> 0 | G50: ='MES 4'!I50 -> 0 | H50: 0 | I50: =G50+H50 -> 0 | J50: =(I50/F50) -> #DIV/0! | L50: 0 | M50: 0 | N50: =(F50-I50) -> 0
A51: SUBTOTAL | C51: =SUM(C38:C50) -> 72000000 | D51: =SUM(D38:D50) -> 0 | E51: =SUM(E38:E50) -> 0 | F51: =SUM(F38:F50) -> 72000000 | G51: =SUM(G38:G50) -> 40418759 | H51: =SUM(H38:H50) -> 0 | I51: =SUM(I38:I50) -> 40418759 | J51: =(I51/F51) -> 0.56137165 | L51: =SUM(L38:L50) -> 0 | M51: =SUM(M38:M50) -> 0 | N51: =SUM(N38:N50) -> 31581241
A52: 2200 | B52: 2. NIÑOS, NIÑAS Y ADOLECENTES
A53: 2201 | B53: Alimentación | C53: =+PRESUPUESTO!K51 -> 3360000 | D53: 0 | E53: 0 | F53: =C53+D53-E53 -> 3360000 | G53: ='MES 4'!I53 -> 9808814 | H53: 0 | I53: =(G53+H53) -> 9808814 | J53: =(I53/F53) -> 2.9192899 | L53: 0 | M53: 0 | N53: =(F53-I53) -> -6448814
A54: 2202 | B54: Emergencias y botiquín (Medicamentos no incluidos en el POS) | C54: =+PRESUPUESTO!K52 -> 300000 | D54: 0 | E54: 0 | F54: =C54+D54-E54 -> 300000 | G54: ='MES 4'!I54 -> 59000 | H54: 0 | I54: =(G54+H54) -> 59000 | J54: =(I54/F54) -> 0.19666667 | L54: 0 | M54: 0 | N54: =(F54-I54) -> 241000
A55: 2203 | B55: Educación (Dotación escolar, material pedagógico y de aseo escolar) | C55: =+PRESUPUESTO!K53 -> 900000 | D55: 0 | E55: 0 | F55: =C55+D55-E55 -> 900000 | G55: ='MES 4'!I55 -> 2014800 | H55: 0 | I55: =(G55+H55) -> 2014800 | J55: =(I55/F55) -> 2.2386667 | L55: 0 | M55: 0 | N55: =(F55-I55) -> -1114800
A56: 2204 | B56: Dotación personal | C56: =+PRESUPUESTO!K54 -> 0 | D56: 0 | E56: 0 | F56: =C56+D56-E56 -> 0 | G56: ='MES 4'!I56 -> 811000 | H56: 0 | I56: =(G56+H56) -> 811000 | J56: =(I56/F56) -> #DIV/0! | L56: 0 | M56: 0 | N56: =(F56-I56) -> -811000
A57: 2205 | B57: Dotación de aseo e higiene personal | C57: =+PRESUPUESTO!K55 -> 0 | D57: 0 | E57: 0 | F57: =C57+D57-E57 -> 0 | G57: ='MES 4'!I57 -> 451400 | H57: 0 | I57: =(G57+H57) -> 451400 | J57: =(I57/F57) -> #DIV/0! | L57: 0 | M57: 0 | N57: =(F57-I57) -> -451400
A58: 2206 | B58: Recreación | C58: =+PRESUPUESTO!K56 -> 600000 | D58: 0 | E58: 0 | F58: =C58+D58-E58 -> 600000 | G58: ='MES 4'!I58 -> 395500 | H58: 0 | I58: =(G58+H58) -> 395500 | J58: =(I58/F58) -> 0.65916667 | L58: 0 | M58: 0 | N58: =(F58-I58) -> 204500
A59: 2207 | B59: Dotación lúdico deportiva (por reposición) | C59: =+PRESUPUESTO!K57 -> 720000 | D59: 0 | E59: 0 | F59: =C59+D59-E59 -> 720000 | G59: ='MES 4'!I59 -> 0 | H59: 0 | I59: =(G59+H59) -> 0 | J59: =(I59/F59) -> 0 | L59: 0 | M59: 0 | N59: =(F59-I59) -> 720000
A60: 2208 | B60: Transporte para niños, niñas y adolescentes | C60: =+PRESUPUESTO!K58 -> 1650000 | D60: 0 | E60: 0 | F60: =C60+D60-E60 -> 1650000 | G60: ='MES 4'!I60 -> 1228000 | H60: 0 | I60: =(G60+H60) -> 1228000 | J60: =(I60/F60) -> 0.74424242 | L60: 0 | M60: 0 | N60: =(F60-I60) -> 422000
A61: 2209 | B61: Centros de Interés - Artes (Solo SRPA) | C61: =+PRESUPUESTO!K59 -> 0 | D61: 0 | E61: 0 | F61: =C61+D61-E61 -> 0 | G61: ='MES 4'!I61 -> 0 | H61: 0 | I61: =(G61+H61) -> 0 | J61: =(I61/F61) -> #DIV/0! | L61: 0 | M61: 0 | N61: =(F61-I61) -> 0
A62: 2210 | B62: Acciones complementarias para la gestión en el restablecimiento de derechos y/o administración de justicia (Subproyecto 112) | C62: =+PRESUPUESTO!K60 -> 0 | D62: 0 | E62: 0 | F62: =C62+D62-E62 -> 0 | G62: ='MES 4'!I62 -> 0 | H62: 0 | I62: =(G62+H62) -> 0 | J62: =(I62/F62) -> #DIV/0! | L62: 0 | M62: 0 | N62: =(F62-I62) -> 0
A63: 2211 | B63: Orientación para la vida personal, social, profesional y vocacional (Subproyecto 111) | C63: =+PRESUPUESTO!K61 -> 0 | D63: 0 | E63: 0 | F63: =C63+D63-E63 -> 0 | G63: ='MES 4'!I63 -> 0 | H63: 0 | I63: =(G63+H63) -> 0 | J63: =(I63/F63) -> #DIV/0! | L63: 0 | M63: 0 | N63: =(F63-I63) -> 0
A64: 2212 | B64: Dotación básica (Aplica por reposición o adición al contrato) | C64: =+PRESUPUESTO!K62 -> 0 | D64: 0 | E64: 0 | F64: =C64+D64-E64 -> 0 | G64: ='MES 4'!I64 -> 0 | H64: 0 | I64: =(G64+H64) -> 0 | J64: =(I64/F64) -> #DIV/0! | L64: 0 | M64: 0 | N64: =(F64-I64) -> 0
... A67: 2215 | B67: Otros gastos (Otros ingresos) | C67: =+PRESUPUESTO!K65 -> 0 | D67: 0 | E67: 0 | F67: =C67+D67-E67 -> 0 | G67: ='MES 4'!I67 -> 0 | H67: 0 | I67: =(G67+H67) -> 0 | J67: =(I67/F67) -> #DIV/0! | L67: 0 | M67: 0 | N67: =(F67-I67) -> 0
A68: SUBTOTAL | C68: =SUM(C53:C67) -> 7530000 | D68: =SUM(D53:D67) -> 0 | E68: =SUM(E53:E67) -> 0 | F68: =SUM(F53:F67) -> 7530000 | G68: =SUM(G53:G67) -> 14768514 | H68: =SUM(H53:H67) -> 0 | I68: =SUM(I53:I67) -> 14768514 | J68: =(I68/F68) -> 1.96129 | L68: =SUM(L53:L67) -> 0 | M68: =SUM(M53:M67) -> 0 | N68: =SUM(N53:N67) -> -7238514
A69: CODIGO | B69: EJECUCION DE GASTOS | C69: 1 | D69: 2 | E69: 3 | F69: 4=(1+2)-3 | G69: 5 | H69: 6 | I69: 7=(5+6) | J69: 8=(7/4) | L69: 9 | N69: 10=(4-7)
A70: 2000 | B70: OBJETO DEL GASTO | C70: =C35 -> Presupuesto inicial del periodo a ejecutar | D70: Adición | E70: Disminución | F70: =F35 -> Presupuesto al final del periodo ejecutado | G70: =G35 -> Gastos acumulados al mes 4 | H70: =H35 -> Gastos - mes 5 | I70: =I35 -> Valor total ejecutado al final de periodo | J70: % Aportes recibidos | L70: Ejecucion de Gastos | N70: =N35 -> Total saldo por ejecutar
L71: Gastos Pagados | M71: Cuentas por Pagar
A72: 2300 | B72: 3. GASTOS GENERALES Y ADMINISTRATIVOS
A73: 2301 | B73: Servicios públicos | C73: =+PRESUPUESTO!K68 -> 3000000 | D73: 0 | E73: 0 | F73: =C73+D73-E73 -> 3000000 | G73: ='MES 4'!I73 -> 711600 | H73: 0 | I73: =(G73+H73) -> 711600 | J73: =(I73/F73) -> 0.2372 | L73: 0 | M73: 0 | N73: =(F73-I73) -> 2288400
A74: 2302 | B74: Mantenimiento y reparaciones instalaciones locativas | C74: =+PRESUPUESTO!K69 -> 300000 | D74: 0 | E74: 0 | F74: =C74+D74-E74 -> 300000 | G74: ='MES 4'!I74 -> 250000 | H74: 0 | I74: =(G74+H74) -> 250000 | J74: =(I74/F74) -> 0.83333333 | L74: 0 | M74: 0 | N74: =(F74-I74) -> 50000
A75: 2303 | B75: Utilización de instalaciones en ambientes sanos y adecuados | C75: =+PRESUPUESTO!K70 -> 21000000 | D75: 0 | E75: 0 | F75: =C75+D75-E75 -> 21000000 | G75: ='MES 4'!I75 -> 3500000 | H75: 0 | I75: =(G75+H75) -> 3500000 | J75: =(I75/F75) -> 0.16666667 | L75: 0 | M75: 0 | N75: =(F75-I75) -> 17500000
A76: 2304 | B76: Reparación y mantenimiento de dotación institucional | C76: =+PRESUPUESTO!K71 -> 780000 | D76: 0 | E76: 0 | F76: =C76+D76-E76 -> 780000 | G76: ='MES 4'!I76 -> 0 | H76: 0 | I76: =(G76+H76) -> 0 | J76: =(I76/F76) -> 0 | L76: 0 | M76: 0 | N76: =(F76-I76) -> 780000
A77: 2305 | B77: Papelería | C77: =+PRESUPUESTO!K72 -> 960000 | D77: 0 | E77: 0 | F77: =C77+D77-E77 -> 960000 | G77: ='MES 4'!I77 -> 433500 | H77: 0 | I77: =(G77+H77) -> 433500 | J77: =(I77/F77) -> 0.4515625 | L77: 0 | M77: 0 | N77: =(F77-I77) -> 526500
A78: 2306 | B78: Aseo | C78: =+PRESUPUESTO!K73 -> 900000 | D78: 0 | E78: 0 | F78: =C78+D78-E78 -> 900000 | G78: ='MES 4'!I78 -> 260500 | H78: 0 | I78: =(G78+H78) -> 260500 | J78: =(I78/F78) -> 0.28944444 | L78: 0 | M78: 0 | N78: =(F78-I78) -> 639500
A79: 2307 | B79: Transporte personal institución para visitas domiciliarias a los hogares y/o traslado de niños, niñas y adolescentes | C79: =+PRESUPUESTO!K74 -> 1470000 | D79: 0 | E79: 0 | F79: =C79+D79-E79 -> 1470000 | G79: ='MES 4'!I79 -> 1020000 | H79: 0 | I79: =(G79+H79) -> 1020000 | J79: =(I79/F79) -> 0.69387755 | L79: 0 | M79: 0 | N79: =(F79-I79) -> 450000
A80: 2308 | B80: Gravamen a los movimientos financieros (4 por mil) | C80: =+PRESUPUESTO!K75 -> 463290 | D80: 0 | E80: 0 | F80: =C80+D80-E80 -> 463290 | G80: ='MES 4'!I80 -> 0 | H80: 0 | I80: =(G80+H80) -> 0 | J80: =(I80/F80) -> 0 | L80: 0 | M80: 0 | N80: =(F80-I80) -> 463290
A81: 2309 | B81: Gastos bancarios (comisiones, transferencias y chequeras) | C81: =+PRESUPUESTO!K76 -> 820470 | D81: 0 | E81: 0 | F81: =C81+D81-E81 -> 820470 | G81: ='MES 4'!I81 -> 239226 | H81: 0 | I81: =(G81+H81) -> 239226 | J81: =(I81/F81) -> 0.2915719 | L81: 0 | M81: 0 | N81: =(F81-I81) -> 581244
A82: 2310 | B82: Servicio de contabilidad | C82: =+PRESUPUESTO!K77 -> 6600000 | D82: 0 | E82: 0 | F82: =C82+D82-E82 -> 6600000 | G82: ='MES 4'!I82 -> 2200000 | H82: 0 | I82: =(G82+H82) -> 2200000 | J82: =(I82/F82) -> 0.33333333 | L82: 0 | M82: 0 | N82: =(F82-I82) -> 4400000
A83: 2311 | B83: Otros (lo que se requiera para el adecuado desarrollo de la modalidad) | C83: =+PRESUPUESTO!K78 -> 0 | D83: 0 | E83: 0 | F83: =C83+D83-E83 -> 0 | G83: ='MES 4'!I83 -> 1621096 | H83: 0 | I83: =(G83+H83) -> 1621096 | J83: =(I83/F83) -> #DIV/0! | L83: 0 | M83: 0 | N83: =(F83-I83) -> -1621096
A84: 2312 | B84: Otros gastos (Otros ingresos) | C84: =+PRESUPUESTO!K79 -> 0 | D84: 0 | E84: 0 | F84: =C84+D84-E84 -> 0 | G84: ='MES 4'!I84 -> 0 | H84: 0 | I84: =(G84+H84) -> 0 | J84: =(I84/F84) -> #DIV/0! | L84: 0 | M84: 0 | N84: =(F84-I84) -> 0
A85: SUBTOTAL | C85: =SUM(C73:C84) -> 36293760 | D85: =SUM(D73:D84) -> 0 | E85: =SUM(E73:E84) -> 0 | F85: =SUM(F73:F84) -> 36293760 | G85: =SUM(G73:G84) -> 10235922 | H85: =SUM(H73:H84) -> 0 | I85: =SUM(I73:I84) -> 10235922 | J85: =(I85/F85) -> 0.2820298 | L85: =SUM(L73:L84) -> 0 | M85: =SUM(M73:M84) -> 0 | N85: =SUM(N73:N84) -> 26057838
A86: TOTAL GASTOS ( 1+2+3+4+5) | C86: =C85+C68+C51 -> 115823760 | D86: =D85+D68+D51 -> 0 | E86: =E85+E68+E51 -> 0 | F86: =F85+F68+F51 -> 115823760 | G86: =G85+G68+G51 -> 65423195 | H86: =H85+H68+H51 -> 0 | I86: =I85+I68+I51 -> 65423195 | J86: =(I86/F86) -> 0.56485124 | L86: =L85+L68+L51 -> 0 | M86: =M85+M68+M51 -> 0 | N86: =N85+N68+N51 -> 50400565
B87: Nombres y apellidos del representante legal | D87: Nombres y apellidos del Tesorero o Contador | H87: Nombres y apellidos del revisor fiscal (2)
B90: Firma | D90: Firma | H90: Firma
A92: (1) NOTA - En ningún caso el informe de seguimiento financiero podra presentarse con saldos negativos en la columna (10) Total Saldos por ejecutar. | D92: Total Ingresos en el mes | F92: =H22 -> 48259900 | G92: Ingresos Acumulados | J92: =+F92+'MES 4'!J92 -> 1.8226316e+08
D93: Total Egresos en el mes | F93: =H86 -> 0 | G93: Egresos Acumulados | J93: =+F93+'MES 4'!J93 -> 65423195
A94: (2) NOTA - Revisor Fiscal: Si está obligado legalmente a tener revisor fiscal. | D94: Saldo del mes | F94: =+F92-F93 -> 48259900 | G94: Saldo acumulado | J94: =J92-J93 -> 1.1683997e+08
A95: (3) NOTA - El siguiente cuadro debe ser diligenciado de acuerdo con lo establecido en la cláusula contractual forma de desembolso y en cualquier modificación contractual relacionada con alistamiento, memorandos, lineamientos, manuales y/o documentos que hagan parte integral del macroproceso de Protección.
A96: (4) NOTA: Saldo a Reintegrar por alistamiento: El reintegro por alistamiento se presenta de la siguiente forma: 1). Cuando el contrato abarca dos (2) vigencias se debe: a) Tomar el valor del alistamiento de la primer vigencia y restar el valor de la atención de cupos del último período o mes de esa vigencia, el saldo que resulte debe ser reintegrado. b) Tomar el (los) alistamiento (s) de la vigencia actual y restarle el valor de la atención de cupos del último período contractual; el saldo que resulte debe ser reintegrado según lo establecido en la minuta contractual. 2). Cuando el contrato es en una sola vigencia. Se toma el valor del (los) alistamiento (s) y se resta el valor de la atención de cupos del último período contractual. El saldo debe ser reintegrado de acuerdo con lo establecido en la minuta contractual. | D96: Valor alistamientos | F96: =C8 -> 19303960 | G96: MODIFICACIONES CONTRACTUALES
D97: Menos (-) Valor de la atención del periodo o mes objeto de reintegro | F97: =H22 -> 48259900 | G97: Valor Alistamiento por adición Cupos | I97: 0 | M97: Cantidad | N97: Modalidad
D98: Saldo a Reintegrar Alistamiento | F98: =F96-F97 -> -28955940 | G98: Valor Alistamiento por reducción de cupos a reintegrar | I98: 0 | K98: Cupos adicionados | M98: 0 | N98: 0
K99: Cupos adicionados | M99: 0 | N99: 0
K100: Cupos adicionados | M100: 0 | N100: 0
A101: (5) NOTA - En el mes que realicen modificación contractual, en lo relacionado con adiciones o disminuciones de cupos; se debe hacer la operación matémática de forma manual en la columna (L) filas del 5 a la 9 según modalidad. | K101: Cupos reducidos | M101: 0 | N101: 0
K102: Cupos reducidos | M102: 0 | N102: 0
K103: Cupos reducidos | M103: 0 | N103: 0
A105: SEGUIMIENTO A LAS ADICIONES
A107: OBJETO DEL RECURSO | C107: INGRESOS | G107: ACUMULADO | H107: GASTOS | N107: SALDO
C108: Reinversion | D108: Adición | E108: Disminución | F108: Recurso l final del periodo ejecutado | G108: Valor acumulado | H108: Gastos - mes 5 | I108: Valor total egresos | J108: % Aportes recibidos | L108: Ejecucion de Gastos | N108: Por ejecutar
L109: Gastos Pagados | M109: Cuentas por Pagar
A110: REGISTRO DE ADICIONES
B111: Total | C111: =SUM(C112:C114) -> 0 | D111: =SUM(D112:D114) -> 0 | E111: =SUM(E112:E114) -> 0 | F111: =C111+D111-E111 -> 0 | G111: =SUM(G112:G114) -> 0 | H111: =SUM(H112:H114) -> 0 | I111: =G111+H111 -> 0 | J111: =(I111/F111) -> #DIV/0! | L111: =SUM(L112:L114) -> 0 | M111: =SUM(M112:M114) -> 0 | N111: =F111-I111 -> 0
A112: 1 | B112: Obsequio Cumpleaños | C112: 0 | D112: 0 | E112: 0 | F112: =C112+D112-E112 -> 0 | G112: 0 | H112: 0 | I112: =G112+H112 -> 0 | J112: =(I112/F112) -> #DIV/0! | L112: 0 | M112: 0 | N112: =(F112-I112) -> 0
A113: 2 | B113: Obsequio Celebración Decembrina | C113: 0 | D113: 0 | E113: 0 | F113: =C113+D113-E113 -> 0 | G113: 0 | H113: 0 | I113: =G113+H113 -> 0 | J113: =(I113/F113) -> #DIV/0! | L113: 0 | M113: 0 | N113: =(F113-I113) -> 0
A114: 3 | B114: Cena Navideña | C114: 0 | D114: 0 | E114: 0 | F114: =C114+D114-E114 -> 0 | G114: 0 | H114: 0 | I114: =G114+H114 -> 0 | J114: =(I114/F114) -> #DIV/0! | L114: 0 | M114: 0 | N114: =(F114-I114) -> 0
...

Sheet MES 6
A1: DEFINICIÓN DE LOS RUBROS CONTENIDOS EN EL PRESUPUESTO-HOJA DE SEGUIMIENTO
B2: Regional | C2: =PRESUPUESTO!C2 -> CUNDINAMARCA | E2: Informe correspondiente al período: | G2: Modalidades: | I2: Cupos contratados | J2: Cupos Ejecutados | L2: Cupos Inejecutados | M2: Valor total pagado por modalidad
B3: Centro Zonal | C3: =PRESUPUESTO!C3 -> CUNDINAMARCA | G3: =PRESUPUESTO!$B$15 -> (1) INTERVENCION APOYO PSICOLOGICO | I3: =PRESUPUESTO!J15 -> 40 | J3: 100 | L3: =I3-J3 -> -60 | M3: =(J3*PRESUPUESTO!B11)+(L3*(PRESUPUESTO!B11*PRESUPUESTO!B13)) -> 48259900
B4: Municipio | C4: =PRESUPUESTO!C4 -> CHIA | E4: Fecha de elaboración (dd/mm/aa): | G4: =PRESUPUESTO!$B$16 -> (2) | I4: =PRESUPUESTO!J16 -> 0 | J4: 0 | L4: =I4-J4 -> 0 | M4: =(J4*PRESUPUESTO!C11)+(L4*(PRESUPUESTO!C11*PRESUPUESTO!C13)) -> 0
B5: Entidad contratista | C5: =PRESUPUESTO!I2 -> FUNDACION SAN NICOLAS | G5: =PRESUPUESTO!$B$17 -> (3) | I5: =PRESUPUESTO!J17 -> 0 | J5: 0 | L5: =I5-J5 -> 0 | M5: =(J5*PRESUPUESTO!D11)+(L5*(PRESUPUESTO!D11*PRESUPUESTO!D13)) -> 0
B6: NIT | C6: =PRESUPUESTO!I3 -> 901.604.401-1 | E6: Fecha de presentación (dd/mm/aa): | G6: =PRESUPUESTO!$B$18 -> (4) | I6: =PRESUPUESTO!J18 -> 0 | J6: 0 | L6: =I6-J6 -> 0 | M6: =(J6*PRESUPUESTO!E11)+(L6*(PRESUPUESTO!E11*PRESUPUESTO!E13)) -> 0
B7: Contrato No. | C7: =PRESUPUESTO!I4 -> 25004852025 | G7: =PRESUPUESTO!B19 -> (5) | I7: =PRESUPUESTO!J19 -> 0 | J7: 0 | L7: =I7-J7 -> 0 | M7: =(J7*PRESUPUESTO!F11)+(L7*(PRESUPUESTO!F11*PRESUPUESTO!F13)) -> 0
B8: Valor del alistamiento | C8: =PRESUPUESTO!M7+PRESUPUESTO!M11 -> 19303960 | E8: Vigencia desembolso Alistamiento | G8: =PRESUPUESTO!B20 -> (6) | I8: =PRESUPUESTO!J20 -> 0 | J8: 0 | L8: =I8-J8 -> 0 | M8: =(J8*PRESUPUESTO!G11)+(L8*(PRESUPUESTO!G11*PRESUPUESTO!G13)) -> 0
B9: Fecha desembolso alistamiento | G9: VALOR EJECUCIÓN MES ACTUAL | I9: =SUM(I3:I8) -> 40 | J9: =SUM(J3:K8) -> 100 | L9: =SUM(L3:L8) -> -60 | M9: =SUM(M3:N8) -> 48259900
G10: ADICION | I10: 0 | J10: TOTAL DESEMBOLSO | M10: =+M9+I10 -> 48259900
A11: CODIGO | B11: EJECUCION DE INGRESOS | C11: 1 | D11: 2 | E11: 3 | F11: 4=(1+2)-3 | G11: 5 | H11: -6 | I11: 7=(5+6) | J11: 8=(7/4) | L11: 9 | N11: 10=(4-7)
A12: 1 | B12: OBJETO DEL INGRESO | C12: Presupuesto inicial del periodo a ejecutar | D12: Adición | E12: Disminución | F12: Presupuesto al final del periodo ejecutado | G12: Valor ingresos acumulados al mes 5 | H12: Ingresos - mes 6 | I12: Valor total ingresos al final de periodo ejecutado | J12: % Aportes recibidos | L12: Ejecucion de Gastos | N12: Total saldo por ingresar
L13: Ingresos Pagados | M13: Cuentas por Cobrar
A14: 1100 | B14: Aportes ICBF | C14: =+'MES 5'!F14 -> 115823760 | D14: 0 | E14: 0 | F14: =C14+D14-E14 -> 115823760 | G14: ='MES 5'!I14 -> 1.8226316e+08 | H14: =M9 -> 48259900 | I14: =G14+H14 -> 2.3052306e+08 | J14: =(I14/F14) -> 1.9902917 | L14: 0 | M14: 0 | N14: =F14-I14 -> -1.146993e+08
A15: 1200 | B15: Acciones complementarias para la gestión en el restablecimiento de derechos y/o administración de justicia (112) | C15: =+PRESUPUESTO!K25 -> 0 | D15: 0 | E15: 0 | F15: =C15+D15-E15 -> 0 | G15: ='MES 5'!I15 -> 0 | H15: 0 | I15: =G15+H15 -> 0 | J15: =(I15/F15) -> #DIV/0! | L15: 0 | M15: 0 | N15: =F15-I15 -> 0
A16: 1300 | B16: Orientación para la vida personal, social, profesional y vocacional (Subproyecto 111) | C16: =+PRESUPUESTO!K26 -> 0 | D16: 0 | E16: 0 | F16: =C16+D16-E16 -> 0 | G16: ='MES 5'!I16 -> 0 | H16: 0 | I16: =G16+H16 -> 0 | J16: =(I16/F16) -> #DIV/0! | L16: 0 | M16: 0 | N16: =F16-I16 -> 0
A17: 1400 | B17: Dotación de unidades aplicativas (Centro costos 114) | C17: =+PRESUPUESTO!K27 -> 0 | D17: 0 | E17: 0 | F17: =C17+D17-E17 -> 0 | G17: ='MES 5'!I17 -> 0 | H17: 0 | I17: =G17+H17 -> 0 | J17: =(I17/F17) -> #DIV/0! | L17: 0 | M17: 0 | N17: =F17-I17 -> 0
A18: 1500 | B18: Donaciones (Cuando aplique) | C18: =+PRESUPUESTO!K28 -> 0 | D18: 0 | E18: 0 | F18: =C18+D18-E18 -> 0 | G18: ='MES 5'!I18 -> 0 | H18: 0 | I18: =G18+H18 -> 0 | J18: =(I18/F18) -> #DIV/0! | L18: 0 | M18: 0 | N18: =F18-I18 -> 0
A19: 1600 | B19: Rendimientos Financieros (Cuando aplique) | C19: =+PRESUPUESTO!K29 -> 0 | D19: 0 | E19: 0 | F19: =C19+D19-E19 -> 0 | G19: ='MES 5'!I19 -> 0 | H19: 0 | I19: =G19+H19 -> 0 | J19: =(I19/F19) -> #DIV/0! | L19: 0 | M19: 0 | N19: =F19-I19 -> 0
A20: 1700 | B20: Aportes de la institución (Cuando aplique) | C20: =+PRESUPUESTO!K30 -> 0 | D20: 0 | E20: 0 | F20: =C20+D20-E20 -> 0 | G20: ='MES 5'!I20 -> 0 | H20: 0 | I20: =G20+H20 -> 0 | J20: =(I20/F20) -> #DIV/0! | L20: 0 | M20: 0 | N20: =F20-I20 -> 0
A21: 1800 | B21: Otros ingresos (Cuando aplique) | C21: =+PRESUPUESTO!K31 -> 0 | D21: 0 | E21: 0 | F21: =C21+D21-E21 -> 0 | G21: ='MES 5'!I21 -> 0 | H21: 0 | I21: =G21+H21 -> 0 | J21: =(I21/F21) -> #DIV/0! | L21: 0 | M21: 0 | N21: =F21-I21 -> 0
A22: TOTAL INGRESOS | C22: =SUM(C14:C21) -> 115823760 | D22: =SUM(D14:D21) -> 0 | E22: =SUM(E14:E21) -> 0 | F22: =SUM(F14:F21) -> 115823760 | G22: =SUM(G14:G21) -> 1.8226316e+08 | H22: =SUM(H14:H21) -> 48259900 | I22: =SUM(I14:I21) -> 2.3052306e+08 | J22: =(I22/F22) -> 1.9902917 | L22: =SUM(L14:L21) -> 0 | M22: =SUM(M14:M21) -> 0 | N22: =SUM(N14:N21) -> -1.146993e+08
B24: Nombres y apellidos del representante legal | E24: Nombres y Apellidos del Tesorero o Contador Publico | I24: Nombres y apellidos del Revisor FIscal (2)
B27: Firma | E27: Firma | I27: Firma
B29: (1) NOTA - Revisor Fiscal : Si está obligado legalmente a tener revisor fiscal.
A32: GASTOS
A34: CODIGO | B34: EJECUCION DE INGRESOS | C34: 1 | D34: 2 | E34: 3 | F34: 4=(1+2)-3 | G34: 5 | H34: -6 | I34: 7=(5+6) | J34: 8=(7/4) | L34: 9 | N34: 10=(4-7)
A35: 2000 | B35: OBJETO DEL GASTO | C35: Presupuesto inicial del periodo a ejecutar | D35: Adición | E35: Disminución | F35: Presupuesto al final del periodo ejecutado | G35: Gastos acumulados al mes 5 | H35: Gastos - mes 6 | I35: Valor total ejecutado al final de periodo | J35: % aportes ejecutados | L35: Ejecucion de Gastos | N35: Total saldo por ejecutar
L36: Gastos Pagados | M36: Cuentas por Pagar
A37: 2100 | B37: 1. TALENTO HUMANO
A38: 2101 | B38: Salario | C38: =+PRESUPUESTO!K36 -> 0 | D38: 0 | E38: 0 | F38: =C38+D38-E38 -> 0 | G38: ='MES 5'!I38 -> 0 | H38: 0 | I38: =G38+H38 -> 0 | J38: =(I38/F38) -> #DIV/0! | L38: 0 | M38: 0 | N38: =(F38-I38) -> 0
A39: 2102 | B39: Auxilio de transporte | C39: =+PRESUPUESTO!K37 -> 0 | D39: 0 | E39: 0 | F39: =C39+D39-E39 -> 0 | G39: ='MES 5'!I39 -> 0 | H39: 0 | I39: =G39+H39 -> 0 | J39: =(I39/F39) -> #DIV/0! | L39: 0 | M39: 0 | N39: =(F39-I39) -> 0
A40: 2103 | B40: Horas extras y recargo nocturno | C40: =+PRESUPUESTO!K38 -> 0 | D40: 0 | E40: 0 | F40: =C40+D40-E40 -> 0 | G40: ='MES 5'!I40 -> 0 | H40: 0 | I40: =G40+H40 -> 0 | J40: =(I40/F40) -> #DIV/0! | L40: 0 | M40: 0 | N40: =(F40-I40) -> 0
A41: 2104 | B41: Cesantías | C41: =+PRESUPUESTO!K39 -> 0 | D41: 0 | E41: 0 | F41: =C41+D41-E41 -> 0 | G41: ='MES 5'!I41 -> 0 | H41: 0 | I41: =G41+H41 -> 0 | J41: =(I41/F41) -> #DIV/0! | L41: 0 | M41: 0 | N41: =(F41-I41) -> 0
A42: 2105 | B42: Vacaciones | C42: =+PRESUPUESTO!K40 -> 0 | D42: 0 | E42: 0 | F42: =C42+D42-E42 -> 0 | G42: ='MES 5'!I42 -> 0 | H42: 0 | I42: =G42+H42 -> 0 | J42: =(I42/F42) -> #DIV/0! | L42: 0 | M42: 0 | N42: =(F42-I42) -> 0
A43: 2106 | B43: Prima de servicios | C43: =+PRESUPUESTO!K41 -> 0 | D43: 0 | E43: 0 | F43: =C43+D43-E43 -> 0 | G43: ='MES 5'!I43 -> 0 | H43: 0 | I43: =G43+H43 -> 0 | J43: =(I43/F43) -> #DIV/0! | L43: 0 | M43: 0 | N43: =(F43-I43) -> 0
A44: 2107 | B44: Intereses/cesantías | C44: =+PRESUPUESTO!K42 -> 0 | D44: 0 | E44: 0 | F44: =C44+D44-E44 -> 0 | G44: ='MES 5'!I44 -> 0 | H44: 0 | I44: =G44+H44 -> 0 | J44: =(I44/F44) -> #DIV/0! | L44: 0 | M44: 0 | N44: =(F44-I44) -> 0
A45: 2108 | B45: Aportes parafiscales (SENA, Icbf y Caja de compensación) | C45: =+PRESUPUESTO!K43 -> 0 | D45: 0 | E45: 0 | F45: =C45+D45-E45 -> 0 | G45: ='MES 5'!I45 -> 0 | H45: 0 | I45: =G45+H45 -> 0 | J45: =(I45/F45) -> #DIV/0! | L45: 0 | M45: 0 | N45: =(F45-I45) -> 0
A46: 2109 | B46: Aportes salud, pensión y ARL | C46: =+PRESUPUESTO!K44 -> 0 | D46: 0 | E46: 0 | F46: =C46+D46-E46 -> 0 | G46: ='MES 5'!I46 -> 0 | H46: 0 | I46: =G46+H46 -> 0 | J46: =(I46/F46) -> #DIV/0! | L46: 0 | M46: 0 | N46: =(F46-I46) -> 0
A47: =+A46+1 -> 2110 | B47: Honorarios | C47: =+PRESUPUESTO!K45 -> 69000000 | D47: 0 | E47: 0 | F47: =C47+D47-E47 -> 69000000 | G47: ='MES 5'!I47 -> 39918759 | H47: 0 | I47: =G47+H47 -> 39918759 | J47: =(I47/F47) -> 0.57853274 | L47: 0 | M47: 0 | N47: =(F47-I47) -> 29081241
A48: =+A47+1 -> 2111 | B48: Dotación trabajadores | C48: =+PRESUPUESTO!K46 -> 0 | D48: 0 | E48: 0 | F48: =C48+D48-E48 -> 0 | G48: ='MES 5'!I48 -> 0 | H48: 0 | I48: =G48+H48 -> 0 | J48: =(I48/F48) -> #DIV/0! | L48: 0 | M48: 0 | N48: =(F48-I48) -> 0
A49: =+A48+1 -> 2112 | B49: Implementación Sistema Integrado de Gestión | C49: =+PRESUPUESTO!K47 -> 3000000 | D49: 0 | E49: 0 | F49: =C49+D49-E49 -> 3000000 | G49: ='MES 5'!I49 -> 500000 | H49: 0 | I49: =G49+H49 -> 500000 | J49: =(I49/F49) -> 0.16666667 | L49: 0 | M49: 0 | N49: =(F49-I49) -> 2500000
A50: =+A49+1 -> 2113 | B50: Otros gastos (Otros ingresos) | C50: =+PRESUPUESTO!K48 -> 0 | D50: 0 | E50: 0 | F50: =C50+D50-E50 -> 0 | G50: ='MES 5'!I50 -> 0 | H50: 0 | I50: =G50+H50 -> 0 | J50: =(I50/F50) -> #DIV/0! | L50: 0 | M50: 0 | N50: =(F50-I50) -> 0
A51: SUBTOTAL | C51: =SUM(C38:C50) -> 72000000 | D51: =SUM(D38:D50) -> 0 | E51: =SUM(E38:E50) -> 0 | F51: =SUM(F38:F50) -> 72000000 | G51: =SUM(G38:G50) -> 40418759 | H51: =SUM(H38:H50) -> 0 | I51: =SUM(I38:I50) -> 40418759 | J51: =(I51/F51) -> 0.56137165 | L51: =SUM(L38:L50) -> 0 | M51: =SUM(M38:M50) -> 0 | N51: =SUM(N38:N50) -> 31581241
A52: 2200 | B52: 2. NIÑOS, NIÑAS Y ADOLECENTES
A53: 2201 | B53: Alimentación | C53: =+PRESUPUESTO!K51 -> 3360000 | D53: 0 | E53: 0 | F53: =C53+D53-E53 -> 3360000 | G53: ='MES 5'!I53 -> 9808814 | H53: 0 | I53: =G53+H53 -> 9808814 | J53: =(I53/F53) -> 2.9192899 | L53: 0 | M53: 0 | N53: =(F53-I53) -> -6448814
A54: 2202 | B54: Emergencias y botiquín (Medicamentos no incluidos en el POS) | C54: =+PRESUPUESTO!K52 -> 300000 | D54: 0 | E54: 0 | F54: =C54+D54-E54 -> 300000 | G54: ='MES 5'!I54 -> 59000 | H54: 0 | I54: =G54+H54 -> 59000 | J54: =(I54/F54) -> 0.19666667 | L54: 0 | M54: 0 | N54: =(F54-I54) -> 241000
A55: 2203 | B55: Educación (Dotación escolar, material pedagógico y de aseo escolar) | C55: =+PRESUPUESTO!K53 -> 900000 | D55: 0 | E55: 0 | F55: =C55+D55-E55 -> 900000 | G55: ='MES 5'!I55 -> 2014800 | H55: 0 | I55: =G55+H55 -> 2014800 | J55: =(I55/F55) -> 2.2386667 | L55: 0 | M55: 0 | N55: =(F55-I55) -> -1114800
A56: 2204 | B56: Dotación personal | C56: =+PRESUPUESTO!K54 -> 0 | D56: 0 | E56: 0 | F56: =C56+D56-E56 -> 0 | G56: ='MES 5'!I56 -> 811000 | H56: 0 | I56: =G56+H56 -> 811000 | J56: =(I56/F56) -> #DIV/0! | L56: 0 | M56: 0 | N56: =(F56-I56) -> -811000
A57: 2205 | B57: Dotación de aseo e higiene personal | C57: =+PRESUPUESTO!K55 -> 0 | D57: 0 | E57: 0 | F57: =C57+D57-E57 -> 0 | G57: ='MES 5'!I57 -> 451400 | H57: 0 | I57: =G57+H57 -> 451400 | J57: =(I57/F57) -> #DIV/0! | L57: 0 | M57: 0 | N57: =(F57-I57) -> -451400
A58: 2206 | B58: Recreación | C58: =+PRESUPUESTO!K56 -> 600000 | D58: 0 | E58: 0 | F58: =C58+D58-E58 -> 600000 | G58: ='MES 5'!I58 -> 395500 | H58: 0 | I58: =G58+H58 -> 395500 | J58: =(I58/F58) -> 0.65916667 | L58: 0 | M58: 0 | N58: =(F58-I58) -> 204500
A59: 2207 | B59: Dotación lúdico deportiva (por reposición) | C59: =+PRESUPUESTO!K57 -> 720000 | D59: 0 | E59: 0 | F59: =C59+D59-E59 -> 720000 | G59: ='MES 5'!I59 -> 0 | H59: 0 | I59: =G59+H59 -> 0 | J59: =(I59/F59) -> 0 | L59: 0 | M59: 0 | N59: =(F59-I59) -> 720000
A60: 2208 | B60: Transporte para niños, niñas y adolescentes | C60: =+PRESUPUESTO!K58 -> 1650000 | D60: 0 | E60: 0 | F60: =C60+D60-E60 -> 1650000 | G60: ='MES 5'!I60 -> 1228000 | H60: 0 | I60: =G60+H60 -> 1228000 | J60: =(I60/F60) -> 0.74424242 | L60: 0 | M60: 0 | N60: =(F60-I60) -> 422000
A61: 2209 | B61: Centros de Interés - Artes (Solo SRPA) | C61: =+PRESUPUESTO!K59 -> 0 | D61: 0 | E61: 0 | F61: =C61+D61-E61 -> 0 | G61: ='MES 5'!I61 -> 0 | H61: 0 | I61: =G61+H61 -> 0 | J61: =(I61/F61) -> #DIV/0! | L61: 0 | M61: 0 | N61: =(F61-I61) -> 0
A62: 2210 | B62: Acciones complementarias para la gestión en el restablecimiento de derechos y/o administración de justicia (Subproyecto 112) | C62: =+PRESUPUESTO!K60 -> 0 | D62: 0 | E62: 0 | F62: =C62+D62-E62 -> 0 | G62: ='MES 5'!I62 -> 0 | H62: 0 | I62: =G62+H62 -> 0 | J62: =(I62/F62) -> #DIV/0! | L62: 0 | M62: 0 | N62: =(F62-I62) -> 0
A63: 2211 | B63: Orientación para la vida personal, social, profesional y vocacional (Subproyecto 111) | C63: =+PRESUPUESTO!K61 -> 0 | D63: 0 | E63: 0 | F63: =C63+D63-E63 -> 0 | G63: ='MES 5'!I63 -> 0 | H63: 0 | I63: =G63+H63 -> 0 | J63: =(I63/F63) -> #DIV/0! | L63: 0 | M63: 0 | N63: =(F63-I63) -> 0
A64: 2212 | B64: Dotación básica (Aplica por reposición o adición al contrato) | C64: =+PRESUPUESTO!K62 -> 0 | D64: 0 | E64: 0 | F64: =C64+D64-E64 -> 0 | G64: ='MES 5'!I64 -> 0 | H64: 0 | I64: =G64+H64 -> 0 | J64: =(I64/F64) -> #DIV/0! | L64: 0 | M64: 0 | N64: =(F64-I64) -> 0
... A67: 2215 | B67: Otros gastos (Otros ingresos) | C67: =+PRESUPUESTO!K65 -> 0 | D67: 0 | E67: 0 | F67: =C67+D67-E67 -> 0 | G67: ='MES 5'!I67 -> 0 | H67: 0 | I67: =G67+H67 -> 0 | J67: =(I67/F67) -> #DIV/0! | L67: 0 | M67: 0 | N67: =(F67-I67) -> 0
A68: SUBTOTAL | C68: =SUM(C53:C67) -> 7530000 | D68: =SUM(D53:D67) -> 0 | E68: =SUM(E53:E67) -> 0 | F68: =SUM(F53:F67) -> 7530000 | G68: =SUM(G53:G67) -> 14768514 | H68: =SUM(H53:H67) -> 0 | I68: =SUM(I53:I67) -> 14768514 | J68: =(I68/F68) -> 1.96129 | L68: =SUM(L53:L67) -> 0 | M68: =SUM(M53:M67) -> 0 | N68: =SUM(N53:N67) -> -7238514
A69: CODIGO | B69: EJECUCION DE GASTOS | C69: 1 | D69: 2 | E69: 3 | F69: 4=(1+2)-3 | G69: 5 | H69: 6 | I69: 7=(5+6) | J69: 8=(7/4) | L69: 9 | N69: 10=(4-7)
A70: 2000 | B70: OBJETO DEL GASTO | C70: =C35 -> Presupuesto inicial del periodo a ejecutar | D70: Adición | E70: Disminución | F70: =F35 -> Presupuesto al final del periodo ejecutado | G70: =G35 -> Gastos acumulados al mes 5 | H70: =H35 -> Gastos - mes 6 | I70: =I35 -> Valor total ejecutado al final de periodo | J70: % aportes ejecutados | L70: Ejecucion de Gastos | N70: =N35 -> Total saldo por ejecutar
L71: Gastos Pagados | M71: Cuentas por Pagar
A72: 2300 | B72: 3. GASTOS GENERALES Y ADMINISTRATIVOS
A73: 2301 | B73: Servicios públicos | C73: =+PRESUPUESTO!K68 -> 3000000 | D73: 0 | E73: 0 | F73: =C73+D73-E73 -> 3000000 | G73: ='MES 5'!I73 -> 711600 | H73: 0 | I73: =(G73+H73) -> 711600 | J73: =(I73/F73) -> 0.2372 | L73: 0 | M73: 0 | N73: =(F73-I73) -> 2288400
A74: 2302 | B74: Mantenimiento y reparaciones instalaciones locativas | C74: =+PRESUPUESTO!K69 -> 300000 | D74: 0 | E74: 0 | F74: =C74+D74-E74 -> 300000 | G74: ='MES 5'!I74 -> 250000 | H74: 0 | I74: =(G74+H74) -> 250000 | J74: =(I74/F74) -> 0.83333333 | L74: 0 | M74: 0 | N74: =(F74-I74) -> 50000
A75: 2303 | B75: Utilización de instalaciones en ambientes sanos y adecuados | C75: =+PRESUPUESTO!K70 -> 21000000 | D75: 0 | E75: 0 | F75: =C75+D75-E75 -> 21000000 | G75: ='MES 5'!I75 -> 3500000 | H75: 0 | I75: =(G75+H75) -> 3500000 | J75: =(I75/F75) -> 0.16666667 | L75: 0 | M75: 0 | N75: =(F75-I75) -> 17500000
A76: 2304 | B76: Reparación y mantenimiento de dotación institucional | C76: =+PRESUPUESTO!K71 -> 780000 | D76: 0 | E76: 0 | F76: =C76+D76-E76 -> 780000 | G76: ='MES 5'!I76 -> 0 | H76: 0 | I76: =(G76+H76) -> 0 | J76: =(I76/F76) -> 0 | L76: 0 | M76: 0 | N76: =(F76-I76) -> 780000
A77: 2305 | B77: Papelería | C77: =+PRESUPUESTO!K72 -> 960000 | D77: 0 | E77: 0 | F77: =C77+D77-E77 -> 960000 | G77: ='MES 5'!I77 -> 433500 | H77: 0 | I77: =(G77+H77) -> 433500 | J77: =(I77/F77) -> 0.4515625 | L77: 0 | M77: 0 | N77: =(F77-I77) -> 526500
A78: 2306 | B78: Aseo | C78: =+PRESUPUESTO!K73 -> 900000 | D78: 0 | E78: 0 | F78: =C78+D78-E78 -> 900000 | G78: ='MES 5'!I78 -> 260500 | H78: 0 | I78: =(G78+H78) -> 260500 | J78: =(I78/F78) -> 0.28944444 | L78: 0 | M78: 0 | N78: =(F78-I78) -> 639500
A79: 2307 | B79: Transporte personal institución para visitas domiciliarias a los hogares y/o traslado de niños, niñas y adolescentes | C79: =+PRESUPUESTO!K74 -> 1470000 | D79: 0 | E79: 0 | F79: =C79+D79-E79 -> 1470000 | G79: ='MES 5'!I79 -> 1020000 | H79: 0 | I79: =(G79+H79) -> 1020000 | J79: =(I79/F79) -> 0.69387755 | L79: 0 | M79: 0 | N79: =(F79-I79) -> 450000
A80: 2308 | B80: Gravamen a los movimientos financieros (4 por mil) | C80: =+PRESUPUESTO!K75 -> 463290 | D80: 0 | E80: 0 | F80: =C80+D80-E80 -> 463290 | G80: ='MES 5'!I80 -> 0 | H80: 0 | I80: =(G80+H80) -> 0 | J80: =(I80/F80) -> 0 | L80: 0 | M80: 0 | N80: =(F80-I80) -> 463290
A81: 2309 | B81: Gastos bancarios (comisiones, transferencias y chequeras) | C81: =+PRESUPUESTO!K76 -> 820470 | D81: 0 | E81: 0 | F81: =C81+D81-E81 -> 820470 | G81: ='MES 5'!I81 -> 239226 | H81: 0 | I81: =(G81+H81) -> 239226 | J81: =(I81/F81) -> 0.2915719 | L81: 0 | M81: 0 | N81: =(F81-I81) -> 581244
A82: 2310 | B82: Servicio de contabilidad | C82: =+PRESUPUESTO!K77 -> 6600000 | D82: 0 | E82: 0 | F82: =C82+D82-E82 -> 6600000 | G82: ='MES 5'!I82 -> 2200000 | H82: 0 | I82: =(G82+H82) -> 2200000 | J82: =(I82/F82) -> 0.33333333 | L82: 0 | M82: 0 | N82: =(F82-I82) -> 4400000
A83: 2311 | B83: Otros (lo que se requiera para el adecuado desarrollo de la modalidad) | C83: =+PRESUPUESTO!K78 -> 0 | D83: 0 | E83: 0 | F83: =C83+D83-E83 -> 0 | G83: ='MES 5'!I83 -> 1621096 | H83: 0 | I83: =(G83+H83) -> 1621096 | J83: =(I83/F83) -> #DIV/0! | L83: 0 | M83: 0 | N83: =(F83-I83) -> -1621096
A84: 2312 | B84: Otros gastos (Otros ingresos) | C84: =+PRESUPUESTO!K79 -> 0 | D84: 0 | E84: 0 | F84: =C84+D84-E84 -> 0 | G84: ='MES 5'!I84 -> 0 | H84: 0 | I84: =(G84+H84) -> 0 | J84: =(I84/F84) -> #DIV/0! | L84: 0 | M84: 0 | N84: =(F84-I84) -> 0
A85: SUBTOTAL | C85: =SUM(C73:C84) -> 36293760 | D85: =SUM(D73:D84) -> 0 | E85: =SUM(E73:E84) -> 0 | F85: =SUM(F73:F84) -> 36293760 | G85: =SUM(G73:G84) -> 10235922 | H85: =SUM(H73:H84) -> 0 | I85: =SUM(I73:I84) -> 10235922 | J85: =(I85/F85) -> 0.2820298 | L85: =SUM(L73:L84) -> 0 | M85: =SUM(M73:M84) -> 0 | N85: =SUM(N73:N84) -> 26057838
A86: TOTAL GASTOS ( 1+2+3+4+5) | C86: =C85+C68+C51 -> 115823760 | D86: =D85+D68+D51 -> 0 | E86: =E85+E68+E51 -> 0 | F86: =F85+F68+F51 -> 115823760 | G86: =G85+G68+G51 -> 65423195 | H86: =H85+H68+H51 -> 0 | I86: =I85+I68+I51 -> 65423195 | J86: =(I86/F86) -> 0.56485124 | L86: =L85+L68+L51 -> 0 | M86: =M85+M68+M51 -> 0 | N86: =N85+N68+N51 -> 50400565
B87: Nombres y apellidos del representante legal | D87: Nombres y apellidos del Tesorero o Contador | H87: Nombres y apellidos del revisor fiscal (2)
B90: Firma | D90: Firma | H90: Firma
A92: (1) NOTA - En ningún caso el informe de seguimiento financiero podra presentarse con saldos negativos en la columna (10) Total Saldos por ejecutar. | D92: Total Ingresos en el mes | F92: =H22 -> 48259900 | G92: Ingresos Acumulados | J92: =F92+'MES 5'!J92 -> 2.3052306e+08
D93: Total Egresos en el mes | F93: =H86 -> 0 | G93: Egresos Acumulados | J93: =F93+'MES 5'!J93 -> 65423195
A94: (2) NOTA - Revisor Fiscal: Si está obligado legalmente a tener revisor fiscal. | D94: Saldo del mes | F94: =+F92-F93 -> 48259900 | G94: Saldo acumulado | J94: =J92-J93 -> 1.6509987e+08
A95: (3) NOTA - El siguiente cuadro debe ser diligenciado de acuerdo con lo establecido en la cláusula contractual forma de desembolso y en cualquier modificación contractual relacionada con alistamiento, memorandos, lineamientos, manuales y/o documentos que hagan parte integral del macroproceso de Protección.
A96: (4) NOTA: Saldo a Reintegrar por alistamiento: El reintegro por alistamiento se presenta de la siguiente forma: 1). Cuando el contrato abarca dos (2) vigencias se debe: a) Tomar el valor del alistamiento de la primer vigencia y restar el valor de la atención de cupos del último período o mes de esa vigencia, el saldo que resulte debe ser reintegrado. b) Tomar el (los) alistamiento (s) de la vigencia actual y restarle el valor de la atención de cupos del último período contractual; el saldo que resulte debe ser reintegrado según lo establecido en la minuta contractual. 2). Cuando el contrato es en una sola vigencia. Se toma el valor del (los) alistamiento (s) y se resta el valor de la atención de cupos del último período contractual. El saldo debe ser reintegrado de acuerdo con lo establecido en la minuta contractual. | M96: Cantidad | N96: Modalidad
D97: Valor alistamientos | F97: =C8 -> 19303960 | G97: MODIFICACIONES CONTRACTUALES | I97: 0 | K97: Cupos adicionados | M97: 0 | N97: 0
D98: Menos (-) Valor de la atención del periodo o mes objeto de reintegro | F98: =H22 -> 48259900 | G98: Valor Alistamiento por adición Cupos | I98: 0 | K98: Cupos adicionados | M98: 0 | N98: 0
D99: Saldo a Reintegrar Alistamiento | F99: =F97-F98 -> -28955940 | G99: Valor Alistamiento por reducción de cupos a reintegrar | I99: 0 | K99: Cupos adicionados | M99: 0 | N99: 0
K100: Cupos reducidos | M100: 0 | N100: 0
A101: (5) NOTA - En el mes que realicen modificación contractual, en lo relacionado con adiciones o disminuciones de cupos; se debe hacer la operación matémática de forma manual en la columna (L) filas del 5 a la 9 según modalidad. | K101: Cupos reducidos | M101: 0 | N101: 0
K102: Cupos reducidos | M102: 0 | N102: 0
A105: SEGUIMIENTO A LAS ADICIONES
A107: OBJETO DEL RECURSO | C107: INGRESOS | G107: ACUMULADO | H107: GASTOS | N107: SALDO
C108: Reinversion | D108: Adición | E108: Disminución | F108: Recurso l final del periodo ejecutado | G108: Valor acumulado | H108: Gastos - mes 6 | I108: Valor total egresos | J108: % Aportes recibidos | L108: Ejecucion de Gastos | N108: Por ejecutar
L109: Gastos Pagados | M109: Cuentas por Pagar
A110: REGISTRO DE ADICIONES
B111: Total | C111: =SUM(C112:C114) -> 0 | D111: =SUM(D112:D114) -> 0 | E111: =SUM(E112:E114) -> 0 | F111: =C111+D111-E111 -> 0 | G111: =SUM(G112:G114) -> 0 | H111: =SUM(H112:H114) -> 0 | I111: =G111+H111 -> 0 | J111: =(I111/F111) -> #DIV/0! | L111: =SUM(L112:L114) -> 0 | M111: =SUM(M112:M114) -> 0 | N111: =F111-I111 -> 0
A112: 1 | B112: Obsequio Cumpleaños | C112: 0 | D112: 0 | E112: 0 | F112: =C112+D112-E112 -> 0 | G112: 0 | H112: 0 | I112: =G112+H112 -> 0 | J112: =(I112/F112) -> #DIV/0! | L112: 0 | M112: 0 | N112: =(F112-I112) -> 0
A113: 2 | B113: Obsequio Celebración Decembrina | C113: 0 | D113: 0 | E113: 0 | F113: =C113+D113-E113 -> 0 | G113: 0 | H113: 0 | I113: =G113+H113 -> 0 | J113: =(I113/F113) -> #DIV/0! | L113: 0 | M113: 0 | N113: =(F113-I113) -> 0
A114: 3 | B114: Cena Navideña | C114: 0 | D114: 0 | E114: 0 | F114: =C114+D114-E114 -> 0 | G114: 0 | H114: 0 | I114: =G114+H114 -> 0 | J114: =(I114/F114) -> #DIV/0! | L114: 0 | M114: 0 | N114: =(F114-I114) -> 0
A117: Nombres y apellidos del representante legal | D117: Nombres y apellidos del Tesorero o Contador | H117: Nombres y apellidos del revisor fiscal
...

Sheet MES 7
A1: DEFINICIÓN DE LOS RUBROS CONTENIDOS EN EL PRESUPUESTO-HOJA DE SEGUIMIENTO
B2: Regional | C2: =PRESUPUESTO!C2 -> CUNDINAMARCA | E2: Informe correspondiente al período: | G2: Modalidades: | I2: Cupos contratados | J2: Cupos Ejecutados | L2: Cupos Inejecutados | M2: Valor total pagado por modalidad
B3: Centro Zonal | C3: =PRESUPUESTO!C3 -> CUNDINAMARCA | G3: =PRESUPUESTO!$B$15 -> (1) INTERVENCION APOYO PSICOLOGICO | I3: =PRESUPUESTO!J15 -> 40 | J3: 100 | L3: =I3-J3 -> -60 | M3: =(J3*PRESUPUESTO!B11)+(L3*(PRESUPUESTO!B11*PRESUPUESTO!B13)) -> 48259900
B4: Municipio | C4: =PRESUPUESTO!C4 -> CHIA | E4: Fecha de elaboración (dd/mm/aa): | G4: =PRESUPUESTO!$B$16 -> (2) | I4: =PRESUPUESTO!J16 -> 0 | J4: 0 | L4: =I4-J4 -> 0 | M4: =(J4*PRESUPUESTO!C11)+(L4*(PRESUPUESTO!C11*PRESUPUESTO!C13)) -> 0
B5: Entidad contratista | C5: =PRESUPUESTO!I2 -> FUNDACION SAN NICOLAS | G5: =PRESUPUESTO!$B$17 -> (3) | I5: =PRESUPUESTO!J17 -> 0 | J5: 0 | L5: =I5-J5 -> 0 | M5: =(J5*PRESUPUESTO!D11)+(L5*(PRESUPUESTO!D11*PRESUPUESTO!D13)) -> 0
B6: NIT | C6: =PRESUPUESTO!I3 -> 901.604.401-1 | E6: Fecha de presentación (dd/mm/aa): | G6: =PRESUPUESTO!$B$18 -> (4) | I6: =PRESUPUESTO!J18 -> 0 | J6: 0 | L6: =I6-J6 -> 0 | M6: =(J6*PRESUPUESTO!E11)+(L6*(PRESUPUESTO!E11*PRESUPUESTO!E13)) -> 0
B7: Contrato No. | C7: =PRESUPUESTO!I4 -> 25004852025 | G7: =PRESUPUESTO!B19 -> (5) | I7: =PRESUPUESTO!J19 -> 0 | J7: 0 | L7: =I7-J7 -> 0 | M7: =(J7*PRESUPUESTO!F11)+(L7*(PRESUPUESTO!F11*PRESUPUESTO!F13)) -> 0
B8: Valor del alistamiento | C8: =PRESUPUESTO!M7+PRESUPUESTO!M11 -> 19303960 | E8: Vigencia desembolso Alistamiento | G8: =PRESUPUESTO!B20 -> (6) | I8: =PRESUPUESTO!J20 -> 0 | J8: 0 | L8: =I8-J8 -> 0 | M8: =(J8*PRESUPUESTO!G11)+(L8*(PRESUPUESTO!G11*PRESUPUESTO!G13)) -> 0
B9: Fecha desembolso alistamiento | G9: VALOR EJECUCIÓN MES ACTUAL | I9: =SUM(I3:I8) -> 40 | J9: =SUM(J3:K8) -> 100 | L9: =SUM(L3:L8) -> -60 | M9: =SUM(M3:N8) -> 48259900
G10: ADICION | I10: 0 | J10: TOTAL DESEMBOLSO | M10: =+M9+I10 -> 48259900
A11: CODIGO | B11: EJECUCION DE INGRESOS | C11: 1 | D11: 2 | E11: 3 | F11: 4=(1+2)-3 | G11: 5 | H11: -6 | I11: 7=(5+6) | J11: 8=(7/4) | L11: 9 | N11: 10=(4-7)
A12: 1 | B12: OBJETO DEL INGRESO | C12: Presupuesto inicial del periodo a ejecutar | D12: Adición | E12: Disminución | F12: Presupuesto al final del periodo ejecutado | G12: Valor ingresos acumulados al mes 6 | H12: Ingresos - mes 7 | I12: Valor total ingresos al final de periodo ejecutado | J12: % Aportes recibidos | L12: Ejecucion de Gastos | N12: Total saldo por ingresar
L13: Ingresos Pagados | M13: Cuentas por Cobrar
A14: 1100 | B14: Aportes ICBF | C14: =+'MES 6'!F14 -> 115823760 | D14: 0 | E14: 0 | F14: =C14+D14-E14 -> 115823760 | G14: ='MES 6'!I14 -> 2.3052306e+08 | H14: =M9 -> 48259900 | I14: =G14+H14 -> 2.7878296e+08 | J14: =(I14/F14) -> 2.4069583 | L14: 0 | M14: 0 | N14: =F14-I14 -> -1.629592e+08
A15: 1200 | B15: Acciones complementarias para la gestión en el restablecimiento de derechos y/o administración de justicia (112) | C15: =+PRESUPUESTO!K25 -> 0 | D15: 0 | E15: 0 | F15: =C15+D15-E15 -> 0 | G15: ='MES 6'!I15 -> 0 | H15: 0 | I15: =G15+H15 -> 0 | J15: =(I15/F15) -> #DIV/0! | L15: 0 | M15: 0 | N15: =F15-I15 -> 0
A16: 1300 | B16: Orientación para la vida personal, social, profesional y vocacional (Subproyecto 111) | C16: =+PRESUPUESTO!K26 -> 0 | D16: 0 | E16: 0 | F16: =C16+D16-E16 -> 0 | G16: ='MES 6'!I16 -> 0 | H16: 0 | I16: =G16+H16 -> 0 | J16: =(I16/F16) -> #DIV/0! | L16: 0 | M16: 0 | N16: =F16-I16 -> 0
A17: 1400 | B17: Dotación de unidades aplicativas (Centro costos 114) | C17: =+PRESUPUESTO!K27 -> 0 | D17: 0 | E17: 0 | F17: =C17+D17-E17 -> 0 | G17: ='MES 6'!I17 -> 0 | H17: 0 | I17: =G17+H17 -> 0 | J17: =(I17/F17) -> #DIV/0! | L17: 0 | M17: 0 | N17: =F17-I17 -> 0
A18: 1500 | B18: Donaciones (Cuando aplique) | C18: =+PRESUPUESTO!K28 -> 0 | D18: 0 | E18: 0 | F18: =C18+D18-E18 -> 0 | G18: ='MES 6'!I18 -> 0 | H18: 0 | I18: =G18+H18 -> 0 | J18: =(I18/F18) -> #DIV/0! | L18: 0 | M18: 0 | N18: =F18-I18 -> 0
A19: 1600 | B19: Rendimientos Financieros (Cuando aplique) | C19: =+PRESUPUESTO!K29 -> 0 | D19: 0 | E19: 0 | F19: =C19+D19-E19 -> 0 | G19: ='MES 6'!I19 -> 0 | H19: 0 | I19: =G19+H19 -> 0 | J19: =(I19/F19) -> #DIV/0! | L19: 0 | M19: 0 | N19: =F19-I19 -> 0
A20: 1700 | B20: Aportes de la institución (Cuando aplique) | C20: =+PRESUPUESTO!K30 -> 0 | D20: 0 | E20: 0 | F20: =C20+D20-E20 -> 0 | G20: ='MES 6'!I20 -> 0 | H20: 0 | I20: =G20+H20 -> 0 | J20: =(I20/F20) -> #DIV/0! | L20: 0 | M20: 0 | N20: =F20-I20 -> 0
A21: 1800 | B21: Otros ingresos (Cuando aplique) | C21: =+PRESUPUESTO!K31 -> 0 | D21: 0 | E21: 0 | F21: =C21+D21-E21 -> 0 | G21: ='MES 6'!I21 -> 0 | H21: 0 | I21: =G21+H21 -> 0 | J21: =(I21/F21) -> #DIV/0! | L21: 0 | M21: 0 | N21: =F21-I21 -> 0
A22: TOTAL INGRESOS | C22: =SUM(C14:C21) -> 115823760 | D22: =SUM(D14:D21) -> 0 | E22: =SUM(E14:E21) -> 0 | F22: =SUM(F14:F21) -> 115823760 | G22: =SUM(G14:G21) -> 2.3052306e+08 | H22: =SUM(H14:H21) -> 48259900 | I22: =SUM(I14:I21) -> 2.7878296e+08 | J22: =(I22/F22) -> 2.4069583 | L22: =SUM(L14:L21) -> 0 | M22: =SUM(M14:M21) -> 0 | N22: =SUM(N14:N21) -> -1.629592e+08
B24: Nombres y apellidos del representante legal | E24: Nombres y Apellidos del Tesorero o Contador Publico | I24: Nombres y apellidos del Revisor FIscal (2)
B27: Firma | E27: Firma | I27: Firma
B29: (1) NOTA - Revisor Fiscal : Si está obligado legalmente a tener revisor fiscal.
A31: GASTOS
A33: CODIGO | B33: EJECUCION DE INGRESOS | C33: 1 | D33: 2 | E33: 3 | F33: 4=(1+2)-3 | G33: 5 | H33: -6 | I33: 7=(5+6) | J33: 8=(7/4) | L33: 9 | N33: 10=(4-7)
A34: 2000 | B34: OBJETO DEL GASTO | C34: Presupuesto inicial del periodo a ejecutar | D34: Adición | E34: Disminución | F34: Presupuesto al final del periodo ejecutado | G34: Gastos acumulados al mes 6 | H34: Gastos - mes 7 | I34: Valor total ejecutado al final de periodo | J34: % aportes ejecutados | L34: Ejecucion de Gastos | N34: Total saldo por ejecutar
L35: Gastos Pagados | M35: Cuentas por Pagar
A36: 2100 | B36: 1. TALENTO HUMANO
A37: 2101 | B37: Salario | C37: =+PRESUPUESTO!K36 -> 0 | D37: 0 | E37: 0 | F37: =C37+D37-E37 -> 0 | G37: ='MES 6'!I38 -> 0 | H37: 0 | I37: =G37+H37 -> 0 | J37: =(I37/F37) -> #DIV/0! | L37: 0 | M37: 0 | N37: =(F37-I37) -> 0
A38: 2102 | B38: Auxilio de transporte | C38: =+PRESUPUESTO!K37 -> 0 | D38: 0 | E38: 0 | F38: =C38+D38-E38 -> 0 | G38: ='MES 6'!I39 -> 0 | H38: 0 | I38: =G38+H38 -> 0 | J38: =(I38/F38) -> #DIV/0! | L38: 0 | M38: 0 | N38: =(F38-I38) -> 0
A39: 2103 | B39: Horas extras y recargo nocturno | C39: =+PRESUPUESTO!K38 -> 0 | D39: 0 | E39: 0 | F39: =C39+D39-E39 -> 0 | G39: ='MES 6'!I40 -> 0 | H39: 0 | I39: =G39+H39 -> 0 | J39: =(I39/F39) -> #DIV/0! | L39: 0 | M39: 0 | N39: =(F39-I39) -> 0
A40: 2104 | B40: Cesantías | C40: =+PRESUPUESTO!K39 -> 0 | D40: 0 | E40: 0 | F40: =C40+D40-E40 -> 0 | G40: ='MES 6'!I41 -> 0 | H40: 0 | I40: =G40+H40 -> 0 | J40: =(I40/F40) -> #DIV/0! | L40: 0 | M40: 0 | N40: =(F40-I40) -> 0
A41: 2105 | B41: Vacaciones | C41: =+PRESUPUESTO!K40 -> 0 | D41: 0 | E41: 0 | F41: =C41+D41-E41 -> 0 | G41: ='MES 6'!I42 -> 0 | H41: 0 | I41: =G41+H41 -> 0 | J41: =(I41/F41) -> #DIV/0! | L41: 0 | M41: 0 | N41: =(F41-I41) -> 0
A42: 2106 | B42: Prima de servicios | C42: =+PRESUPUESTO!K41 -> 0 | D42: 0 | E42: 0 | F42: =C42+D42-E42 -> 0 | G42: ='MES 6'!I43 -> 0 | H42: 0 | I42: =G42+H42 -> 0 | J42: =(I42/F42) -> #DIV/0! | L42: 0 | M42: 0 | N42: =(F42-I42) -> 0
A43: 2107 | B43: Intereses/cesantías | C43: =+PRESUPUESTO!K42 -> 0 | D43: 0 | E43: 0 | F43: =C43+D43-E43 -> 0 | G43: ='MES 6'!I44 -> 0 | H43: 0 | I43: =G43+H43 -> 0 | J43: =(I43/F43) -> #DIV/0! | L43: 0 | M43: 0 | N43: =(F43-I43) -> 0
A44: 2108 | B44: Aportes parafiscales (SENA, Icbf y Caja de compensación) | C44: =+PRESUPUESTO!K43 -> 0 | D44: 0 | E44: 0 | F44: =C44+D44-E44 -> 0 | G44: ='MES 6'!I45 -> 0 | H44: 0 | I44: =G44+H44 -> 0 | J44: =(I44/F44) -> #DIV/0! | L44: 0 | M44: 0 | N44: =(F44-I44) -> 0
A45: 2109 | B45: Aportes salud, pensión y ARL | C45: =+PRESUPUESTO!K44 -> 0 | D45: 0 | E45: 0 | F45: =C45+D45-E45 -> 0 | G45: ='MES 6'!I46 -> 0 | H45: 0 | I45: =G45+H45 -> 0 | J45: =(I45/F45) -> #DIV/0! | L45: 0 | M45: 0 | N45: =(F45-I45) -> 0
A46: =+A45+1 -> 2110 | B46: Honorarios | C46: =+PRESUPUESTO!K45 -> 69000000 | D46: 0 | E46: 0 | F46: =C46+D46-E46 -> 69000000 | G46: ='MES 6'!I47 -> 39918759 | H46: 0 | I46: =G46+H46 -> 39918759 | J46: =(I46/F46) -> 0.57853274 | L46: 0 | M46: 0 | N46: =(F46-I46) -> 29081241
A47: =+A46+1 -> 2111 | B47: Dotación trabajadores | C47: =+PRESUPUESTO!K46 -> 0 | D47: 0 | E47: 0 | F47: =C47+D47-E47 -> 0 | G47: ='MES 6'!I48 -> 0 | H47: 0 | I47: =G47+H47 -> 0 | J47: =(I47/F47) -> #DIV/0! | L47: 0 | M47: 0 | N47: =(F47-I47) -> 0
A48: =+A47+1 -> 2112 | B48: Implementación Sistema Integrado de Gestión | C48: =+PRESUPUESTO!K47 -> 3000000 | D48: 0 | E48: 0 | F48: =C48+D48-E48 -> 3000000 | G48: ='MES 6'!I49 -> 500000 | H48: 0 | I48: =G48+H48 -> 500000 | J48: =(I48/F48) -> 0.16666667 | L48: 0 | M48: 0 | N48: =(F48-I48) -> 2500000
A49: =+A48+1 -> 2113 | B49: Otros gastos (Otros ingresos) | C49: =+PRESUPUESTO!K48 -> 0 | D49: 0 | E49: 0 | F49: =C49+D49-E49 -> 0 | G49: ='MES 6'!I50 -> 0 | H49: 0 | I49: =G49+H49 -> 0 | J49: =(I49/F49) -> #DIV/0! | L49: 0 | M49: 0 | N49: =(F49-I49) -> 0
A50: SUBTOTAL | C50: =SUM(C37:C49) -> 72000000 | D50: =SUM(D37:D49) -> 0 | E50: =SUM(E37:E49) -> 0 | F50: =SUM(F37:F49) -> 72000000 | G50: =SUM(G37:G49) -> 40418759 | H50: =SUM(H37:H49) -> 0 | I50: =SUM(I37:I49) -> 40418759 | J50: =(I50/F50) -> 0.56137165 | L50: =SUM(L37:L49) -> 0 | M50: =SUM(M37:M49) -> 0 | N50: =SUM(N37:N49) -> 31581241
A51: 2200 | B51: 2. NIÑOS, NIÑAS Y ADOLECENTES
A52: 2201 | B52: Alimentación | C52: =+PRESUPUESTO!K51 -> 3360000 | D52: 0 | E52: 0 | F52: =C52+D52-E52 -> 3360000 | G52: ='MES 6'!I53 -> 9808814 | H52: 0 | I52: =(G52+H52) -> 9808814 | J52: =(I52/F52) -> 2.9192899 | L52: 0 | M52: 0 | N52: =(F52-I52) -> -6448814
A53: 2202 | B53: Emergencias y botiquín (Medicamentos no incluidos en el POS) | C53: =+PRESUPUESTO!K52 -> 300000 | D53: 0 | E53: 0 | F53: =C53+D53-E53 -> 300000 | G53: ='MES 6'!I54 -> 59000 | H53: 0 | I53: =(G53+H53) -> 59000 | J53: =(I53/F53) -> 0.19666667 | L53: 0 | M53: 0 | N53: =(F53-I53) -> 241000
A54: 2203 | B54: Educación (Dotación escolar, material pedagógico y de aseo escolar) | C54: =+PRESUPUESTO!K53 -> 900000 | D54: 0 | E54: 0 | F54: =C54+D54-E54 -> 900000 | G54: ='MES 6'!I55 -> 2014800 | H54: 0 | I54: =(G54+H54) -> 2014800 | J54: =(I54/F54) -> 2.2386667 | L54: 0 | M54: 0 | N54: =(F54-I54) -> -1114800
A55: 2204 | B55: Dotación personal | C55: =+PRESUPUESTO!K54 -> 0 | D55: 0 | E55: 0 | F55: =C55+D55-E55 -> 0 | G55: ='MES 6'!I56 -> 811000 | H55: 0 | I55: =(G55+H55) -> 811000 | J55: =(I55/F55) -> #DIV/0! | L55: 0 | M55: 0 | N55: =(F55-I55) -> -811000
A56: 2205 | B56: Dotación de aseo e higiene personal | C56: =+PRESUPUESTO!K55 -> 0 | D56: 0 | E56: 0 | F56: =C56+D56-E56 -> 0 | G56: ='MES 6'!I57 -> 451400 | H56: 0 | I56: =(G56+H56) -> 451400 | J56: =(I56/F56) -> #DIV/0! | L56: 0 | M56: 0 | N56: =(F56-I56) -> -451400
A57: 2206 | B57: Recreación | C57: =+PRESUPUESTO!K56 -> 600000 | D57: 0 | E57: 0 | F57: =C57+D57-E57 -> 600000 | G57: ='MES 6'!I58 -> 395500 | H57: 0 | I57: =(G57+H57) -> 395500 | J57: =(I57/F57) -> 0.65916667 | L57: 0 | M57: 0 | N57: =(F57-I57) -> 204500
A58: 2207 | B58: Dotación lúdico deportiva (por reposición) | C58: =+PRESUPUESTO!K57 -> 720000 | D58: 0 | E58: 0 | F58: =C58+D58-E58 -> 720000 | G58: ='MES 6'!I59 -> 0 | H58: 0 | I58: =(G58+H58) -> 0 | J58: =(I58/F58) -> 0 | L58: 0 | M58: 0 | N58: =(F58-I58) -> 720000
A59: 2208 | B59: Transporte para niños, niñas y adolescentes | C59: =+PRESUPUESTO!K58 -> 1650000 | D59: 0 | E59: 0 | F59: =C59+D59-E59 -> 1650000 | G59: ='MES 6'!I60 -> 1228000 | H59: 0 | I59: =(G59+H59) -> 1228000 | J59: =(I59/F59) -> 0.74424242 | L59: 0 | M59: 0 | N59: =(F59-I59) -> 422000
A60: 2209 | B60: Centros de Interés - Artes (Solo SRPA) | C60: =+PRESUPUESTO!K59 -> 0 | D60: 0 | E60: 0 | F60: =C60+D60-E60 -> 0 | G60: ='MES 6'!I61 -> 0 | H60: 0 | I60: =(G60+H60) -> 0 | J60: =(I60/F60) -> #DIV/0! | L60: 0 | M60: 0 | N60: =(F60-I60) -> 0
A61: 2210 | B61: Acciones complementarias para la gestión en el restablecimiento de derechos y/o administración de justicia (Subproyecto 112) | C61: =+PRESUPUESTO!K60 -> 0 | D61: 0 | E61: 0 | F61: =C61+D61-E61 -> 0 | G61: ='MES 6'!I62 -> 0 | H61: 0 | I61: =(G61+H61) -> 0 | J61: =(I61/F61) -> #DIV/0! | L61: 0 | M61: 0 | N61: =(F61-I61) -> 0
A62: 2211 | B62: Orientación para la vida personal, social, profesional y vocacional (Subproyecto 111) | C62: =+PRESUPUESTO!K61 -> 0 | D62: 0 | E62: 0 | F62: =C62+D62-E62 -> 0 | G62: ='MES 6'!I63 -> 0 | H62: 0 | I62: =(G62+H62) -> 0 | J62: =(I62/F62) -> #DIV/0! | L62: 0 | M62: 0 | N62: =(F62-I62) -> 0
A63: 2212 | B63: Dotación básica (Aplica por reposición o adición al contrato) | C63: =+PRESUPUESTO!K62 -> 0 | D63: 0 | E63: 0 | F63: =C63+D63-E63 -> 0 | G63: ='MES 6'!I64 -> 0 | H63: 0 | I63: =(G63+H63) -> 0 | J63: =(I63/F63) -> #DIV/0! | L63: 0 | M63: 0 | N63: =(F63-I63) -> 0
... A66: 2215 | B66: Otros gastos (Otros ingresos) | C66: =+PRESUPUESTO!K65 -> 0 | D66: 0 | E66: 0 | F66: =C66+D66-E66 -> 0 | G66: ='MES 6'!I67 -> 0 | H66: 0 | I66: =(G66+H66) -> 0 | J66: =(I66/F66) -> #DIV/0! | L66: 0 | M66: 0 | N66: =(F66-I66) -> 0
A67: SUBTOTAL | C67: =SUM(C52:C66) -> 7530000 | D67: =SUM(D52:D66) -> 0 | E67: =SUM(E52:E66) -> 0 | F67: =SUM(F52:F66) -> 7530000 | G67: =SUM(G52:G66) -> 14768514 | H67: =SUM(H52:H66) -> 0 | I67: =SUM(I52:I66) -> 14768514 | J67: =(I67/F67) -> 1.96129 | L67: =SUM(L52:L66) -> 0 | M67: =SUM(M52:M66) -> 0 | N67: =SUM(N52:N66) -> -7238514
A68: CODIGO | B68: EJECUCION DE GASTOS | C68: 1 | D68: 2 | E68: 3 | F68: 4=(1+2)-3 | G68: 5 | H68: 6 | I68: 7=(5+6) | J68: 8=(7/4) | L68: 9 | N68: 10=(4-7)
A69: 2000 | B69: OBJETO DEL GASTO | C69: =C34 -> Presupuesto inicial del periodo a ejecutar | D69: Adición | E69: Disminución | F69: =F34 -> Presupuesto al final del periodo ejecutado | G69: =G34 -> Gastos acumulados al mes 6 | H69: =H34 -> Gastos - mes 7 | I69: =I34 -> Valor total ejecutado al final de periodo | J69: % aportes ejecutados | L69: Ejecucion de Gastos | N69: =N34 -> Total saldo por ejecutar
L70: Gastos Pagados | M70: Cuentas por Pagar
A71: 2300 | B71: 3. GASTOS GENERALES Y ADMINISTRATIVOS
A72: 2301 | B72: Servicios públicos | C72: =+PRESUPUESTO!K68 -> 3000000 | D72: 0 | E72: 0 | F72: =C72+D72-E72 -> 3000000 | G72: ='MES 6'!I73 -> 711600 | H72: 0 | I72: =(G72+H72) -> 711600 | J72: =(I72/F72) -> 0.2372 | L72: 0 | M72: 0 | N72: =(F72-I72) -> 2288400
A73: 2302 | B73: Mantenimiento y reparaciones instalaciones locativas | C73: =+PRESUPUESTO!K69 -> 300000 | D73: 0 | E73: 0 | F73: =C73+D73-E73 -> 300000 | G73: ='MES 6'!I74 -> 250000 | H73: 0 | I73: =(G73+H73) -> 250000 | J73: =(I73/F73) -> 0.83333333 | L73: 0 | M73: 0 | N73: =(F73-I73) -> 50000
A74: 2303 | B74: Utilización de instalaciones en ambientes sanos y adecuados | C74: =+PRESUPUESTO!K70 -> 21000000 | D74: 0 | E74: 0 | F74: =C74+D74-E74 -> 21000000 | G74: ='MES 6'!I75 -> 3500000 | H74: 0 | I74: =(G74+H74) -> 3500000 | J74: =(I74/F74) -> 0.16666667 | L74: 0 | M74: 0 | N74: =(F74-I74) -> 17500000
A75: 2304 | B75: Reparación y mantenimiento de dotación institucional | C75: =+PRESUPUESTO!K71 -> 780000 | D75: 0 | E75: 0 | F75: =C75+D75-E75 -> 780000 | G75: ='MES 6'!I76 -> 0 | H75: 0 | I75: =(G75+H75) -> 0 | J75: =(I75/F75) -> 0 | L75: 0 | M75: 0 | N75: =(F75-I75) -> 780000
A76: 2305 | B76: Papelería | C76: =+PRESUPUESTO!K72 -> 960000 | D76: 0 | E76: 0 | F76: =C76+D76-E76 -> 960000 | G76: ='MES 6'!I77 -> 433500 | H76: 0 | I76: =(G76+H76) -> 433500 | J76: =(I76/F76) -> 0.4515625 | L76: 0 | M76: 0 | N76: =(F76-I76) -> 526500
A77: 2306 | B77: Aseo | C77: =+PRESUPUESTO!K73 -> 900000 | D77: 0 | E77: 0 | F77: =C77+D77-E77 -> 900000 | G77: ='MES 6'!I78 -> 260500 | H77: 0 | I77: =(G77+H77) -> 260500 | J77: =(I77/F77) -> 0.28944444 | L77: 0 | M77: 0 | N77: =(F77-I77) -> 639500
A78: 2307 | B78: Transporte personal institución para visitas domiciliarias a los hogares y/o traslado de niños, niñas y adolescentes | C78: =+PRESUPUESTO!K74 -> 1470000 | D78: 0 | E78: 0 | F78: =C78+D78-E78 -> 1470000 | G78: ='MES 6'!I79 -> 1020000 | H78: 0 | I78: =(G78+H78) -> 1020000 | J78: =(I78/F78) -> 0.69387755 | L78: 0 | M78: 0 | N78: =(F78-I78) -> 450000
A79: 2308 | B79: Gravamen a los movimientos financieros (4 por mil) | C79: =+PRESUPUESTO!K75 -> 463290 | D79: 0 | E79: 0 | F79: =C79+D79-E79 -> 463290 | G79: ='MES 6'!I80 -> 0 | H79: 0 | I79: =(G79+H79) -> 0 | J79: =(I79/F79) -> 0 | L79: 0 | M79: 0 | N79: =(F79-I79) -> 463290
A80: 2309 | B80: Gastos bancarios (comisiones, transferencias y chequeras) | C80: =+PRESUPUESTO!K76 -> 820470 | D80: 0 | E80: 0 | F80: =C80+D80-E80 -> 820470 | G80: ='MES 6'!I81 -> 239226 | H80: 0 | I80: =(G80+H80) -> 239226 | J80: =(I80/F80) -> 0.2915719 | L80: 0 | M80: 0 | N80: =(F80-I80) -> 581244
A81: 2310 | B81: Servicio de contabilidad | C81: =+PRESUPUESTO!K77 -> 6600000 | D81: 0 | E81: 0 | F81: =C81+D81-E81 -> 6600000 | G81: ='MES 6'!I82 -> 2200000 | H81: 0 | I81: =(G81+H81) -> 2200000 | J81: =(I81/F81) -> 0.33333333 | L81: 0 | M81: 0 | N81: =(F81-I81) -> 4400000
A82: 2311 | B82: Otros (lo que se requiera para el adecuado desarrollo de la modalidad) | C82: =+PRESUPUESTO!K78 -> 0 | D82: 0 | E82: 0 | F82: =C82+D82-E82 -> 0 | G82: ='MES 6'!I83 -> 1621096 | H82: 0 | I82: =(G82+H82) -> 1621096 | J82: =(I82/F82) -> #DIV/0! | L82: 0 | M82: 0 | N82: =(F82-I82) -> -1621096
A83: 2312 | B83: Otros gastos (Otros ingresos) | C83: =+PRESUPUESTO!K79 -> 0 | D83: 0 | E83: 0 | F83: =C83+D83-E83 -> 0 | G83: ='MES 6'!I84 -> 0 | H83: 0 | I83: =(G83+H83) -> 0 | J83: =(I83/F83) -> #DIV/0! | L83: 0 | M83: 0 | N83: =(F83-I83) -> 0
A84: SUBTOTAL | C84: =SUM(C72:C83) -> 36293760 | D84: =SUM(D72:D83) -> 0 | E84: =SUM(E72:E83) -> 0 | F84: =SUM(F72:F83) -> 36293760 | G84: =SUM(G72:G83) -> 10235922 | H84: =SUM(H72:H83) -> 0 | I84: =SUM(I72:I83) -> 10235922 | J84: =(I84/F84) -> 0.2820298 | L84: =SUM(L72:L83) -> 0 | M84: =SUM(M72:M83) -> 0 | N84: =SUM(N72:N83) -> 26057838
A85: TOTAL GASTOS ( 1+2+3+4+5) | C85: =C84+C67+C50 -> 115823760 | D85: =D84+D67+D50 -> 0 | E85: =E84+E67+E50 -> 0 | F85: =F84+F67+F50 -> 115823760 | G85: =G84+G67+G50 -> 65423195 | H85: =H84+H67+H50 -> 0 | I85: =I84+I67+I50 -> 65423195 | J85: =(I85/F85) -> 0.56485124 | L85: =L84+L67+L50 -> 0 | M85: =M84+M67+M50 -> 0 | N85: =N84+N67+N50 -> 50400565
B86: Nombres y apellidos del representante legal | D86: Nombres y apellidos del Tesorero o Contador | H86: Nombres y apellidos del revisor fiscal (2)
B89: Firma | D89: Firma | H89: Firma
A91: (1) NOTA - En ningún caso el informe de seguimiento financiero podra presentarse con saldos negativos en la columna (10) Total Saldos por ejecutar. | D91: Total Ingresos en el mes | F91: =H22 -> 48259900 | G91: Ingresos Acumulados | J91: =+F91+'MES 6'!J92 -> 2.7878296e+08
D92: Total Egresos en el mes | F92: =H85 -> 0 | G92: Egresos Acumulados | J92: =+F92+'MES 6'!J93 -> 65423195
A93: (2) NOTA - Revisor Fiscal: Si está obligado legalmente a tener revisor fiscal. | D93: Saldo del mes | F93: =+F91-F92 -> 48259900 | G93: Saldo acumulado | J93: =J91-J92 -> 2.1335977e+08
A94: (3) NOTA - El siguiente cuadro debe ser diligenciado de acuerdo con lo establecido en la cláusula contractual forma de desembolso y en cualquier modificación contractual relacionada con alistamiento, memorandos, lineamientos, manuales y/o documentos que hagan parte integral del macroproceso de Protección.
A95: (4) NOTA: Saldo a Reintegrar por alistamiento: El reintegro por alistamiento se presenta de la siguiente forma: 1). Cuando el contrato abarca dos (2) vigencias se debe: a) Tomar el valor del alistamiento de la primer vigencia y restar el valor de la atención de cupos del último período o mes de esa vigencia, el saldo que resulte debe ser reintegrado. b) Tomar el (los) alistamiento (s) de la vigencia actual y restarle el valor de la atención de cupos del último período contractual; el saldo que resulte debe ser reintegrado según lo establecido en la minuta contractual. 2). Cuando el contrato es en una sola vigencia. Se toma el valor del (los) alistamiento (s) y se resta el valor de la atención de cupos del último período contractual. El saldo debe ser reintegrado de acuerdo con lo establecido en la minuta contractual. | M95: Cantidad | N95: Modalidad
D96: Valor alistamientos | F96: =C8 -> 19303960 | H96: MODIFICACIONES CONTRACTUALES | K96: Cupos adicionados | M96: 0 | N96: 0
D97: Menos (-) Valor de la atención del periodo o mes objeto de reintegro | F97: =H22 -> 48259900 | G97: Valor Alistamiento por adición Cupos | I97: 0 | K97: Cupos adicionados | M97: 0 | N97: 0
D98: Saldo a Reintegrar Alistamiento | F98: =F96-F97 -> -28955940 | G98: Valor Alistamiento por reducción de cupos a reintegrar | I98: 0 | K98: Cupos adicionados | M98: 0 | N98: 0
K99: Cupos reducidos | M99: 0 | N99: 0
A100: (5) NOTA - En el mes que realicen modificación contractual, en lo relacionado con adiciones o disminuciones de cupos; se debe hacer la operación matémática de forma manual en la columna (L) filas del 5 a la 9 según modalidad. | K100: Cupos reducidos | M100: 0 | N100: 0
A103: SEGUIMIENTO A LAS ADICIONES
A105: OBJETO DEL RECURSO | C105: INGRESOS | G105: ACUMULADO | H105: GASTOS | N105: SALDO
C106: Reinversion | D106: Adición | E106: Disminución | F106: Recurso l final del periodo ejecutado | G106: Valor acumulado | H106: Gastos - mes 7 | I106: Valor total egresos | J106: % Aportes recibidos | L106: Ejecucion de Gastos | N106: Por ejecutar
L107: Gastos Pagados | M107: Cuentas por Pagar
A108: REGISTRO DE ADICIONES
B109: Total | C109: =SUM(C110:C112) -> 0 | D109: =SUM(D110:D112) -> 0 | E109: =SUM(E110:E112) -> 0 | F109: =C109+D109-E109 -> 0 | G109: =SUM(G110:G112) -> 0 | H109: =SUM(H110:H112) -> 0 | I109: =G109+H109 -> 0 | J109: =(I109/F109) -> #DIV/0! | L109: =SUM(L110:L112) -> 0 | M109: =SUM(M110:M112) -> 0 | N109: =F109-I109 -> 0
A110: 1 | B110: Obsequio Cumpleaños | C110: 0 | D110: 0 | E110: 0 | F110: =C110+D110-E110 -> 0 | G110: 0 | H110: 0 | I110: =G110+H110 -> 0 | J110: =(I110/F110) -> #DIV/0! | L110: 0 | M110: 0 | N110: =(F110-I110) -> 0
A111: 2 | B111: Obsequio Celebración Decembrina | C111: 0 | D111: 0 | E111: 0 | F111: =C111+D111-E111 -> 0 | G111: 0 | H111: 0 | I111: =G111+H111 -> 0 | J111: =(I111/F111) -> #DIV/0! | L111: 0 | M111: 0 | N111: =(F111-I111) -> 0
A112: 3 | B112: Cena Navideña | C112: 0 | D112: 0 | E112: 0 | F112: =C112+D112-E112 -> 0 | G112: 0 | H112: 0 | I112: =G112+H112 -> 0 | J112: =(I112/F112) -> #DIV/0! | L112: 0 | M112: 0 | N112: =(F112-I112) -> 0
A115: Nombres y apellidos del representante legal | D115: Nombres y apellidos del Tesorero o Contador | H115: Nombres y apellidos del revisor fiscal
A118: Firma | D118: Firma | H118: Firma

Sheet MES 8
A1: DEFINICIÓN DE LOS RUBROS CONTENIDOS EN EL PRESUPUESTO-HOJA DE SEGUIMIENTO
B2: Regional | C2: =PRESUPUESTO!C2 -> CUNDINAMARCA | E2: Informe correspondiente al período: | G2: Modalidades: | I2: Cupos contratados | J2: Cupos Ejecutados | L2: Cupos Inejecutados | M2: Valor total pagado por modalidad
B3: Centro Zonal | C3: =PRESUPUESTO!C3 -> CUNDINAMARCA | G3: =PRESUPUESTO!$B$15 -> (1) INTERVENCION APOYO PSICOLOGICO | I3: =PRESUPUESTO!J15 -> 40 | J3: 100 | L3: =I3-J3 -> -60 | M3: =(J3*PRESUPUESTO!B11)+(L3*(PRESUPUESTO!B11*PRESUPUESTO!B13)) -> 48259900
B4: Municipio | C4: =PRESUPUESTO!C4 -> CHIA | E4: Fecha de elaboración (dd/mm/aa): | G4: =PRESUPUESTO!$B$16 -> (2) | I4: =PRESUPUESTO!J16 -> 0 | J4: 0 | L4: =I4-J4 -> 0 | M4: =(J4*PRESUPUESTO!C11)+(L4*(PRESUPUESTO!C11*PRESUPUESTO!C13)) -> 0
B5: Entidad contratista | C5: =PRESUPUESTO!I2 -> FUNDACION SAN NICOLAS | G5: =PRESUPUESTO!$B$17 -> (3) | I5: =PRESUPUESTO!J17 -> 0 | J5: 0 | L5: =I5-J5 -> 0 | M5: =(J5*PRESUPUESTO!D11)+(L5*(PRESUPUESTO!D11*PRESUPUESTO!D13)) -> 0
B6: NIT | C6: =PRESUPUESTO!I3 -> 901.604.401-1 | E6: Fecha de presentación (dd/mm/aa): | G6: =PRESUPUESTO!$B$18 -> (4) | I6: =PRESUPUESTO!J18 -> 0 | J6: 0 | L6: =I6-J6 -> 0 | M6: =(J6*PRESUPUESTO!E11)+(L6*(PRESUPUESTO!E11*PRESUPUESTO!E13)) -> 0
B7: Contrato No. | C7: =PRESUPUESTO!I4 -> 25004852025 | G7: =PRESUPUESTO!B19 -> (5) | I7: =PRESUPUESTO!J19 -> 0 | J7: 0 | L7: =I7-J7 -> 0 | M7: =(J7*PRESUPUESTO!F11)+(L7*(PRESUPUESTO!F11*PRESUPUESTO!F13)) -> 0
B8: Valor del alistamiento | C8: =PRESUPUESTO!M7+PRESUPUESTO!M11 -> 19303960 | E8: Vigencia desembolso Alistamiento | G8: =PRESUPUESTO!B20 -> (6) | I8: =PRESUPUESTO!J20 -> 0 | J8: 0 | L8: =I8-J8 -> 0 | M8: =(J8*PRESUPUESTO!G11)+(L8*(PRESUPUESTO!G11*PRESUPUESTO!G13)) -> 0
B9: Fecha desembolso alistamiento | G9: VALOR EJECUCIÓN MES ACTUAL | I9: =SUM(I3:I8) -> 40 | J9: =SUM(J3:K8) -> 100 | L9: =SUM(L3:L8) -> -60 | M9: =SUM(M3:N8) -> 48259900
G10: ADICION | I10: 0 | J10: TOTAL DESEMBOLSO | M10: =+M9+I10 -> 48259900
A11: CODIGO | B11: EJECUCION DE INGRESOS | C11: 1 | D11: 2 | E11: 3 | F11: 4=(1+2)-3 | G11: 5 | H11: -6 | I11: 7=(5+6) | J11: 8=(7/4) | L11: 9 | N11: 10=(4-7)
A12: 1 | B12: OBJETO DEL INGRESO | C12: Presupuesto inicial del periodo a ejecutar | D12: Adición | E12: Disminución | F12: Presupuesto al final del periodo ejecutado | G12: Valor ingresos acumulados al mes 7 | H12: Ingresos - mes 8 | I12: Valor total ingresos al final de periodo ejecutado | J12: % Aportes recibidos | L12: Ejecucion de Gastos | N12: Total saldo por ingresar
L13: Ingresos Pagados | M13: Cuentas por Cobrar
A14: 1100 | B14: Aportes ICBF | C14: =+'MES 7'!F14 -> 115823760 | D14: 0 | E14: 0 | F14: =C14+D14-E14 -> 115823760 | G14: ='MES 7'!I14 -> 2.7878296e+08 | H14: =M9 -> 48259900 | I14: =G14+H14 -> 3.2704286e+08 | J14: =(I14/F14) -> 2.823625 | L14: 0 | M14: 0 | N14: =F14-I14 -> -2.112191e+08
A15: 1200 | B15: Acciones complementarias para la gestión en el restablecimiento de derechos y/o administración de justicia (112) | C15: =+PRESUPUESTO!K25 -> 0 | D15: 0 | E15: 0 | F15: =C15+D15-E15 -> 0 | G15: ='MES 7'!I15 -> 0 | H15: 0 | I15: =G15+H15 -> 0 | J15: =(I15/F15) -> #DIV/0! | L15: 0 | M15: 0 | N15: =F15-I15 -> 0
A16: 1300 | B16: Orientación para la vida personal, social, profesional y vocacional (Subproyecto 111) | C16: =+PRESUPUESTO!K26 -> 0 | D16: 0 | E16: 0 | F16: =C16+D16-E16 -> 0 | G16: ='MES 7'!I16 -> 0 | H16: 0 | I16: =G16+H16 -> 0 | J16: =(I16/F16) -> #DIV/0! | L16: 0 | M16: 0 | N16: =F16-I16 -> 0
A17: 1400 | B17: Dotación de unidades aplicativas (Centro costos 114) | C17: =+PRESUPUESTO!K27 -> 0 | D17: 0 | E17: 0 | F17: =C17+D17-E17 -> 0 | G17: ='MES 7'!I17 -> 0 | H17: 0 | I17: =G17+H17 -> 0 | J17: =(I17/F17) -> #DIV/0! | L17: 0 | M17: 0 | N17: =F17-I17 -> 0
A18: 1500 | B18: Donaciones (Cuando aplique) | C18: =+PRESUPUESTO!K28 -> 0 | D18: 0 | E18: 0 | F18: =C18+D18-E18 -> 0 | G18: ='MES 7'!I18 -> 0 | H18: 0 | I18: =G18+H18 -> 0 | J18: =(I18/F18) -> #DIV/0! | L18: 0 | M18: 0 | N18: =F18-I18 -> 0
A19: 1600 | B19: Rendimientos Financieros (Cuando aplique) | C19: =+PRESUPUESTO!K29 -> 0 | D19: 0 | E19: 0 | F19: =C19+D19-E19 -> 0 | G19: ='MES 7'!I19 -> 0 | H19: 0 | I19: =G19+H19 -> 0 | J19: =(I19/F19) -> #DIV/0! | L19: 0 | M19: 0 | N19: =F19-I19 -> 0
A20: 1700 | B20: Aportes de la institución (Cuando aplique) | C20: =+PRESUPUESTO!K30 -> 0 | D20: 0 | E20: 0 | F20: =C20+D20-E20 -> 0 | G20: ='MES 7'!I20 -> 0 | H20: 0 | I20: =G20+H20 -> 0 | J20: =(I20/F20) -> #DIV/0! | L20: 0 | M20: 0 | N20: =F20-I20 -> 0
A21: 1800 | B21: Otros ingresos (Cuando aplique) | C21: =+PRESUPUESTO!K31 -> 0 | D21: 0 | E21: 0 | F21: =C21+D21-E21 -> 0 | G21: ='MES 7'!I21 -> 0 | H21: 0 | I21: =G21+H21 -> 0 | J21: =(I21/F21) -> #DIV/0! | L21: 0 | M21: 0 | N21: =F21-I21 -> 0
A22: TOTAL INGRESOS | C22: =SUM(C14:C21) -> 115823760 | D22: =SUM(D14:D21) -> 0 | E22: =SUM(E14:E21) -> 0 | F22: =SUM(F14:F21) -> 115823760 | G22: =SUM(G14:G21) -> 2.7878296e+08 | H22: =SUM(H14:H21) -> 48259900 | I22: =SUM(I14:I21) -> 3.2704286e+08 | J22: =(I22/F22) -> 2.823625 | L22: =SUM(L14:L21) -> 0 | M22: =SUM(M14:M21) -> 0 | N22: =SUM(N14:N21) -> -2.112191e+08
